Workbook
Name \0: #REF!
Name \0: #REF!
Name \0: #REF!
Name \0: #REF!
Name \a: #REF!
Name \a: #REF!
Name \a: #REF!
Name \b: #N/A
Name \c: #REF!
Name \c: #REF!
Name \c: #REF!
Name \d: #REF!
Name \d: #REF!
Name \e: #N/A
Name \f: #REF!
Name \f: #REF!
Name \f: #REF!
Name \g: #N/A
Name \h: #N/A
Name \i: #REF!
Name \i: #REF!
Name \i: #REF!
Name \j: #N/A
Name \m: #N/A
Name \p: #REF!
Name \p: #REF!
Name \p: #REF!
Name \q: #N/A
Name \r: #REF!
Name \r: #REF!
Name \r: #REF!
Name \s: #N/A
Name \t: #N/A
Name \u: #N/A
Name \v: #N/A
Name \w: #N/A
Name \x: #REF!
Name \x: #REF!
Name \x: #REF!
Name \x: #REF!
Name \x: #REF!
Name \x: #REF!
Name \z: #REF!
Name \z: #REF!
Name \z: #REF!
Name \z: #REF!
Name \z: #REF!
Name _: #REF!
Name _______________________pv3: #REF!
Name ______________________Ele200502: #REF!
Name ______________________pv3: #REF!
Name ______________________Ser200705: #REF!
Name ______________________Ser200712: #REF!
Name ______________________Ser201104: #REF!
Name ______________________TR2: #REF!
Name ______________________TR5: #REF!
Name _____________________Ele200502: #REF!
Name _____________________Ele200609: #REF!
Name _____________________pv2: #REF!
Name _____________________pv3: #REF!

Sheet RESUMO
B1: Obra | C1: Bancos | D1: B.D.I. | G1: Encargos Sociais
B2: REFORMA E AMPLIAÇÃO MERCADO MUNICIPAL MUNICÍPIO DE SERRO - MG | C2: SINAPI - 07/2025 - Minas Gerais SETOP/SICOR - 04/2025 - Minas Gerais SBC - 08/2025 - Minas Gerais ORSE - 06/2025 - Sergipe EMBASA - 01/2025 - Bahia CPOS - 02/2025 - São Paulo GOINFRA - 12/2024 - Goiás | D2: SERVIÇO: | E2: ='BDI SERVIÇOS'!$Z$21 -> 0.2223 | G2: Sem Desoneração
D3: EQUIPAMENTOS: | E3: ='BDI EQUIPAMENTOS'!$K$36 -> 0.1623 | G3: Horista: | H3: ='Encargos Sociais'!$G$48 -> 1.1679
G4: Mensalista: | H4: ='Encargos Sociais'!$H$48 -> 0.7393
A10: Planilha Orçamentária
A12: Item | B12: Descrição | H12: Total | I12: Peso(%)
A13: 1 | B13: =SINTÉTICA!D13 -> ADMINISTRAÇÃO | H13: =SINTÉTICA!K13 -> 1010425.5 | I13: =H13/$H$37 -> 0.24121908
A14: 2 | B14: =SINTÉTICA!D24 -> SERVIÇOS PRELIMINARES | H14: =SINTÉTICA!K24 -> 116753.91 | I14: =H14/$H$37 -> 0.027872684
A15: 3 | B15: =SINTÉTICA!D35 -> DRENAGEM E PAVIMENTAÇÃO DA TRAVESSA MAGALHÃES | H15: =SINTÉTICA!K35 -> 1466672.2 | I15: =SINTÉTICA!L35 -> 0.35013894
A16: 4 | B16: =SINTÉTICA!D79 -> ESTRUTURAL | H16: =SINTÉTICA!K79 -> 482875.66 | I16: =H16/$H$37 -> 0.115277
A17: 5 | B17: =SINTÉTICA!D180 -> DEMOLIÇÕES E REMOÇOES | H17: =SINTÉTICA!K180 -> 25587.602 | I17: =H17/$H$37 -> 0.006108533
A18: 6 | B18: =SINTÉTICA!D208 -> ALVENARIA | H18: =SINTÉTICA!K208 -> 29753.583 | I18: =SINTÉTICA!L208 -> 0.0071030785
A19: 7 | B19: =SINTÉTICA!D214 -> HIDROSSANITÁRIO | H19: =SINTÉTICA!K214 -> 52004.3 | I19: =H19/$H$37 -> 0.012414996
A20: 8 | B20: =SINTÉTICA!D266 -> INSTALAÇÇÕES ELÉTRICAS | H20: =SINTÉTICA!K266 -> 95241.099 | I20: =SINTÉTICA!L266 -> 0.022736926
A21: 9 | B21: =SINTÉTICA!D295 -> REVESTIMENTO DE PISOS | H21: =SINTÉTICA!K295 -> 227403.23 | I21: =H21/$H$37 -> 0.054288016
A22: 10 | B22: =SINTÉTICA!D316 -> REVESTIMENTO DE PAREDES | H22: =SINTÉTICA!K316 -> 113352.48 | I22: =SINTÉTICA!L316 -> 0.02706066
A23: 11 | B23: =SINTÉTICA!D321 -> ESQUADRIAS | H23: =SINTÉTICA!K321 -> 149427.64 | I23: =SINTÉTICA!L321 -> 0.035672889
A24: 12 | B24: =SINTÉTICA!D334 -> FORRO EM GESSO ACARTONADO | H24: =SINTÉTICA!K334 -> 42027.661 | I24: =SINTÉTICA!L334 -> 0.010033271
A25: 13 | B25: =SINTÉTICA!D337 -> PEDRAS - BANCADAS, SOLEIRAS, DIVISÓRIAS E PRATELEIRAS | H25: =SINTÉTICA!K337 -> 53188.874 | I25: =SINTÉTICA!L337 -> 0.01269779
A26: 14 | B26: =SINTÉTICA!D345 -> PINTURA TETO | H26: =SINTÉTICA!K345 -> 31908.818 | I26: =SINTÉTICA!L345 -> 0.0076175982
A27: 15 | B27: =SINTÉTICA!D349 -> PINTURA PAREDES EXTERNAS E INTERNAS | H27: =SINTÉTICA!K349 -> 61016.991 | I27: =SINTÉTICA!L349 -> 0.014566598
A28: 16 | B28: =SINTÉTICA!D353 -> CORRIMÃO | H28: =SINTÉTICA!K353 -> 20733.609 | I28: =SINTÉTICA!L353 -> 0.0049497385
A29: 17 | B29: =SINTÉTICA!D355 -> GUARDA CORPO | H29: =SINTÉTICA!K355 -> 15948.209 | I29: =SINTÉTICA!L355 -> 0.0038073189
A30: 18 | B30: =SINTÉTICA!D357 -> PLATAFORMA ELEVATÓRIA | H30: =SINTÉTICA!K357 -> 63555.933 | I30: =SINTÉTICA!L357 -> 0.01517272
A31: 19 | B31: =SINTÉTICA!D359 -> DIVERSOS | H31: =SINTÉTICA!K359 -> 24608.374 | I31: =SINTÉTICA!L359 -> 0.0058747618
A32: 20 | B32: =SINTÉTICA!D363 -> PAISAGISMO | H32: =SINTÉTICA!K363 -> 10421.096 | I32: =SINTÉTICA!L363 -> 0.0024878301
A33: 21 | B33: =SINTÉTICA!D368 -> LIMPEZA DURANTE E FINAL DA OBRA | H33: =SINTÉTICA!K368 -> 95922.395 | I33: =H33/$H$37 -> 0.022899572
B35: Data de atualização em 23 de setembro de 2025. | G35: Valor sem BDI: | H35: =SINTÉTICA!K373 -> 3427813.3 | I35: =H35/H37 -> 0.81832252
G36: BDI: | H36: =SINTÉTICA!K374 -> 761015.93 | I36: =H36/H37 -> 0.18167748
G37: Total: | H37: =SUM(H13:H33) -> 4188829.2 | I37: =SUM(I5:I33) -> 1 | J37: =H37-SINTÉTICA!K375 -> 4.1909516e-09
B40: ______________________________________________
B41: Deivid Santos Coelho
B42: Engenheiro Civil
B43: CREA-MG: 232245/D

Sheet SINTÉTICA
B1: Obra | E1: Bancos | H1: B.D.I. | K1: Encargos Sociais
B2: REFORMA E AMPLIAÇÃO MERCADO MUNICIPAL MUNICÍPIO DE SERRO - MG | E2: SINAPI - 07/2025 - Minas Gerais SETOP/SICOR - 04/2025 - Minas Gerais SBC - 08/2025 - Minas Gerais ORSE - 06/2025 - Sergipe EMBASA - 01/2025 - Bahia CPOS - 02/2025 - São Paulo GOINFRA - 12/2024 - Goiás | H2: SERVIÇO: | I2: ='BDI SERVIÇOS'!$Z$21 -> 0.2223 | K2: Sem Desoneração
H3: EQUIPAMENTOS: | I3: ='BDI EQUIPAMENTOS'!$K$36 -> 0.1623 | K3: Horista: | L3: ='Encargos Sociais'!$G$48 -> 1.1679
K4: Mensalista: | L4: ='Encargos Sociais'!$H$48 -> 0.7393
A10: Planilha Orçamentária
A12: Item | B12: Código | C12: Banco | D12: Descrição | E12: Und | F12: Quant. | G12: Valor Unit | H12: Valor Total sem BDI | I12: Valor Unit com BDI | J12: Valor Total com BDI | K12: Total | L12: Peso (%)
A13: 1 | D13: ADMINISTRAÇÃO | K13: =SUM(K14:K23) -> 1010425.5 | L13: =K13/$K$375 -> 0.24121908
A14: 1.1 | D14: ADMINISTRAÇÃO LOCAL | K14: =SUM(J15:J15) -> 913997.33 | L14: =K14/$K$375 -> 0.21819876
A15: 1.1.1 | B15: COMP.ADM.01 | C15: PRORÍO | D15: ADMINISTRAÇÃO LOCAL DA OBRA | E15: Un. | F15: 1 | G15: 747768.41 | H15: =IF($G15="SEM",0,F15*G15) -> 747768.41 | I15: =IF($G15="SEM",0,G15*(1+'BDI SERVIÇOS'!$Z$21)) -> 913997.33 | J15: =F15*I15 -> 913997.33
A16: 1.2 | D16: SERVIÇO TÉCNICO DE PROJETOS | K16: =SUM(J17:J23) -> 96428.214 | L16: =K16/$K$375 -> 0.023020326
A17: 1.2.1 | B17: CO-27431 | C17: SETOP | D17: PROJETO EXECUTIVO DE INSTALAÇÕES ELÉTRICAS | E17: PR A1 | F17: 5 | G17: 1779.78 | H17: =IF($G17="SEM",0,F17*G17) -> 8898.9 | I17: =IF($G17="SEM",0,G17*(1+'BDI SERVIÇOS'!$Z$21)) -> 2175.4251 | J17: =F17*I17 -> 10877.125
A18: 1.2.2 | B18: CO-27430 | C18: SETOP | D18: PROJETO EXECUTIVO DE INSTALAÇÕES HIDROSSANITÁRIAS | E18: PR A1 | F18: 6 | G18: 1702.56 | H18: =IF($G18="SEM",0,F18*G18) -> 10215.36 | I18: =IF($G18="SEM",0,G18*(1+'BDI SERVIÇOS'!$Z$21)) -> 2081.0391 | J18: =F18*I18 -> 12486.235
A19: 1.2.3 | B19: CO-27427 | C19: SETOP | D19: PROJETO EXECUTIVO DE ESTRUTURA DE CONCRETO | E19: PR A1 | F19: 10 | G19: 1493 | H19: =IF($G19="SEM",0,F19*G19) -> 14930 | I19: =IF($G19="SEM",0,G19*(1+'BDI SERVIÇOS'!$Z$21)) -> 1824.8939 | J19: =F19*I19 -> 18248.939
A20: 1.2.4 | B20: CO-27428 | C20: SETOP | D20: PROJETO EXECUTIVO DE ESTRUTURA METÁLICA | E20: PR A1 | F20: 10 | G20: 2164.38 | H20: =IF($G20="SEM",0,F20*G20) -> 21643.8 | I20: =IF($G20="SEM",0,G20*(1+'BDI SERVIÇOS'!$Z$21)) -> 2645.5217 | J20: =F20*I20 -> 26455.217
A21: 1.2.5 | B21: 4365 | C21: SBC | D21: PROJETO "AS BUILT" DE ARQUITETURA | E21: M2 | F21: 870.32 | G21: 9.66 | H21: =IF($G21="SEM",0,F21*G21) -> 8407.2912 | I21: =IF($G21="SEM",0,G21*(1+'BDI SERVIÇOS'!$Z$21)) -> 11.807418 | J21: =F21*I21 -> 10276.232
A22: 1.2.6 | B22: 141 | C22: SBC | D22: PROJETO "AS BUILT" DE INSTALACOES ELETRICAS | E22: M2 | F22: 870.32 | G22: 9.39 | H22: =IF($G22="SEM",0,F22*G22) -> 8172.3048 | I22: =IF($G22="SEM",0,G22*(1+'BDI SERVIÇOS'!$Z$21)) -> 11.477397 | J22: =F22*I22 -> 9989.0082
A23: 1.2.7 | B23: 64 | C23: SBC | D23: PROJETO "AS BUILT" DE INSTALACOES HIDRAULICAS | E23: M2 | F23: 870.32 | G23: 7.61 | H23: =IF($G23="SEM",0,F23*G23) -> 6623.1352 | I23: =IF($G23="SEM",0,G23*(1+'BDI SERVIÇOS'!$Z$21)) -> 9.301703 | J23: =F23*I23 -> 8095.4582
A24: 2 | D24: SERVIÇOS PRELIMINARES | K24: =SUM(J25:J34) -> 116753.91 | L24: =K24/$K$375 -> 0.027872684
A25: 2.1 | B25: ED-28429 | C25: SETOP | D25: FORNECIMENTO E COLOCAÇÃO DE PLACA DE OBRA EM CHAPA GALVANIZADA #26, ESP. 0,45MM, DIMENSÃO (6X3)M, PLOTADA COM ADESIVO VINÍLICO, AFIXADA COM REBITES 4,8X40MM, EM ESTRUTURA METÁLICA DE METALON 20X20MM, ESP. 1,25MM, INCLUSIVE SUPORTE EM EUCALIPTO AUTOCLAVADO PINTADO COM TINTA PVA DUAS (2) DEMÃOS | E25: un | F25: 1 | G25: 4624.74 | H25: =IF($G25="SEM",0,F25*G25) -> 4624.74 | I25: =IF($G25="SEM",0,G25*(1+'BDI SERVIÇOS'!$Z$21)) -> 5652.8197 | J25: =F25*I25 -> 5652.8197
A26: 2.2 | B26: ED-50159 | C26: SETOP | D26: TAPUME FIXO DE PROTEÇÃO PARA FECHAMENTO DE OBRA EM CHAPA DE COMPENSADO, ESP. 12MM, COM MÓDULO NA DIMENSÃO DE (110X220)CM, INCLUSIVE PINTURA LÁTEX (PVA) COM DUAS (2) DEMÃOS, EXCLUSIVE ABERTURA PARA PORTÃO | E26: m | F26: 180 | G26: 220.71 | H26: =IF($G26="SEM",0,F26*G26) -> 39727.8 | I26: =IF($G26="SEM",0,G26*(1+'BDI SERVIÇOS'!$Z$21)) -> 269.77383 | J26: =F26*I26 -> 48559.29
A27: 2.3 | B27: ED-50130 | C27: SETOP | D27: BARRACÃO DE OBRA PARA INSTALAÇÃO SANITÁRIA TIPO-I, ÁREA INTERNA 14,52M2, EM CHAPA DE COMPENSADO RESINADO (OBRA DE PEQUENO PORTE, EFETIVO ATÉ 30 HOMENS), PADRÃO DER-MG | E27: un | F27: 1 | G27: 10042.73 | H27: =IF($G27="SEM",0,F27*G27) -> 10042.73 | I27: =IF($G27="SEM",0,G27*(1+'BDI SERVIÇOS'!$Z$21)) -> 12275.229 | J27: =F27*I27 -> 12275.229
A28: 2.4 | B28: ED-50133 | C28: SETOP | D28: BARRACÃO DE OBRA PARA REFEITÓRIO TIPO-I, ÁREA INTERNA 18,15M2, EM CHAPA DE COMPENSADO RESINADO (OBRA DE MÉDIO PORTE, EFETIVO DE 30 A 60 HOMENS), PADRÃO DER-MG | E28: un | F28: 1 | G28: 11403.4 | H28: =IF($G28="SEM",0,F28*G28) -> 11403.4 | I28: =IF($G28="SEM",0,G28*(1+'BDI SERVIÇOS'!$Z$21)) -> 13938.376 | J28: =F28*I28 -> 13938.376
A29: 2.5 | B29: ED-50126 | C29: SETOP | D29: BARRACÃO DE OBRA PARA VESTIÁRIO TIPO-I, ÁREA INTERNA 25,41M2, EM CHAPA DE COMPENSADO RESINADO, INCLUSIVE MOBILIÁRIO (OBRA DE PEQUENO PORTE, EFETIVO ATÉ 30 HOMENS), PADRÃO DER-MG | E29: un | F29: 1 | G29: 16222.98 | H29: =IF($G29="SEM",0,F29*G29) -> 16222.98 | I29: =IF($G29="SEM",0,G29*(1+'BDI SERVIÇOS'!$Z$21)) -> 19829.348 | J29: =F29*I29 -> 19829.348
A30: 2.6 | B30: ED-50150 | C30: SETOP | D30: LIGAÇÃO DE ÁGUA PROVISÓRIA PARA CANTEIRO, INCLUSIVE HIDRÔMETRO E CAVALETE PARA MEDIÇÃO DE ÁGUA - ENTRADA PRINCIPAL, EM AÇO GALVANIZADO DN 20MM (1/2") - PADRÃO CONCESSIONÁRIA | E30: un | F30: 1 | G30: 574.82 | H30: =IF($G30="SEM",0,F30*G30) -> 574.82 | I30: =IF($G30="SEM",0,G30*(1+'BDI SERVIÇOS'!$Z$21)) -> 702.60249 | J30: =F30*I30 -> 702.60249
A31: 2.7 | B31: ED-31745 | C31: SETOP | D31: LIGAÇÃO DE ESGOTO PARA BARRACÃO DE OBRA EM CANTEIRO, EXCLUSIVE FOSSA SÉPTICA | E31: un | F31: 1 | G31: 845.13 | H31: =IF($G31="SEM",0,F31*G31) -> 845.13 | I31: =IF($G31="SEM",0,G31*(1+'BDI SERVIÇOS'!$Z$21)) -> 1033.0024 | J31: =F31*I31 -> 1033.0024
A32: 2.8 | B32: ED-50151 | C32: SETOP | D32: LIGAÇÃO PROVISÓRIA COM ENTRADA DE ENERGIA AÉREA, PADRÃO CEMIG, CARGA INSTALADA DE 15,1KVA ATÉ 30KVA, TRIFÁSICO, COM SAÍDA SUBTERRÂNEA, INCLUSIVE POSTE, CAIXA PARA MEDIDOR, DISJUNTOR, BARRAMENTO, ATERRAMENTO E ACESSÓRIOS | E32: un | F32: 1 | G32: 1069.92 | H32: =IF($G32="SEM",0,F32*G32) -> 1069.92 | I32: =IF($G32="SEM",0,G32*(1+'BDI SERVIÇOS'!$Z$21)) -> 1307.7632 | J32: =F32*I32 -> 1307.7632
A33: 2.9 | B33: 98524 | C33: SINAPI | D33: LIMPEZA MANUAL DE VEGETAÇÃO EM TERRENO COM ENXADA. AF_03/2024 | E33: M2 | F33: 500 | G33: 4.82 | H33: =IF($G33="SEM",0,F33*G33) -> 2410 | I33: =IF($G33="SEM",0,G33*(1+'BDI SERVIÇOS'!$Z$21)) -> 5.891486 | J33: =F33*I33 -> 2945.743
A34: 2.10 | B34: IPHAN.01 | C34: Composição | D34: PAINEL INFORMATIVO PARA AÇÕES DO IPHAN, APLICADO SOBRE TAPUME DE OBRA, 1,80 DE ALTURA E 1,60 DE LARGURA, IMPRESSO EM LONA 440 GRAMAS, INSTALADO EM ESTRUTURA DE TUBO METALON GALVANIZADO 20 X 20 (ESPESSURA COMERCIAL DE 0,9 MM). | E34: un | F34: 10 | G34: 859.83309 | H34: =IF($G34="SEM",0,F34*G34) -> 8598.3309 | I34: =IF($G34="SEM",0,G34*(1+'BDI SERVIÇOS'!$Z$21)) -> 1050.974 | J34: =F34*I34 -> 10509.74
A35: 3 | D35: DRENAGEM E PAVIMENTAÇÃO DA TRAVESSA MAGALHÃES | K35: =SUM(K36+K43+K71) -> 1466672.2 | L35: =K35/$K$375 -> 0.35013894
A36: 3.1 | D36: DOCUMENTAÇÃO ARQUEOLÓGICA | K36: =SUM(J37:J42) -> 159094.57 | L36: =K36/$K$375 -> 0.037980676
A37: 3.1.1 | B37: ARQ01 | C37: MERCADO | D37: ELABORAÇÃO DE RELATÓRIO FCA | E37: UNID | F37: 1 | G37: 1200 | H37: =IF($G37="SEM",0,F37*G37) -> 1200 | I37: =IF($G37="SEM",0,G37*(1+'BDI SERVIÇOS'!$Z$21)) -> 1466.76 | J37: =F37*I37 -> 1466.76
A38: 3.1.2 | B38: ARQ02 | C38: MERCADO | D38: ELABORAÇÃO DE RELATÓRIO INICIAL | E38: UNID | F38: 10 | G38: 4480 | H38: =IF($G38="SEM",0,F38*G38) -> 44800 | I38: =IF($G38="SEM",0,G38*(1+'BDI SERVIÇOS'!$Z$21)) -> 5475.904 | J38: =F38*I38 -> 54759.04
A39: 3.1.3 | B39: ARQ03 | C39: MERCADO | D39: ELABORAÇÃO DE RELATÓRIO FINAL | E39: UNID | F39: 10 | G39: 4480 | H39: =IF($G39="SEM",0,F39*G39) -> 44800 | I39: =IF($G39="SEM",0,G39*(1+'BDI SERVIÇOS'!$Z$21)) -> 5475.904 | J39: =F39*I39 -> 54759.04
A40: 3.1.4 | B40: CO-33095 | C40: SETOP | D40: ARQUEÓLOGO, NÍVEL SÊNIOR, INCLUSIVE ENCARGOS COMPLEMENTARES | E40: H | F40: 400 | G40: 63.28 | H40: =IF($G40="SEM",0,F40*G40) -> 25312 | I40: =IF($G40="SEM",0,G40*(1+'BDI SERVIÇOS'!$Z$21)) -> 77.347144 | J40: =F40*I40 -> 30938.858
A41: 3.1.5 | B41: 88322 | C41: SINAPI | D41: TÉCNICO EM SONDAGEM COM ENCARGOS COMPLEMENTARES | E41: H | F41: 400 | G41: 27.62 | H41: =IF($G41="SEM",0,F41*G41) -> 11048 | I41: =IF($G41="SEM",0,G41*(1+'BDI SERVIÇOS'!$Z$21)) -> 33.759926 | J41: =F41*I41 -> 13503.97
A42: 3.1.6 | B42: ARQ04 | C42: MERCADO | D42: ENDOSSO INSTITUCIONAL | E42: UNID | F42: 1 | G42: 3000 | H42: =IF($G42="SEM",0,F42*G42) -> 3000 | I42: =IF($G42="SEM",0,G42*(1+'BDI SERVIÇOS'!$Z$21)) -> 3666.9 | J42: =F42*I42 -> 3666.9
A43: 3.2 | D43: REMOÇÕES, ESCAVAÇÕES E DISPOSITIVOS DE DRENAGEM | K43: =SUM(J44:J70) -> 856351.42 | L43: =K43/$K$375 -> 0.20443694
A44: 3.2.1 | B44: RO-41211 | C44: SETOP | D44: REMOÇÃO E CARGA DE TODO PAVIMENTO EXISTENTE | E44: m3 | F44: ='MC DRENAGEM'!E13 -> 406.376 | G44: 10.88 | H44: =IF($G44="SEM",0,F44*G44) -> 4421.3709 | I44: =IF($G44="SEM",0,G44*(1+'BDI SERVIÇOS'!$Z$21)) -> 13.298624 | J44: =F44*I44 -> 5404.2416
A45: 3.2.2 | B45: 102322 | C45: SINAPI | D45: ESCAVAÇÃO MECANIZADA DE VALA COM PROF. ATÉ 1,5 M (MÉDIA MONTANTE E JUSANTE/UMA COMPOSIÇÃO POR TRECHO), RETROESCAV. (0,26 M3), LARG. MENOR QUE 0,8 M, EM SOLO DE 2A CATEGORIA, EM LOCAIS COM ALTO NÍVEL DE INTERFERÊNCIA. AF_09/2024 | E45: M3 | F45: ='MC DRENAGEM'!E17 -> 1117.2 | G45: 20.37 | H45: =IF($G45="SEM",0,F45*G45) -> 22757.364 | I45: =IF($G45="SEM",0,G45*(1+'BDI SERVIÇOS'!$Z$21)) -> 24.898251 | J45: =F45*I45 -> 27816.326
A46: 3.2.3 | B46: ED-51132 | C46: SETOP | D46: CARGA MECÂNICA DE MATERIAL DE QUALQUER NATUREZA SOBRE CAMINHÃO, EXCLUSIVE TRANSPORTE | E46: m3 | F46: ='MC DRENAGEM'!E25 -> 406.376 | G46: 3.42 | H46: =IF($G46="SEM",0,F46*G46) -> 1389.8059 | I46: =IF($G46="SEM",0,G46*(1+'BDI SERVIÇOS'!$Z$21)) -> 4.180266 | J46: =F46*I46 -> 1698.7598
A47: 3.2.4 | B47: 97914 | C47: SINAPI | D47: TRANSPORTE COM CAMINHÃO BASCULANTE DE 6 M³, EM VIA URBANA PAVIMENTADA, DMT ATÉ 30 KM (UNIDADE: M3XKM). AF_07/2020 | E47: M3XKM | F47: ='MC DRENAGEM'!E34 -> 3743.952 | G47: 3.08 | H47: =IF($G47="SEM",0,F47*G47) -> 11531.372 | I47: =IF($G47="SEM",0,G47*(1+'BDI SERVIÇOS'!$Z$21)) -> 3.764684 | J47: =F47*I47 -> 14094.796
A48: 3.2.5 | B48: 101617 | C48: SINAPI | D48: PREPARO DE FUNDO DE VALA COM LARGURA MAIOR OU IGUAL A 1,5 M E MENOR QUE 2,5 M (ACERTO DO SOLO NATURAL). AF_08/2020 | E48: M2 | F48: ='MC DRENAGEM'!E38 -> 558.6 | G48: 3.42 | H48: =IF($G48="SEM",0,F48*G48) -> 1910.412 | I48: =IF($G48="SEM",0,G48*(1+'BDI SERVIÇOS'!$Z$21)) -> 4.180266 | J48: =F48*I48 -> 2335.0966
A49: 3.2.6 | B49: SERRO-150 | C49: COMPOSIÇÃO | D49: REATERRO MANUAL APILOADO COM SOQUETE - BASEADO SINAPI (96995) | E49: M³ | F49: ='MC DRENAGEM'!E42 -> 558.6 | G49: 54.31336 | H49: =IF($G49="SEM",0,F49*G49) -> 30339.443 | I49: =IF($G49="SEM",0,G49*(1+'BDI SERVIÇOS'!$Z$21)) -> 66.38722 | J49: =F49*I49 -> 37083.901
A50: 3.2.7 | B50: 41781 | C50: SINAPI | D50: TUBO CORRUGADO PEAD, PAREDE DUPLA, INTERNA LISA, JEI, DN/DI *400* MM, PARA SANEAMENTO (DRENAGEM/ESGOTO) | E50: M | F50: ='MC DRENAGEM'!E46 -> 53 | G50: 246.34 | H50: =IF($G50="SEM",0,F50*G50) -> 13056.02 | I50: =IF($G50="SEM",0,G50*(1+'BDI SERVIÇOS'!$Z$21)) -> 301.10138 | J50: =F50*I50 -> 15958.373
A51: 3.2.8 | B51: 41782 | C51: SINAPI | D51: TUBO CORRUGADO PEAD, PAREDE DUPLA, INTERNA LISA, JEI, DN/DI 600 MM, PARA SANEAMENTO (DRENAGEM/ESGOTO) | E51: M | F51: ='MC DRENAGEM'!E50 -> 60 | G51: 544.49 | H51: =IF($G51="SEM",0,F51*G51) -> 32669.4 | I51: =IF($G51="SEM",0,G51*(1+'BDI SERVIÇOS'!$Z$21)) -> 665.53013 | J51: =F51*I51 -> 39931.808
A52: 3.2.9 | B52: 41785 | C52: SINAPI | D52: TUBO CORRUGADO PEAD, PAREDE DUPLA, INTERNA LISA, JEI, DN/DI *1000* MM, PARA SANEAMENTO (DRENAGEM/ESGOTO) | E52: M | F52: ='MC DRENAGEM'!E54 -> 286 | G52: 1364.29 | H52: =IF($G52="SEM",0,F52*G52) -> 390186.94 | I52: =IF($G52="SEM",0,G52*(1+'BDI SERVIÇOS'!$Z$21)) -> 1667.5717 | J52: =F52*I52 -> 476925.5
A53: 3.2.10 | B53: ED-48636 | C53: SETOP | D53: POÇO DE VISITA PARA REDE TUBULAR TIPO A DN 1000, EXCLUSIVE ESCAVAÇÃO, REATERRO E BOTA FORA | E53: U | F53: ='MC DRENAGEM'!E58 -> 12 | G53: 3490.85 | H53: =IF($G53="SEM",0,F53*G53) -> 41890.2 | I53: =IF($G53="SEM",0,G53*(1+'BDI SERVIÇOS'!$Z$21)) -> 4266.866 | J53: =F53*I53 -> 51202.391
A54: 3.2.11 | B54: ED-48568 | C54: SETOP | D54: CHAMINÉ DE POÇO DE VISITA TIPO "A", EM ALVENARIA COM DEGRAUS DE AÇO CA-50 | E54: m | F54: =F53 -> 12 | G54: 1041.84 | H54: =IF($G54="SEM",0,F54*G54) -> 12502.08 | I54: =IF($G54="SEM",0,G54*(1+'BDI SERVIÇOS'!$Z$21)) -> 1273.441 | J54: =F54*I54 -> 15281.292
A55: 3.2.12 | B55: ED-48666 | C55: SETOP | D55: TAMPÃO CIRCULAR EM FERRO FUNDIDO PARA POÇO DE VISITA, ARTICULADO COM DIÂMETRO DE 60CM, CLASSE 400, INCLUSIVE ASSENTAMENTO, EXCLUSIVE POÇO DE VISITA | E55: un | F55: =F54 -> 12 | G55: 642.88 | H55: =IF($G55="SEM",0,F55*G55) -> 7714.56 | I55: =IF($G55="SEM",0,G55*(1+'BDI SERVIÇOS'!$Z$21)) -> 785.79222 | J55: =F55*I55 -> 9429.5067
A56: 3.2.13 | B56: ED-48588 | C56: SETOP | D56: DESCIDA D'ÁGUA TIPO DEGRAU DN 500, EXCLUSIVE BOTA FORA | E56: m | F56: 1 | G56: 796.25 | H56: =IF($G56="SEM",0,F56*G56) -> 796.25 | I56: =IF($G56="SEM",0,G56*(1+'BDI SERVIÇOS'!$Z$21)) -> 973.25637 | J56: =F56*I56 -> 973.25637
A57: 3.2.14 | B57: ED-50276 | C57: SETOP | D57: LOCAÇÃO TOPOGRÁFICA ACIMA DE CINQUENTA (50) PONTOS REFERENCIAIS, INCLUSIVE ESTACA (PIQUETE) DE MARCAÇÃO | E57: un | F57: =F56 -> 1 | G57: 40.18 | H57: =IF($G57="SEM",0,F57*G57) -> 40.18 | I57: =IF($G57="SEM",0,G57*(1+'BDI SERVIÇOS'!$Z$21)) -> 49.112014 | J57: =F57*I57 -> 49.112014
A58: 3.2.15 | B58: GRELHA.01 | C58: COMPOSIÇÃO | D58: GRELHA DE FERRO FUNDIDO PARA BOCA DE LOBO BASEADO SETOP (48549) | E58: M² | F58: ='MC DRENAGEM'!E62 -> 20 | G58: 1631.02 | H58: =IF($G58="SEM",0,F58*G58) -> 32620.4 | I58: =IF($G58="SEM",0,G58*(1+'BDI SERVIÇOS'!$Z$21)) -> 1993.5957 | J58: =F58*I58 -> 39871.915
A59: 3.2.16 | B59: ED-48549 | C59: SETOP | D59: BOCA DE LOBO SIMPLES (TIPO A - FERRO FUNDIDO), QUADRO, GRELHA E CANTONEIRA, INCLUSIVE ESCAVAÇÃO, REATERRO E BOTA-FORA | E59: U | F59: ='MC DRENAGEM'!E66 -> 20 | G59: 2683.36 | H59: =IF($G59="SEM",0,F59*G59) -> 53667.2 | I59: =IF($G59="SEM",0,G59*(1+'BDI SERVIÇOS'!$Z$21)) -> 3279.8709 | J59: =F59*I59 -> 65597.419
A60: 3.2.17 | B60: ED-48486 | C60: SETOP | D60: DEMOLIÇÃO MECANIZADA DE LAJE DE CONCRETO ARMADO, COM ESPESSURA DE ATÉ 15CM, , COM EQUIPAMENTO PNEUMÁTICO, INCLUSIVE AFASTAMENTO E EMPILHAMENTO, EXCLUSIVE TRANSPORTE E RETIRADA DO MATERIAL DEMOLIDO | E60: m2 | F60: ='MC DRENAGEM'!E70 -> 29.81 | G60: 32.23 | H60: =IF($G60="SEM",0,F60*G60) -> 960.7763 | I60: =IF($G60="SEM",0,G60*(1+'BDI SERVIÇOS'!$Z$21)) -> 39.394729 | J60: =F60*I60 -> 1174.3569
A61: 3.2.18 | B61: 103926 | C61: SINAPI | D61: ESCADA HIDRÁULICA, LARGURA DE 1 A 4,1 M, TIPO DESCIDA D'ÁGUA DE ATERRO EM DEGRAUS (DAD 04, 06, 08, 10, 12, 14, 16, 18), EM CONCRETO USINADO, FCK = 20 MPA, LANÇADO COM BOMBA, INCLUINDO ARMAÇÃO, MATERIAIS E FÔRMAS (3 UTILIZAÇÕES). AF_08/2022 | E61: M3 | F61: ='MC DRENAGEM'!E74 -> 7.36 | G61: 1437.97 | H61: =IF($G61="SEM",0,F61*G61) -> 10583.459 | I61: =IF($G61="SEM",0,G61*(1+'BDI SERVIÇOS'!$Z$21)) -> 1757.6307 | J61: =F61*I61 -> 12936.162
A62: 3.2.19 | B62: ED-48548 | C62: SETOP | D62: ALA DE REDE TUBULAR DN 1500, EXCLUSIVE BOTA FORA | E62: U | F62: ='MC DRENAGEM'!E78 -> 1 | G62: 4176.38 | H62: =IF($G62="SEM",0,F62*G62) -> 4176.38 | I62: =IF($G62="SEM",0,G62*(1+'BDI SERVIÇOS'!$Z$21)) -> 5104.7893 | J62: =F62*I62 -> 5104.7893
A63: 3.2.20 | B63: 103799 | C63: =C61 -> SINAPI | D63: PEDRA DE MÃO FIXADA COM CONCRETO PARA BACIA DE DISSIPAÇÃO, 40% DE CONCRETO EM VOLUME, FCK = 20 MPA, COM USO DE JERICA E PREPARO EM BETONEIRA DE 600 L - AREIA, BRITA E PEDRA DE MÃO COMERCIAIS - LANÇAMENTO, ADENSAMENTO E ACABAMENTO. AF_08/2022 | E63: M3 | F63: =(((2+1.6)*1.2)/2)*(0.15) -> 0.324 | G63: 483.32 | H63: =IF($G63="SEM",0,F63*G63) -> 156.59568 | I63: =IF($G63="SEM",0,G63*(1+'BDI SERVIÇOS'!$Z$21)) -> 590.76204 | J63: =F63*I63 -> 191.4069
A64: 3.2.21 | B64: 92882 | C64: =C63 -> SINAPI | D64: ARMAÇÃO UTILIZANDO AÇO CA-25 DE 6,3 MM - MONTAGEM. AF_06/2022 | E64: KG | F64: ='MC DRENAGEM'!E86 -> 140.4 | G64: 13.52 | H64: =IF($G64="SEM",0,F64*G64) -> 1898.208 | I64: =IF($G64="SEM",0,G64*(1+'BDI SERVIÇOS'!$Z$21)) -> 16.525496 | J64: =F64*I64 -> 2320.1796
A65: 3.2.22 | B65: 92763 | C65: SINAPI | D65: ARMAÇÃO DE PILAR OU VIGA DE ESTRUTURA CONVENCIONAL DE CONCRETO ARMADO UTILIZANDO AÇO CA-50 DE 12,5 MM - MONTAGEM. AF_06/2022 | E65: KG | F65: =F64 -> 140.4 | G65: 9.18 | H65: =IF($G65="SEM",0,F65*G65) -> 1288.872 | I65: =IF($G65="SEM",0,G65*(1+'BDI SERVIÇOS'!$Z$21)) -> 11.220714 | J65: =F65*I65 -> 1575.3882
A66: 3.2.23 | B66: 89478 | C66: SINAPI | D66: ALVENARIA DE BLOCOS DE CONCRETO ESTRUTURAL 14X19X29 CM (ESPESSURA 14 CM), FBK = 4,5 MPA, UTILIZANDO COLHER DE PEDREIRO. AF_10/2022 | E66: M2 | F66: ='MC DRENAGEM'!E94 -> 70.16 | G66: 147.24 | H66: =IF($G66="SEM",0,F66*G66) -> 10330.358 | I66: =IF($G66="SEM",0,G66*(1+'BDI SERVIÇOS'!$Z$21)) -> 179.97145 | J66: =F66*I66 -> 12626.797
A67: 3.2.24 | B67: ED-51116 | C67: SETOP | D67: ESCAVAÇÃO MECÂNICA DE VALAS COM PROFUNDIDADE MAIOR QUE 1,5M E MENOR OU IGUAL 3,0M, INCLUSIVE CARGA EM CAMINHÃO, EXCLUSIVE TRANSPORTE E DESCARGA | E67: m3 | F67: ='MC DRENAGEM'!E29 -> 54.46 | G67: 9.35 | H67: =IF($G67="SEM",0,F67*G67) -> 509.201 | I67: =IF($G67="SEM",0,G67*(1+'BDI SERVIÇOS'!$Z$21)) -> 11.428505 | J67: =F67*I67 -> 622.39638
A68: 3.2.25 | B68: ED-50848 | C68: SETOP | D68: LAJE 10 CM MACIÇA DE CONCRETO 20 MPa, COM ARMAÇÃO, FÔRMA RESINADA, ESCORAMENTO E DESFORMA | E68: m2 | F68: ='MC DRENAGEM'!E98 -> 19.3 | G68: 246.52 | H68: =IF($G68="SEM",0,F68*G68) -> 4757.836 | I68: =IF($G68="SEM",0,G68*(1+'BDI SERVIÇOS'!$Z$21)) -> 301.3214 | J68: =F68*I68 -> 5815.5029
A69: 3.2.26 | B69: ED-48443 | C69: SETOP | D69: DEMOLIÇÃO MECANIZADA DE CONCRETO ARMADO, COM EQUIPAMENTO ELÉTRICO, INCLUSIVE AFASTAMENTO E EMPILHAMENTO, EXCLUSIVE TRANSPORTE E RETIRADA DO MATERIAL DEMOLIDO | E69: m3 | F69: ='MC DRENAGEM'!E21 -> 3.51 | G69: 278.57 | H69: =IF($G69="SEM",0,F69*G69) -> 977.7807 | I69: =IF($G69="SEM",0,G69*(1+'BDI SERVIÇOS'!$Z$21)) -> 340.49611 | J69: =F69*I69 -> 1195.1413
A70: 3.2.27 | B70: 92265 | C70: SINAPI | D70: FABRICAÇÃO DE FÔRMA PARA VIGAS, EM CHAPA DE MADEIRA COMPENSADA RESINADA, E = 17 MM. AF_09/2020 | E70: M2 | F70: ='MC DRENAGEM'!E102 -> 58.46 | G70: 127.85 | H70: =IF($G70="SEM",0,F70*G70) -> 7474.111 | I70: =IF($G70="SEM",0,G70*(1+'BDI SERVIÇOS'!$Z$21)) -> 156.27105 | J70: =F70*I70 -> 9135.6059
A71: 3.3 | D71: CALÇAMENTO TRAVESSA MAGALHÃES E RECOMPOSIÇÃO DE VALAS DE DRENAGEM | K71: =SUM(J72:J78) -> 451226.25 | L71: =K71/$K$375 -> 0.10772133
A72: 3.3.1 | B72: 100576 | C72: SINAPI | D72: REGULARIZAÇÃO E COMPACTAÇÃO DE SUBLEITO DE SOLO PREDOMINANTEMENTE ARGILOSO, PARA OBRAS DE CONSTRUÇÃO DE PAVIMENTOS. AF_09/2024 | E72: M2 | F72: ='MC DRENAGEM'!E106 -> 2031.88 | G72: 2.86 | H72: =IF($G72="SEM",0,F72*G72) -> 5811.1768 | I72: =IF($G72="SEM",0,G72*(1+'BDI SERVIÇOS'!$Z$21)) -> 3.495778 | J72: =F72*I72 -> 7103.0014
A73: 3.3.2 | B73: 101767 | C73: SINAPI | D73: CONSTRUÇÃO DE BASE E SUB-BASE PARA PAVIMENTAÇÃO DE SOLO ESTABILIZADO GRANULOMETRICAMENTE COM MISTURA DE SOLOS EM PISTA - EXCLUSIVE SOLO, ESCAVAÇÃO, CARGA E TRANSPORTE. AF_09/2024 | E73: M3 | F73: ='MC DRENAGEM'!E110 -> 406.376 | G73: 30.35 | H73: =IF($G73="SEM",0,F73*G73) -> 12333.512 | I73: =IF($G73="SEM",0,G73*(1+'BDI SERVIÇOS'!$Z$21)) -> 37.096805 | J73: =F73*I73 -> 15075.251
A74: 3.3.3 | B74: 101169 | C74: SINAPI | D74: EXECUÇÃO DE PAVIMENTO EM PARALELEPÍPEDOS, REJUNTAMENTO COM ARGAMASSA TRAÇO 1:3 (CIMENTO E AREIA). AF_05/2020 | E74: M2 | F74: ='MC DRENAGEM'!E114 -> 943.8 | G74: 216.32 | H74: =IF($G74="SEM",0,F74*G74) -> 204162.82 | I74: =IF($G74="SEM",0,G74*(1+'BDI SERVIÇOS'!$Z$21)) -> 264.40794 | J74: =F74*I74 -> 249548.21
A75: 3.3.4 | B75: ED-51139 | C75: SETOP | D75: GUIA DE MEIO-FIO, EM CONCRETO COM FCK 20MPA, PRÉ-MOLDADA, MFC-01 PADRÃO DER-MG, DIMENSÕES (12X16,7X35)CM, EXCLUSIVE SARJETA, INCLUSIVE ESCAVAÇÃO, APILOAMENTO E TRANSPORTE COM RETIRADA DO MATERIAL ESCAVADO (EM CAÇAMBA) | E75: m | F75: 124 | G75: 79.14 | H75: =IF($G75="SEM",0,F75*G75) -> 9813.36 | I75: =IF($G75="SEM",0,G75*(1+'BDI SERVIÇOS'!$Z$21)) -> 96.732822 | J75: =F75*I75 -> 11994.87
A76: 3.3.5 | B76: 94287 | C76: SINAPI | D76: EXECUÇÃO DE SARJETA DE CONCRETO USINADO, MOLDADA IN LOCO EM TRECHO RETO, 30 CM BASE X 10 CM ALTURA. AF_01/2024 | E76: M | F76: 154 | G76: 35.42 | H76: =IF($G76="SEM",0,F76*G76) -> 5454.68 | I76: =IF($G76="SEM",0,G76*(1+'BDI SERVIÇOS'!$Z$21)) -> 43.293866 | J76: =F76*I76 -> 6667.2554
A77: 3.3.6 | B77: ED-7564 | C77: SETOP | D77: TRANSPORTE EM CAMINHÃO, TRAÇÃO 4X2, TIPO TOCO, PESO BRUTO TOTAL (PBT) DE 14.300KG, COM CARROCERIA DE CARGA SECA, COM CAPACIDADE DE 7T, EM RODOVIA PAVIMENTADA, EXCLUSIVE MANOBRA, CARGA E DESCARGA | E77: TxKM | F77: ='MC DRENAGEM'!E121 -> 59685.912 | G77: 1.11 | H77: =IF($G77="SEM",0,F77*G77) -> 66251.362 | I77: =IF($G77="SEM",0,G77*(1+'BDI SERVIÇOS'!$Z$21)) -> 1.356753 | J77: =F77*I77 -> 80979.04
A78: 3.3.7 | B78: SERRO-RP-01 | C78: COMPOSIÇÃO | D78: REASSENTAMENTODE LAJE QUARTZÍTICAS | E78: M2 | F78: ='MC DRENAGEM'!E118 -> 1088.08 | G78: 60.045872 | H78: =IF($G78="SEM",0,F78*G78) -> 65334.712 | I78: =IF($G78="SEM",0,G78*(1+'BDI SERVIÇOS'!$Z$21)) -> 73.394069 | J78: =F78*I78 -> 79858.619
A79: 4 | D79: ESTRUTURAL | K79: =SUM(K80+K122+K145+K147) -> 482875.66 | L79: =K79/$K$375 -> 0.115277
A80: 4.1 | D80: DETALHAMENTO ESCADAS | K80: =SUM(K81+K89+K95+K100+K106+K116) -> 84924.46 | L80: =K80/$K$375 -> 0.020274033
A81: 4.1.1 | D81: ESCADAS | K81: =SUM(J82:J88) -> 62649.075 | L81: =K81/$K$375 -> 0.014956226
A82: 4.1.1.1 | B82: 102039 | C82: SINAPI | D82: MONTAGEM E DESMONTAGEM DE FÔRMA PARA ESCADAS, COM 1 LANCE E LAJE PLANA, EM MADEIRA SERRADA, 1 UTILIZAÇÃO. AF_11/2020 | E82: M2 | F82: ='MC ESCADAS'!E41 -> 48.86 | G82: 597.57 | H82: =IF($G82="SEM",0,F82*G82) -> 29197.27 | I82: =IF($G82="SEM",0,G82*(1+'BDI SERVIÇOS'!$Z$21)) -> 730.40981 | J82: =F82*I82 -> 35687.823
A83: 4.1.1.2 | B83: 102008 | C83: SINAPI | D83: MONTAGEM E DESMONTAGEM DE FÔRMA PARA ESCADAS, COM 2 LANCES EM "L" E LAJE PLANA, EM MADEIRA SERRADA, 2 UTILIZAÇÕES. AF_11/2020 | E83: M2 | F83: 10.01 | G83: 475.1 | H83: =IF($G83="SEM",0,F83*G83) -> 4755.751 | I83: =IF($G83="SEM",0,G83*(1+'BDI SERVIÇOS'!$Z$21)) -> 580.71473 | J83: =F83*I83 -> 5812.9544
A84: 4.1.1.3 | B84: 95945 | C84: SINAPI | D84: ARMAÇÃO DE ESCADA, DE UMA ESTRUTURA CONVENCIONAL DE CONCRETO ARMADO UTILIZANDO AÇO CA-50 DE 8,0 MM - MONTAGEM. AF_11/2020 | E84: KG | F84: 256 | G84: 16.55 | H84: =IF($G84="SEM",0,F84*G84) -> 4236.8 | I84: =IF($G84="SEM",0,G84*(1+'BDI SERVIÇOS'!$Z$21)) -> 20.229065 | J84: =F84*I84 -> 5178.6406
A85: 4.1.1.4 | B85: 95946 | C85: SINAPI | D85: ARMAÇÃO DE ESCADA, DE UMA ESTRUTURA CONVENCIONAL DE CONCRETO ARMADO UTILIZANDO AÇO CA-50 DE 10,0 MM - MONTAGEM. AF_11/2020 | E85: KG | F85: 252 | G85: 12.9 | H85: =IF($G85="SEM",0,F85*G85) -> 3250.8 | I85: =IF($G85="SEM",0,G85*(1+'BDI SERVIÇOS'!$Z$21)) -> 15.76767 | J85: =F85*I85 -> 3973.4528
A86: 4.1.1.5 | B86: 95948 | C86: SINAPI | D86: ARMAÇÃO DE ESCADA, DE UMA ESTRUTURA CONVENCIONAL DE CONCRETO ARMADO UTILIZANDO AÇO CA-50 DE 16,0 MM - MONTAGEM. AF_11/2020 | E86: KG | F86: 136 | G86: 8.39 | H86: =IF($G86="SEM",0,F86*G86) -> 1141.04 | I86: =IF($G86="SEM",0,G86*(1+'BDI SERVIÇOS'!$Z$21)) -> 10.255097 | J86: =F86*I86 -> 1394.6932
A87: 4.1.1.6 | B87: 92923 | C87: SINAPI | D87: ARMAÇÃO DE ESTRUTURAS DIVERSAS DE CONCRETO ARMADO, EXCETO VIGAS, PILARES, LAJES E FUNDAÇÕES, UTILIZANDO AÇO CA-50 DE 20,0 MM - MONTAGEM. AF_06/2022 | E87: KG | F87: 171 | G87: 10.47 | H87: =IF($G87="SEM",0,F87*G87) -> 1790.37 | I87: =IF($G87="SEM",0,G87*(1+'BDI SERVIÇOS'!$Z$21)) -> 12.797481 | J87: =F87*I87 -> 2188.3693
A88: 4.1.1.7 | B88: 103686 | C88: SINAPI | D88: CONCRETAGEM DE ESCADAS, FCK=25 MPA, COM USO DE BOMBA - LANÇAMENTO, ADENSAMENTO E ACABAMENTO. AF_02/2022_PS | E88: M3 | F88: 9.07 | G88: 758.88 | H88: =IF($G88="SEM",0,F88*G88) -> 6883.0416 | I88: =IF($G88="SEM",0,G88*(1+'BDI SERVIÇOS'!$Z$21)) -> 927.57902 | J88: =F88*I88 -> 8413.1417
A89: 4.1.2 | D89: ELEMENTOS - VIGAS | K89: =SUM(J90:J94) -> 8351.0889 | L89: =K89/$K$375 -> 0.001993657
A90: 4.1.2.1 | B90: 92447 | C90: SINAPI | D90: MONTAGEM E DESMONTAGEM DE FÔRMA DE VIGA, ESCORAMENTO COM PONTALETE DE MADEIRA, PÉ-DIREITO SIMPLES, EM MADEIRA SERRADA, 2 UTILIZAÇÕES. AF_09/2020 | E90: M2 | F90: 18.03 | G90: 248.57 | H90: =IF($G90="SEM",0,F90*G90) -> 4481.7171 | I90: =IF($G90="SEM",0,G90*(1+'BDI SERVIÇOS'!$Z$21)) -> 303.82711 | J90: =F90*I90 -> 5478.0028
A91: 4.1.2.2 | B91: 92762 | C91: SINAPI | D91: ARMAÇÃO DE PILAR OU VIGA DE ESTRUTURA CONVENCIONAL DE CONCRETO ARMADO UTILIZANDO AÇO CA-50 DE 10,0 MM - MONTAGEM. AF_06/2022 | E91: KG | F91: 61.74 | G91: 11.01 | H91: =IF($G91="SEM",0,F91*G91) -> 679.7574 | I91: =IF($G91="SEM",0,G91*(1+'BDI SERVIÇOS'!$Z$21)) -> 13.457523 | J91: =F91*I91 -> 830.86747
A92: 4.1.2.3 | B92: 104111 | C92: SINAPI | D92: ARMAÇÃO DE PILAR OU VIGA DE ESTRUTURA DE CONCRETO ARMADO EMBUTIDA EM ALVENARIA DE VEDAÇÃO UTILIZANDO AÇO CA-60 DE 5,0 MM - MONTAGEM. AF_06/2022 | E92: KG | F92: 19.72 | G92: 21.57 | H92: =IF($G92="SEM",0,F92*G92) -> 425.3604 | I92: =IF($G92="SEM",0,G92*(1+'BDI SERVIÇOS'!$Z$21)) -> 26.365011 | J92: =F92*I92 -> 519.91802
A93: 4.1.2.4 | B93: 96527 | C93: SINAPI | D93: ESCAVAÇÃO MANUAL PARA VIGA BALDRAME OU SAPATA CORRIDA (INCLUINDO ESCAVAÇÃO PARA COLOCAÇÃO DE FÔRMAS). AF_01/2024 | E93: M3 | F93: 0.65 | G93: 110.9 | H93: =IF($G93="SEM",0,F93*G93) -> 72.085 | I93: =IF($G93="SEM",0,G93*(1+'BDI SERVIÇOS'!$Z$21)) -> 135.55307 | J93: =F93*I93 -> 88.109495
A94: 4.1.2.5 | B94: 103674 | C94: SINAPI | D94: CONCRETAGEM DE VIGAS E LAJES, FCK=25 MPA, PARA LAJES PREMOLDADAS COM USO DE BOMBA - LANÇAMENTO, ADENSAMENTO E ACABAMENTO. AF_02/2022_PS | E94: M3 | F94: 1.66 | G94: 706.84 | H94: =IF($G94="SEM",0,F94*G94) -> 1173.3544 | I94: =IF($G94="SEM",0,G94*(1+'BDI SERVIÇOS'!$Z$21)) -> 863.97053 | J94: =F94*I94 -> 1434.1911
A95: 4.1.3 | D95: ELEMENTOS - PILARES | K95: =SUM(J96:J99) -> 2898.3422 | L95: =K95/$K$375 -> 0.00069192179
A96: 4.1.3.1 | B96: 92415 | C96: SINAPI | D96: MONTAGEM E DESMONTAGEM DE FÔRMA DE PILARES RETANGULARES E ESTRUTURAS SIMILARES, PÉ-DIREITO SIMPLES, EM CHAPA DE MADEIRA COMPENSADA RESINADA, 2 UTILIZAÇÕES. AF_09/2020 | E96: M2 | F96: 9.25 | G96: 146.72 | H96: =IF($G96="SEM",0,F96*G96) -> 1357.16 | I96: =IF($G96="SEM",0,G96*(1+'BDI SERVIÇOS'!$Z$21)) -> 179.33586 | J96: =F96*I96 -> 1658.8567
A97: 4.1.3.2 | B97: 92762 | C97: SINAPI | D97: ARMAÇÃO DE PILAR OU VIGA DE ESTRUTURA CONVENCIONAL DE CONCRETO ARMADO UTILIZANDO AÇO CA-50 DE 10,0 MM - MONTAGEM. AF_06/2022 | E97: KG | F97: 45.56 | G97: 11.01 | H97: =IF($G97="SEM",0,F97*G97) -> 501.6156 | I97: =IF($G97="SEM",0,G97*(1+'BDI SERVIÇOS'!$Z$21)) -> 13.457523 | J97: =F97*I97 -> 613.12475
A98: 4.1.3.3 | B98: 92760 | C98: SINAPI | D98: ARMAÇÃO DE PILAR OU VIGA DE ESTRUTURA CONVENCIONAL DE CONCRETO ARMADO UTILIZANDO AÇO CA-50 DE 6,3 MM - MONTAGEM. AF_06/2022 | E98: KG | F98: 15.27 | G98: 13.42 | H98: =IF($G98="SEM",0,F98*G98) -> 204.9234 | I98: =IF($G98="SEM",0,G98*(1+'BDI SERVIÇOS'!$Z$21)) -> 16.403266 | J98: =F98*I98 -> 250.47787
A99: 4.1.3.4 | B99: 103672 | C99: SINAPI | D99: CONCRETAGEM DE PILARES, FCK = 25 MPA, COM USO DE BOMBA - LANÇAMENTO, ADENSAMENTO E ACABAMENTO. AF_02/2022_PS | E99: M3 | F99: 0.45 | G99: 683.38 | H99: =IF($G99="SEM",0,F99*G99) -> 307.521 | I99: =IF($G99="SEM",0,G99*(1+'BDI SERVIÇOS'!$Z$21)) -> 835.29537 | J99: =F99*I99 -> 375.88292
A100: 4.1.4 | D100: ELEMENTOS - ESTACAS | K100: =SUM(J101:J105) -> 2010.4673 | L100: =K100/$K$375 -> 0.00047995923
A101: 4.1.4.1 | B101: 95577 | C101: SINAPI | D101: MONTAGEM DE ARMADURA DE ESTACAS, DIÂMETRO = 10,0 MM. AF_09/2021_PS | E101: KG | F101: 65.77 | G101: 10.63 | H101: =IF($G101="SEM",0,F101*G101) -> 699.1351 | I101: =IF($G101="SEM",0,G101*(1+'BDI SERVIÇOS'!$Z$21)) -> 12.993049 | J101: =F101*I101 -> 854.55283
A102: 4.1.4.2 | B102: 95584 | C102: SINAPI | D102: MONTAGEM DE ARMADURA TRANSVERSAL DE ESTACAS DE SEÇÃO CIRCULAR, DIÂMETRO = 6,30 MM. AF_09/2021_PS | E102: KG | F102: 18.38 | G102: 14.3 | H102: =IF($G102="SEM",0,F102*G102) -> 262.834 | I102: =IF($G102="SEM",0,G102*(1+'BDI SERVIÇOS'!$Z$21)) -> 17.47889 | J102: =F102*I102 -> 321.262
A103: 4.1.4.3 | B103: ED-29801 | C103: SETOP | D103: PERFURAÇÃO MANUAL DE ESTACA TIPO BROCA A TRADO, INCLUSIVE AFASTAMENTO, EXCLUSIVE ARMAÇÃO, CONCRETO ESTRUTURAL, TRANSPORTE E RETIRADA DO MATERIAL ESCAVADO | E103: m3 | F103: 0.6 | G103: 251.88 | H103: =IF($G103="SEM",0,F103*G103) -> 151.128 | I103: =IF($G103="SEM",0,G103*(1+'BDI SERVIÇOS'!$Z$21)) -> 307.87292 | J103: =F103*I103 -> 184.72375
A104: 4.1.4.4 | B104: 94965 | C104: SINAPI | D104: CONCRETO FCK = 25MPA, TRAÇO 1:2,3:2,7 (EM MASSA SECA DE CIMENTO/ AREIA MÉDIA/ BRITA 1) - PREPARO MECÂNICO COM BETONEIRA 400 L. AF_05/2021 | E104: M3 | F104: 0.6 | G104: 564.57 | H104: =IF($G104="SEM",0,F104*G104) -> 338.742 | I104: =IF($G104="SEM",0,G104*(1+'BDI SERVIÇOS'!$Z$21)) -> 690.07391 | J104: =F104*I104 -> 414.04435
A105: 4.1.4.5 | B105: 103670 | C105: SINAPI | D105: LANÇAMENTO COM USO DE BALDES, ADENSAMENTO E ACABAMENTO DE CONCRETO EM ESTRUTURAS. AF_02/2022 | E105: M3 | F105: 0.6 | G105: 321.64 | H105: =IF($G105="SEM",0,F105*G105) -> 192.984 | I105: =IF($G105="SEM",0,G105*(1+'BDI SERVIÇOS'!$Z$21)) -> 393.14057 | J105: =F105*I105 -> 235.88434
A106: 4.1.5 | D106: ELEMENTOS - SAPATAS | K106: =SUM(J107:J115) -> 1315.7867 | L106: =K106/$K$375 -> 0.000314118
...

Sheet ANALÍTICA
B2: Obra | F2: Bancos | G2: B.D.I. | I2: Encargos Sociais
B3: REFORMA E AMPLIAÇÃO MERCADO MUNICIPAL MUNICÍPIO DE SERRO - MG | F3: SINAPI - 07/2025 - Minas Gerais SETOP/SICOR - 04/2025 - Minas Gerais SBC - 08/2025 - Minas Gerais ORSE - 06/2025 - Sergipe EMBASA - 01/2025 - Bahia CPOS - 02/2025 - São Paulo GOINFRA - 12/2024 - Goiás | G3: SERVIÇO: | H3: 0.2223 | I3: Sem Desoneração
G4: EQUIPAMENTOS: | H4: 0.1623 | I4: Horista: | J4: =RESUMO!H3 -> 1.1679
I5: Mensalista: | J5: =RESUMO!H4 -> 0.7393
A11: Composição Analítica com Preço unitário sem BDI
A13: 1 | E13: ADMINISTRAÇÃO LOCAL
A14: 1.1 | B14: Item | C14: Código | D14: Banco | E14: Descrição | F14: Tipo | G14: Un. | H14: Qtd. | I14: Preço | J14: Total
A15: Composição | B15: 1.1 | C15: COMP.ADM.01 | D15: Composição | E15: ADMINISTRAÇÃO LOCAL DA OBRA | G15: Un. | H15: 1 | I15: 747768.41 | J15: =SUM(J16:J20) -> 747768.41
A16: Composição | C16: 93567 | D16: SINAPI | E16: ENGENHEIRO CIVIL DE OBRA PLENO COM ENCARGOS COMPLEMENTARES | F16: SERVIÇOS DIVERSOS | G16: MES | H16: 15 | I16: 23908.02 | J16: =H16*I16 -> 358620.3
A17: Composição | C17: 93572 | D17: SINAPI | E17: ENCARREGADO GERAL DE OBRAS COM ENCARGOS COMPLEMENTARES | F17: SERVIÇOS DIVERSOS | G17: MES | H17: 15 | I17: 11968.97 | J17: =H17*I17 -> 179534.55
A18: Composição | C18: 93564 | D18: SINAPI | E18: APONTADOR OU APROPRIADOR COM ENCARGOS COMPLEMENTARES | F18: SERVIÇOS DIVERSOS | G18: MES | H18: 15 | I18: 4211.95 | J18: =H18*I18 -> 63179.25
A19: Composição | C19: 94296 | D19: SINAPI | E19: TOPOGRAFO COM ENCARGOS COMPLEMENTARES | F19: SERVIÇOS DIVERSOS | G19: MES | H19: 4 | I19: 8424.44 | J19: =H19*I19 -> 33697.76
A20: Composição | C20: 100321 | D20: SINAPI | E20: TÉCNICO EM SEGURANÇA DO TRABALHO COM ENCARGOS COMPLEMENTARES | F20: SERVIÇOS DIVERSOS | G20: MES | H20: 15 | I20: 7515.77 | J20: =H20*I20 -> 112736.55
A22: 2 | E22: SERVIÇOS PRELIMINARES
A23: 2.10 | B23: Item | C23: Código | D23: Banco | E23: Descrição | F23: Tipo | G23: Un. | H23: Qtd. | I23: Preço | J23: Total
A24: Composição | B24: 2.10 | C24: IPHAN.01 | D24: Composição | E24: PAINEL INFORMATIVO PARA AÇÕES DO IPHAN, APLICADO SOBRE TAPUME DE OBRA, 1,80 DE ALTURA E 1,60 DE LARGURA, IMPRESSO EM LONA 440 GRAMAS, INSTALADO EM ESTRUTURA DE TUBO METALON GALVANIZADO 20 X 20 (ESPESSURA COMERCIAL DE 0,9 MM). | G24: M² | H24: 1 | I24: 859.83309 | J24: =SUM(J25:J32) -> 859.83309
A25: Composição | C25: 88251 | D25: SINAPI | E25: AUXILIAR DE SERRALHEIRO COM ENCARGOS COMPLEMENTARES | F25: SERVIÇOS DIVERSOS | G25: H | H25: 8 | I25: 25.02 | J25: =H25*I25 -> 200.16
A26: Composição | C26: 12.07.01 | D26: EMBASA | E26: CORTE E ESMERILHAMENTO EM TUBO DE FOFO DÚCTIL OU AÇO CARBONO, DN < 100MM | F26: SERVIÇOS DIVERSOS | G26: UN | H26: 10 | I26: 5.16 | J26: =H26*I26 -> 51.6
A27: Composição | C27: 88315 | D27: SINAPI | E27: SERRALHEIRO COM ENCARGOS COMPLEMENTARES | F27: SERVIÇOS DIVERSOS | G27: H | H27: 4 | I27: 30.97 | J27: =H27*I27 -> 123.88
A28: Composição | C28: 24.20.090 | D28: CPOS | E28: SOLDA MIG EM ESQUADRIAS METÁLICAS | F28: SERVIÇOS DIVERSOS | G28: M | H28: 0.54624 | I28: 51.2 | J28: =H28*I28 -> 27.967488
A29: Insumo | C29: N.04.000.039114 | D29: CPOS | E29: BANNER EM LONA COM IMPRESSÃO DIGITALMENTE, COM BAINHA REFORÇADA E ILHOSES | F29: MATERIAL | G29: m² | H29: 2.88 | I29: 115.53 | J29: =H29*I29 -> 332.7264
A30: Insumo | C30: 2771 | D30: GOINFRA | E30: METALON 20 X 20 CHAPA 20 (0,90 MM) | F30: MATERIAL | G30: Kg | H30: 4.61 | I30: 10.72 | J30: =H30*I30 -> 49.4192
A31: Insumo | C31: 40552 | D31: SINAPI | E31: PARAFUSO, AUTOATARRAXANTE, CABECA CHATA, FENDA SIMPLES, EM ACO ZINCADO, 1/4" (6,35 MM) X 25 MM | F31: MATERIAL | G31: CENTO | H31: 1 | I31: 61.68 | J31: =H31*I31 -> 61.68
A32: Insumo | C32: E.03.000.026653 | D32: CPOS | E32: PARAFUSO AUTO-ATARRAXANTE/AUTO-BROCANTE EM AÇO MÉDIO CARBONO, COM ACABAMENTO ZINCADO BRANDO, DE 12 X 38 MM - COM ARRUELA DE VEDAÇÃO | F32: MATERIAL | G32: UN | H32: 40 | I32: 0.31 | J32: =H32*I32 -> 12.4
A34: 3 | E34: REVESTIMENTO DE PISOS
A35: 3.2.6 | B35: Item | C35: Código | D35: Banco | E35: Descrição | F35: Tipo | G35: Un. | H35: Qtd. | I35: Preço | J35: Total
A36: Composição | B36: 3.2.6 | C36: SERRO-150 | D36: Composição | E36: REATERRO MANUAL APILOADO COM SOQUETE - BASEADO SINAPI (96995) | G36: m³ | H36: 1 | I36: 54.31336 | J36: =SUM(J37:J37) -> 54.31336
A37: Composição | C37: 88316 | D37: SINAPI | E37: SERVENTE COM ENCARGOS COMPLEMENTARES | F37: SERVIÇOS DIVERSOS | G37: H | H37: 2.399 | I37: 22.64 | J37: =H37*I37 -> 54.31336
A39: 3.2.15 | B39: Item | C39: Código | D39: Banco | E39: Descrição | F39: Tipo | G39: Un. | H39: Qtd. | I39: Preço | J39: Total
A40: Composição | B40: 3.2.15 | C40: GRELHA.01 | D40: Composição | E40: GRELHA DE FERRO FUNDIDO PARA BOCA DE LOBOBASEADO SETOP (48549) | G40: M² | H40: 1 | I40: 1631.02 | J40: =SUM(J41:J44) -> 1631.02
A41: Composição | C41: ED-50381 | D41: SETOP | E41: PEDREIRO COM ENCARGOS COMPLEMENTARES | F41: SERVIÇOS DIVERSOS | G41: hora | H41: 0.5 | I41: 31.22 | J41: =H41*I41 -> 15.61
A42: Composição | C42: ED-50367 | D42: SETOP | E42: SERVENTE COM ENCARGOS COMPLEMENTARES | F42: SERVIÇOS DIVERSOS | G42: hora | H42: 0.5 | I42: 22.66 | J42: =H42*I42 -> 11.33
A43: Insumo | C43: MATED-12823 | D43: SETOP | E43: CANTONEIRA PARA BOCA DE LOBO EM F°F° | F43: MATERIAL | G43: Un. | H43: 1 | I43: 409.49 | J43: =H43*I43 -> 409.49
A44: Insumo | C44: MATED-12826 | D44: SETOP | E44: CONJUNTO QUADRO E GRELHA DE FERRO FUNDIDO P=199KG PARA BOCA DE LOBO | F44: MATERIAL | G44: Un. | H44: 1 | I44: 1194.59 | J44: =H44*I44 -> 1194.59
A46: 3.3.7 | B46: Item | C46: Código | D46: Banco | E46: Descrição | F46: Tipo | G46: Un. | H46: Qtd. | I46: Preço | J46: Total
A47: Composição | B47: 3.3.7 | C47: SERRO-RP-01 | D47: Composição | E47: REASSENTAMENTODE LAJE QUARTZÍTICAS | G47: M² | H47: 1 | I47: 60.045872 | J47: =SUM(J48:J53) -> 60.045872
A48: Composição | C48: 88628 | D48: SINAPI | E48: ARGAMASSA TRAÇO 1:3 (EM VOLUME DE CIMENTO E AREIA MÉDIA ÚMIDA), PREPARO MECÂNICO COM BETONEIRA 400 L. AF_08/2019 | F48: SERVIÇOS DIVERSOS | G48: M3 | H48: 0.0204 | I48: 640.65 | J48: =H48*I48 -> 13.06926
A49: Composição | C49: 88316 | D49: SINAPI | E49: SERVENTE COM ENCARGOS COMPLEMENTARES | G49: H | H49: 0.4021 | I49: 22.64 | J49: =H49*I49 -> 9.103544
A50: Composição | C50: 88260 | D50: SINAPI | E50: CALCETEIRO COM ENCARGOS COMPLEMENTARES | G50: H | H50: 0.4021 | I50: 23.98 | J50: =H50*I50 -> 9.642358
A51: Composição | C51: 5685 | D51: SINAPI | E51: ROLO COMPACTADOR VIBRATÓRIO DE UM CILINDRO AÇO LISO, POTÊNCIA 80 HP, PESO OPERACIONAL MÁXIMO 8,1 T, IMPACTO DINÂMICO 16,15 / 9,5 T, LARGURA DE TRABALHO 1,68 M - CHI DIURNO. AF_06/2014 | G51: CHI | H51: 0.1309 | I51: 66.27 | J51: =H51*I51 -> 8.674743
A52: Composição | C52: 5684 | D52: SINAPI | E52: ROLO COMPACTADOR VIBRATÓRIO DE UM CILINDRO AÇO LISO, POTÊNCIA 80 HP, PESO OPERACIONAL MÁXIMO 8,1 T, IMPACTO DINÂMICO 16,15 / 9,5 T, LARGURA DE TRABALHO 1,68 M - CHP DIURNO. AF_06/2014 | G52: CHP | H52: 0.0031 | I52: 161.57 | J52: =H52*I52 -> 0.500867
A53: Insumo | C53: 367 | D53: SINAPI | E53: AREIA GROSSA - POSTO JAZIDA/FORNECEDOR (RETIRADO NA JAZIDA, SEM TRANSPORTE) | F53: SERVIÇOS DIVERSOS | G53: M3 | H53: 0.114 | I53: 167.15 | J53: =H53*I53 -> 19.0551
A55: 9 | E55: REVESTIMENTO DE PISOS
A56: 9.2.3 | B56: Item | C56: Código | D56: Banco | E56: Descrição | F56: Tipo | G56: Un. | H56: Qtd. | I56: Preço | J56: Total
A57: Composição | B57: 9.2.3 | C57: PISO.01 | D57: Próprio | E57: DECK EM RÉGUAS DE MADEIRA PLÁSTICA, COR JATOBÁ - BASEADO SBC (40584) | G57: M² | H57: 1 | I57: 585.02163 | J57: =SUM(J58:J61) -> 585.02163
A58: Composição | C58: 88261 | D58: SINAPI | E58: CARPINTEIRO DE ESQUADRIAS COM ENCARGOS COMPLEMENTARES | F58: SERVIÇOS DIVERSOS | G58: H | H58: 2.281 | I58: 34.73 | J58: =H58*I58 -> 79.21913
A59: Composição | C59: 88239 | D59: SINAPI | E59: AJUDANTE DE CARPINTEIRO COM ENCARGOS COMPLEMENTARES | F59: SERVIÇOS DIVERSOS | G59: H | H59: 2.85 | I59: 24.85 | J59: =H59*I59 -> 70.8225
A60: Insumo | C60: 8538 | D60: SBC | E60: PARAFUSO LATAO PARA MADEIRA 50mm x 3/8" | F60: MATERIAL | G60: Un. | H60: 8 | I60: 0.16 | J60: =H60*I60 -> 1.28
A61: Insumo | C61: DECK.01 | D61: MERCADO | E61: DECK EM MADEIRA PLÁSTICA | F61: MATERIAL | G61: M² | H61: 1 | I61: 433.7 | J61: =H61*I61 -> 433.7
A63: 11 | E63: ESQUADRIAS
A64: 11.12 | B64: Item | C64: Código | D64: Banco | E64: Descrição | F64: Tipo | G64: Un. | H64: Qtd. | I64: Preço | J64: Total
A65: Composição | B65: 11.12 | C65: ESQ.01 | D65: Próprio | E65: PUXADOR DUPLO PARA PORTA, 80CM, EM AÇO INOX - BASEADO ORSE (7613) | G65: Un. | H65: 1 | I65: 409.229 | J65: =SUM(J66:J67) -> 409.229
A66: Composição | C66: 88261 | D66: SINAPI | E66: CARPINTEIRO DE ESQUADRIAS COM ENCARGOS COMPLEMENTARES | F66: SERVIÇOS DIVERSOS | G66: H | H66: 0.3 | I66: 34.73 | J66: =H66*I66 -> 10.419
A67: Insumo | C67: ESQ.01 | D67: MERCADO | E67: PUXADOR PARA PORTA DUPLO, 80CM, EM AÇO INOX, LINHA: JADE, REF.:SYNETR OU EQUIVALENTE | F67: MATERIAL | G67: Un. | H67: 1 | I67: 398.81 | J67: =H67*I67 -> 398.81
A69: 13 | E69: PEDRAS
A70: 13.6 | B70: Item | C70: Código | D70: Banco | E70: Descrição | F70: Tipo | G70: Un. | H70: Qtd. | I70: Preço | J70: Total
A71: Composição | B71: 13.6 | C71: DIV.01 | D71: Próprio | E71: DIVISÓRIA EM GRANITO BRANCO DALLAS, ESP. 2CM, INCLUSIVE INSTALAÇÃO, FERRAGENS EM LATÃO CROMADO, E ACESSÓRIOS - BASEADO SETOP (ED-48533) | G71: M² | H71: 1 | I71: 781.95175 | J71: =SUM(J72:J80) -> 781.95175
A72: Composição | C72: ED-50381 | D72: SETOP | E72: PEDREIRO COM ENCARGOS COMPLEMENTARES | F72: SERVIÇOS DIVERSOS | G72: hora | H72: 2.4 | I72: 31.22 | J72: =H72*I72 -> 74.928
A73: Composição | C73: ED-50367 | D73: SETOP | E73: SERVENTE COM ENCARGOS COMPLEMENTARES | F73: SERVIÇOS DIVERSOS | G73: hora | H73: 4.8 | I73: 22.66 | J73: =H73*I73 -> 108.768
A74: Insumo | C74: MATED-11969 | D74: SETOP | E74: CANTONEIRA DE LATAO | F74: MATERIAL | G74: UN | H74: 3.72 | I74: 45.8 | J74: =H74*I74 -> 170.376
A75: Insumo | C75: MATED-11966 | D75: SETOP | E75: CHAPA SUPORTE DE LATAO CROMADO | F75: MATERIAL | G75: UN | H75: 1.53 | I75: 21.69 | J75: =H75*I75 -> 33.1857
A76: Insumo | C76: 10461 | D76: SBC | E76: GRANITO BRANCO DALLAS 2 CM | F76: MATERIAL | G76: M² | H76: 1 | I76: 350 | J76: =H76*I76 -> 350
A77: Insumo | C77: MATED-15101 | D77: SETOP | E77: MASSA PLÁSTICA (COR:BRANCA, CINZA OU PRETA|CATALIZADOR: INCLUSO|RENDIMENTO: 0,59KG/M2) | F77: MATERIAL | G77: KG | H77: 0.0256673 | I77: 35.37 | J77: =H77*I77 -> 0.9078524
A78: Insumo | C78: MATED-11968 | D78: SETOP | E78: PARAFUSO (ROSCA: UNC|APLICAÇÃO: PEDRAS|MATERIAL: LATÃO|CABEÇA DA PORCA: CALOTA PARA BUCHA|PORCA: INCLUSO|REFERÊCIA: 860CR OU EQUIVALENTE) | F78: MATERIAL | G78: UN | H78: 2.67 | I78: 8.68 | J78: =H78*I78 -> 23.1756
A79: Insumo | C79: MATED-11970 | D79: SETOP | E79: PARAFUSO (TIPO: CASTELO|MATERIAL: LATÃO|NÚMERO:8|ARRUELA: INCLUSA|BUCHA: INCLUSA) | F79: MATERIAL | G79: UN | H79: 2.55 | I79: 3.5 | J79: =H79*I79 -> 8.925
A80: Insumo | C80: MATED-11967 | D80: SETOP | E80: SUPORTE DE LATAO | F80: MATERIAL | G80: UN | H80: 0.27 | I80: 43.28 | J80: =H80*I80 -> 11.6856
A82: 13.7 | B82: Item | C82: Código | D82: Banco | E82: Descrição | F82: Tipo | G82: Un. | H82: Qtd. | I82: Preço | J82: Total
A83: Composição | B83: 13.7 | C83: DIV.02 | D83: Próprio | E83: PEITORIL DE GRANITO BRANCO DALLAS E= 2CM - BASEADO SETOP (ED-50997) | G83: M² | H83: 1 | I83: 433.79 | J83: =SUM(J84:J88) -> 433.79
A84: Composição | C84: ED-50381 | D84: SETOP | E84: PEDREIRO COM ENCARGOS COMPLEMENTARES | F84: SERVIÇOS DIVERSOS | G84: hora | H84: 1 | I84: 31.22 | J84: =H84*I84 -> 31.22
A85: Composição | C85: ED-50367 | D85: SETOP | E85: SERVENTE COM ENCARGOS COMPLEMENTARES | F85: SERVIÇOS DIVERSOS | G85: hora | H85: 1.5 | I85: 22.66 | J85: =H85*I85 -> 33.99
A86: Composição | C86: ED-50718 | D86: SETOP | E86: APLICAÇÃO DE REJUNTE CIMENTÍCIO COLORIDO INDUSTRIALIZADO PARA REVESTIMENTOS DE PAREDE/PISO COM JUNTAS DE ATÉ 3MM DE ESPESSURA | F86: SERVIÇOS DIVERSOS | G86: m2 | H86: 1 | I86: 7.83 | J86: =H86*I86 -> 7.83
A87: Insumo | C87: 37595 | D87: SINAPI | E87: ARGAMASSA COLANTE (TIPO: AC-III|UTILIZAÇÃO: AMBIENTES INTERNOS E EXTERNOS) | F87: MATERIAL | G87: KG | H87: 5 | I87: 2.15 | J87: =H87*I87 -> 10.75
A88: Insumo | C88: 10461 | D88: SBC | E88: GRANITO BRANCO DALLAS 2 CM | F88: MATERIAL | G88: M² | H88: 1 | I88: 350 | J88: =H88*I88 -> 350
A90: 19 | E90: DIVERSOS
A91: 19.1 | B91: Item | C91: Código | D91: Banco | E91: Descrição | F91: Tipo | G91: Un. | H91: Qtd. | I91: Preço | J91: Total
A92: Composição | B92: 19.1 | C92: DIV.03 | D92: Próprio | E92: BANCO DE CONCRETO 0,50X050cm | G92: M | H92: 1 | I92: 282.3075 | J92: =SUM(J93:J95) -> 282.3075
C93: 94963 | D93: SINAPI | E93: CONCRETO FCK = 15MPA, TRAÇO 1:3,4:3,5 (EM MASSA SECA DE CIMENTO/ AREIA MÉDIA/ BRITA 1) - PREPARO MECÂNICO COM BETONEIRA 400 L. AF_05/2021 | F93: SERVIÇOS DIVERSOS | G93: M3 | H93: 0.25 | I93: 508.67 | J93: =H93*I93 -> 127.1675
C94: 103670 | D94: SINAPI | E94: LANÇAMENTO COM USO DE BALDES, ADENSAMENTO E ACABAMENTO DE CONCRETO EM ESTRUTURAS. AF_02/2022 | F94: SERVIÇOS DIVERSOS | G94: M3 | H94: 0.25 | I94: 321.64 | J94: =H94*I94 -> 80.41
C95: ED-49645 | D95: SETOP | E95: FÔRMA E DESFORMA DE COMPENSADO RESINADO, ESP. 12MM, REAPROVEITAMENTO (3X), EXCLUSIVE ESCORAMENTO | G95: m2 | H95: 1 | I95: 74.73 | J95: =H95*I95 -> 74.73
B104: ______________________________________________
B105: Deivid Santos Coelho
B106: Engenheiro Civil
B107: CREA-MG: 232245/D
F295: 452.9096

Sheet QCP
A1: Obra | M1: Bancos
A2: REFORMA E AMPLIAÇÃO MERCADO MUNICIPAL MUNICÍPIO DE SERRO - MG | M2: PESQUISA DE MERCADO
A3: QUADRO COMPARATIVO DE PROPOSTA - PREÇO FINAL (MEDIANO)
C6: DESCRIÇÃO DO INSUMO (PRODUTO/EQUIPAMENTO/FERRAMENTA/SERVIÇO
A7: 1 | C7: DECK EM MADEIRA PLÁSTICA | Q7: UNID. | S7: ud | T7: PREÇO UNIT.
A9: REFERENCIA NA CPU | C9: NOME DA EMPRESA | F9: CNPJ | I9: TELEFONE | L9: LINK | O9: DATA | Q9: m² | S9: Quant | T9: PREÇO UNIT. | U9: PREÇO TOTAL
A10: DECK.01 | C10: Deck Deck | F10: 30.297.385/0001-61 | I10: (11) 97855-4676 | L10: https://deckdeck.com.br/produto/deck-madeira-plastica-wpc-brown-regua-25x145x300m-0870m2-caixa-com-02-pecas/ | O10: 45909 | Q10: m² | S10: 1 | T10: 433.7 | U10: =S10*T10 -> 433.7
C11: Você Constroi | F11: 61.740.510/0001-90 | L11: https://www.voceconstroi.com.br/produto/deck-regua-espacofloor-wpc-teca-15x290cm-71935 | O11: 45909 | Q11: m² | S11: 2.2988 | T11: 188.96 | U11: =S11*T11 -> 434.38125
C12: BR Floor | F12: 13.985.720/0001-03 | I12: (16) 99225-4574 | L12: https://www.brfloor.com.br/deck-area-externa-em-wpc?parceiro=9868&gad_source=4&gclid=Cj0KCQjwjLGyBhCYARIsAPqTz19oIRk_9PnE4OBOkcrKXSIaBdnCU0RYQb5wRlHMtVgrr6PekiFAuu4aAloOEALw_wcB | O12: 45909 | Q12: m² | S12: 2.3299 | T12: 165.6 | U12: =S12*T12 -> 385.83144
A13: OBS: Veja Anexo I - Cotação de Mercado | R13: Mediana: | T13: =MEDIAN(U10:U12) -> 433.7
C15: DESCRIÇÃO DO INSUMO (PRODUTO/EQUIPAMENTO/FERRAMENTA/SERVIÇO
A16: 2 | C16: PUXADOR PARA PORTA DUPLO, 80CM, EM AÇO INOX, LINHA: JADE, REF.:SYNETR OU EQUIVALENTE | Q16: UNID. | S16: ud | T16: PREÇO UNIT.
A18: REFERENCIA NA CPU | C18: NOME DA EMPRESA | F18: CNPJ | I18: TELEFONE | L18: LINK | O18: DATA | Q18: UNID. | S18: Quant | T18: PREÇO UNIT. | U18: PREÇO TOTAL
A19: ESQ.01 | C19: LaRoss | F19: 15.442.567/0001-95 | I19: (48) 9695-2871 | L19: https://lista.mercadolivre.com.br/puxador-duplo-de-porta-inox-df-926-cromado-italy-line-800mm?redirectedFromEshopZrp=551d748ccc1f48c8a66e208930765c2c122266877#D[A:Puxador%20Duplo%20De%20Porta%20Inox%20Df%20926%20Cromado%20Italy%20Line%20800MM,La%20Ross] | O19: 45909 | Q19: ud | S19: 1 | T19: 543.9 | U19: =S19*T19 -> 543.9
C20: Loja do Puxador | F20: 20.056.068/0001-08 | I20: (14) 9 9904- 2945 | L20: https://www.lojadopuxador.com.br/puxador-para-porta/puxadores-80-cm-para-portas-inox-escovado-pleno?parceiro=6531 | O20: 45909 | Q20: ud | S20: 1 | T20: =136.15*2 -> 272.3 | U20: =S20*T20 -> 272.3
C21: Formatto Puxadores e Fechaduras | F21: 23.454.833/0001-28 | I21: (49) 99916-1252 | L21: https://www.formattopuxadores.com.br/puxador-duplo-de-porta-inox-df-926-cromado-italy-line-800mm?utm_source=google&utm_medium=Shopping&utm_campaign=puxador-duplo-de-porta-inox-df-926-cromado-italy-line-800mm&inStock#derivacao=501 | O21: 45909 | Q21: ud | S21: 1 | T21: 398.81 | U21: =S21*T21 -> 398.81
A22: OBS: Veja Anexo I - Cotação de Mercado | R22: Mediana: | T22: =MEDIAN(U19:U21) -> 398.81
C24: DESCRIÇÃO DO INSUMO (PRODUTO/EQUIPAMENTO/FERRAMENTA/SERVIÇO
A25: 3 | C25: REVESTIMENTO EM ACM DOS 8 PILARES ESPAÇO DA FEIRA | Q25: UNID. | S25: ud | T25: PREÇO UNIT.
A27: REFERENCIA NA CPU | C27: NOME DA EMPRESA | F27: CNPJ | I27: TELEFONE | L27: CONTATO | O27: DATA | Q27: UNID. | S27: Quant | T27: PREÇO UNIT. | U27: PREÇO TOTAL
A28: DIV.04 | C28: Arte Comunicação | F28: 19.002.324/0001-97 | I28: (38) 3531-7923 | L28: LUCAS | O28: 45440 | Q28: ud | S28: 1 | T28: =SUM(18332.2+25786.8+11762.4) -> 55881.4 | U28: =S28*T28 -> 55881.4
C29: Evouliu Projetos Visuais | F29: 11.005.178/0001-41 | I29: (31) 2568-6368 | L29: Warley | O29: 45440 | Q29: ud | S29: 1 | T29: =35120+16520 -> 51640 | U29: =S29*T29 -> 51640
C30: Clips Digital | I30: (31)9576-5816 | O30: 45449 | Q30: ud | S30: 1 | T30: 0 | U30: =S30*T30 -> 0
A31: OBS: Veja Anexo I - Cotação de Mercado | R31: Mediana: | T31: =MEDIAN(U28:U30) -> 51640
C33: DESCRIÇÃO DO INSUMO (PRODUTO/EQUIPAMENTO/FERRAMENTA/SERVIÇO
A34: 4 | C34: LETREIRO EM ACM "MERCADO MUNICIPAL" | Q34: UNID. | S34: ud | T34: PREÇO UNIT.
A36: REFERENCIA NA CPU | C36: NOME DA EMPRESA | F36: CNPJ | I36: TELEFONE | L36: LINK | O36: DATA | Q36: UNID. | S36: Quant | T36: PREÇO UNIT. | U36: PREÇO TOTAL
A37: DIV.05 | C37: Arte Comunicação | F37: 19.002.324/0001-97 | I37: (38) 3531-7923 | L37: LUCAS | O37: 45440 | Q37: ud | S37: 1 | T37: 5200 | U37: =S37*T37 -> 5200
C38: Evouliu Projetos Visuais | F38: 11.005.178/0001-41 | I38: (31) 2568-6368 | L38: Warley | O38: 45440 | Q38: ud | S38: 1 | T38: =SUM(1422+1651.5) -> 3073.5 | U38: =S38*T38 -> 3073.5
C39: - | Q39: ud | S39: 1 | T39: 0 | U39: =S39*T39 -> 0
A40: OBS: Veja Anexo I - Cotação de Mercado | R40: Mediana: | T40: =MEDIAN(U37:U39) -> 3073.5
C42: DESCRIÇÃO DO INSUMO (PRODUTO/EQUIPAMENTO/FERRAMENTA/SERVIÇO
A43: 5 | C43: ELABORAÇÃO DE RELATÓRIO FCA | Q43: UNID. | S43: ud | T43: PREÇO UNIT.
A45: REFERENCIA NA CPU | C45: NOME DA EMPRESA | F45: CNPJ | I45: TELEFONE | L45: CONTATO | O45: DATA | Q45: UNID. | S45: Quant | T45: PREÇO UNIT. | U45: PREÇO TOTAL
A46: ARQ01 | C46: Múndi Soluções Ambientais | F46: 22.819.133/0001-27 | I46: (38) 99927-7457 | L46: Gilson Demetrio | O46: 45709 | Q46: ud | S46: 1 | T46: 1200 | U46: =S46*T46 -> 1200
Q47: ud | S47: 1 | U47: =S47*T47 -> 0
Q48: ud | S48: 1 | U48: =S48*T48 -> 0
A49: OBS: Veja Anexo I - Cotação de Mercado | R49: Mediana: | T49: =T46 -> 1200
C51: DESCRIÇÃO DO INSUMO (PRODUTO/EQUIPAMENTO/FERRAMENTA/SERVIÇO
A52: 7 | C52: ELABORAÇÃO DE RELATÓRIO INICIAL | Q52: UNID. | S52: ud | T52: PREÇO UNIT.
A54: REFERENCIA NA CPU | C54: NOME DA EMPRESA | F54: CNPJ | I54: TELEFONE | L54: CONTATO | O54: DATA | Q54: UNID. | S54: Quant | T54: PREÇO UNIT. | U54: PREÇO TOTAL
A55: ARQ02 | C55: Múndi Soluções Ambientais | F55: 22.819.133/0001-27 | I55: (38) 99927-7457 | L55: Gilson Demetrio | O55: 45709 | Q55: ud | S55: 1 | T55: 4480 | U55: =S55*T55 -> 4480
Q56: ud | S56: 1 | U56: =S56*T56 -> 0
Q57: ud | S57: 1 | U57: =S57*T57 -> 0
A58: OBS: Veja Anexo I - Cotação de Mercado | R58: Mediana: | T58: =T55 -> 4480
C60: DESCRIÇÃO DO INSUMO (PRODUTO/EQUIPAMENTO/FERRAMENTA/SERVIÇO
A61: 8 | C61: ELABORAÇÃO DE RELATÓRIO FINAL | Q61: UNID. | S61: ud | T61: PREÇO UNIT.
A63: REFERENCIA NA CPU | C63: NOME DA EMPRESA | F63: CNPJ | I63: TELEFONE | L63: CONTATO | O63: DATA | Q63: UNID. | S63: Quant | T63: PREÇO UNIT. | U63: PREÇO TOTAL
A64: ARQ03 | C64: Múndi Soluções Ambientais | F64: 22.819.133/0001-27 | I64: (38) 99927-7457 | L64: Gilson Demetrio | O64: 45709 | Q64: ud | S64: 1 | T64: 4480 | U64: =S64*T64 -> 4480
Q65: ud | S65: 1 | U65: =S65*T65 -> 0
Q66: ud | S66: 1 | U66: =S66*T66 -> 0
A67: OBS: Veja Anexo I - Cotação de Mercado | R67: Mediana: | T67: =T64 -> 4480
C69: DESCRIÇÃO DO INSUMO (PRODUTO/EQUIPAMENTO/FERRAMENTA/SERVIÇO
A70: 9 | C70: ENDOSSO INSTITUCIONAL | Q70: UNID. | S70: ud | T70: PREÇO UNIT.
A72: REFERENCIA NA CPU | C72: NOME DA EMPRESA | F72: CNPJ | I72: TELEFONE | L72: CONTATO | O72: DATA | Q72: UNID. | S72: Quant | T72: PREÇO UNIT. | U72: PREÇO TOTAL
A73: ARQ04 | C73: Múndi Soluções Ambientais | F73: 22.819.133/0001-27 | I73: (38) 99927-7457 | L73: Gilson Demetrio | O73: 45709 | Q73: ud | S73: 1 | T73: 3000 | U73: =S73*T73 -> 3000
Q74: ud | S74: 1 | U74: =S74*T74 -> 0
Q75: ud | S75: 1 | U75: =S75*T75 -> 0
A76: OBS: Veja Anexo I - Cotação de Mercado | R76: Mediana: | T76: =T73 -> 3000
B80: ______________________________________________
B81: Deivid Santos Coelho
B82: Engenheiro Civil
B83: CREA-MG: 232245/D-MG

Sheet BDI EQUIPAMENTOS
B1: CALCULO DO BDI EQUIPAMENTOS
B4: TÍTULO | J4: FOLHA:
B5: REFORMA E AMPLIAÇÃO MERCADO MUNICIPAL MUNICÍPIO DE SERRO - MG | J5: 1
J6: DATA:
J7: 9/2025
J8: PRAZO:
J9: Vigência
B11: Empreendimento
B13: Município | K13: UF
B14: SERRO | K14: MG
B15: Parâmetros para cálculo do BDI
B16: Itens Admissíveis | C16: Intervalos admissíveis sem justificativa | I16: Índices adotados
B18: Administração Central (AC) | C18: De | D18: 0.015 | F18: até | G18: 0.0449 | I18: Administração Central (AC) | K18: 0.04 | N18: 0.0425 | Q18: 0.03
B19: Seguro e Garantia (S+G) | C19: De | D19: 0.003 | F19: até | G19: 0.0082 | I19: Seguro e Garantia (S+G) | K19: 0.008 | N19: 0.009 | Q19: 0.008
B20: Risco (R) | C20: De | D20: 0.0045 | F20: até | G20: 0.0089 | I20: Risco (R) | K20: 0.008 | N20: 0.0123 | Q20: 0.0097
B21: Despesas financeiras (DF) | C21: De | D21: 0.0085 | F21: até | G21: 0.0111 | I21: Despesas financeiras (DF) | K21: 0.01 | N21: 0.0095 | Q21: 0.0059
B22: Lucro (L) | C22: De | D22: 0.035 | F22: até | G22: 0.0622 | I22: Lucro (L) | K22: 0.05 | N22: 0.0633 | Q22: 0.0616
B23: Tributos (T) | C23: De | D23: 0.0365 | F23: até | G23: 0.0665 | I23: Tributos (T) | K23: 0.0365 | N23: 0.0865 | Q23: 0.0703
B24: ISS | K24: 0
B25: PIS | K25: 0.0065
B26: CONFINS | K26: 0.03
B27: INSS desoneração (E) | D27: 0 | F27: ou | G27: 0.045 | I27: INSS desoneração (E) | K27: 0 | N27: 0.045 | Q27: 0
B28: Controle
B29: Administração Central (AC) | C29: =IF(K18>G18,"Incidência maior que a permitida",IF(K18<D18,"Incidência menor que a permitida","ok")) -> ok
B30: Seguro e Garantia (S+G) | C30: =IF(K19>G19,"Incidência maior que a permitida",IF(K19<0,"Incidência menor que a permitida","ok")) -> ok | L30: BDI ADMISSÍVEL | M30: BDI NÃO ADMISSÍVEL
B31: Risco (R) | C31: =IF(K20>G20,"Incidência maior que a permitida",IF(K20<0,"Incidência menor que a permitida","ok")) -> ok | L31: 0.2646 | M31: 0.3148
B32: Despesas financeiras (DF) | C32: =IF(K21>G21,"Incidência maior que a permitida",IF(K21<D21,"Incidência menor que a permitida","ok")) -> ok | L32: 0.111 | M32: 0.168
B33: Lucro (L) | C33: =IF(K22>G22,"Incidência maior que a permitida",IF(K22<D22,"Incidência menor que a permitida","ok")) -> ok
B34: Tributos (T) | C34: =IF(K23>G23,"Incidência maior que a permitida",IF(K23<D23,"Incidência menor que a permitida","ok")) -> ok
B35: INSS desoneração (E) | C35: =IF(K27=D27,"ok",IF(K27=G27,"ok","Incidência não permitida")) -> ok
B36: BDI CALCULADO ----> | C36: BDI =[(1+AC+S+R+G)*(1+DF)*(1+L)/(1-(T+E))-1] | K36: =ROUND(((1+K18+K19+K20)*(1+K21)*(1+K22)/(1-(K23+K27))-1),4) -> 0.1623
B37: =IF(K27=0.045,IF(AND(K36>=L31,K36<=M31),L30,M30),IF(AND(K36>=L32,K36<=M32),L30,M30)) -> BDI ADMISSÍVEL

Sheet BDI SERVIÇOS
A1: BDI - SERVIÇOS | AB1: 1 | AF1: CONSTRUÇÃO DE EDIFÍCIOS | AG1: 0.04 | AH1: 0.008 | AI1: 0.0127 | AJ1: 0.0123 | AK1: 0.074
A2: CONTRATANTE: | B2: PREFEITURA MUNICIPAL DE SERRO | S2: PLANILHA MODELO: | Z2: REV_00 | AF2: CONSTRUÇÃO DE RODOVIAS E FERROVIAS | AG2: 0.0401 | AH2: 0.004 | AI2: 0.0056 | AJ2: 0.0111 | AK2: 0.073
A3: PROJETO: | B3: REFORMA E AMPLIAÇÃO MERCADO MUNICIPAL | S3: NÃO DESONERADA | Z3: 45912 | AF3: CONSTRUÇÃO DE REDES DE ABASTECIMENTO DE ÁGUA, COLETA DE ESGOTO E CONSTRUÇÕES CORRELATAS | AG3: 0.0493 | AH3: 0.0049 | AI3: 0.0139 | AJ3: 0.0099 | AK3: 0.0804
A4: LOCAL: | B4: SERRO - MG | AF4: CONSTRUÇÃO DE MANUNTEÇÃO DE ESTAÇÕES E REDES DE DISTRIBUIÇÃO DE ENERGIA ELÉTRICA | AG4: 0.0592 | AH4: 0.0051 | AI4: 0.0148 | AJ4: 0.0107 | AK4: 0.0831
A5: CONSTRUÇÃO DE EDIFÍCIOS | AF5: OBRAS PORTUÁRIAS, MARÍTIMAS E FLUVIAIS | AG5: 0.0552 | AH5: 0.0122 | AI5: 0.0232 | AJ5: 0.0102 | AK5: 0.084
AF6: CAEMA | AG6: 0.0493 | AH6: 0.0049 | AI6: 0.0139 | AJ6: 0.0099 | AK6: 0.0804
A7: AC = | B7: ADMINISTRAÇÃO CENTRAL = | G7: =VLOOKUP(A5,AF1:AK6,2,0) -> 0.04
A8: S + G = | B8: SEGURO + GARANTIAS = | G8: =VLOOKUP(A5,AF1:AK6,3,0) -> 0.008
A9: R = | B9: RISCO = | G9: =VLOOKUP(A5,AF1:AK6,4,0) -> 0.0127 | AG9: ADM | AH9: SG | AI9: RI | AJ9: DF | AK9: LU
A10: DF = | B10: DESPESAS FINANCEIRAS = | G10: =VLOOKUP(A5,AF1:AK6,5,0) -> 0.0123
A11: L = | B11: LUCRO = | G11: =VLOOKUP(A5,AF1:AK6,6,0) -> 0.074
A12: I = | B12: IMPOSTOS = | G12: =SUM(G13:G16) -> 0.0565
E13: COFINS | G13: 0.03
E14: PIS | G14: 0.0065
E15: ISS | G15: 0.02
B21: BDI = | C21: [ | D21: [( | E21: 1 | F21: + | G21: =G7 -> 0.04 | H21: + | I21: =G8 -> 0.008 | J21: + | K21: =G9 -> 0.0127 | L21: )x | M21: ( | N21: 1 | O21: + | P21: =G10 -> 0.0123 | Q21: )x | R21: ( | S21: 1 | T21: + | U21: =G11 -> 0.074 | V21: )] | W21: ] | X21: -1 | Y21: = | Z21: =ROUND((((E21+G21+I21+K21)*(N21+P21)*(S21+U21))/(N23-P23))-1,4) -> 0.2223
M23: ( | N23: 1 | O23: - | P23: =G12 -> 0.0565 | Q23: )
A25: 1 - FORMULA CONFORME ACORDAO nº 2622/2013 TCU - PLENÁRIO

Sheet Encargos Sociais
A1: COMPOSIÇÃO DOS ENCARGOS SOCIAIS | I1: =724 -> 724
A4: TÍTULO | H4: FOLHA:
A5: =RESUMO!B2 -> REFORMA E AMPLIAÇÃO MERCADO MUNICIPAL MUNICÍPIO DE SERRO - MG | H5: 1
H6: DATA:
H7: 9/2025
H8: PRAZO:
H9: Vigência 2025
A11: QUADRO DE COMPOSIÇÃO DOS ENCARGOS SOCIAIS SOBRE A MÃO DE OBRA SEM DESONERAÇÃO
A12: TAXAS DE LEIS SOCIAIS E RISCO DE TRABALHO
A13: DISCRIMINAÇÃO | G13: HORISTA | H13: MENSALISTA
A14: GRUPO A
A15: A.1 | C15: INSS | G15: 0.2 | H15: 0.2
A16: A.2 | C16: SESI / SESC | G16: 0.015 | H16: 0.015
A17: A.3 | C17: SENAI / SENAC | G17: 0.01 | H17: 0.01
A18: A.4 | C18: INCRA | G18: 0.002 | H18: 0.002
A19: A.5 | C19: SEBRAE | G19: 0.006 | H19: 0.006
A20: A.6 | C20: SALÁRIO EDUCAÇÃO | G20: 0.025 | H20: 0.025
A21: A.7 | C21: SEGURO ACIDENTE TRABALHO | G21: 0.03 | H21: 0.03
A22: A.8 | C22: FGTS | G22: 0.08 | H22: 0.08
A23: A.9 | C23: SECONCI | G23: 0.012 | H23: 0.012
A24: SUBTOTAL | G24: =SUM(G15:G23) -> 0.38 | H24: =SUM(H15:H23) -> 0.38
A25: GRUPO B
A26: B.1 | C26: REPOUSO SEMANAL REMUNERADO | G26: 0.1776 | H26: Não Incide
A27: B.2 | C27: FERIADOS / DIAS NÃO TRABALHADOS | G27: 0.0368 | H27: Não Incide
A28: B.3 | C28: AUXÍLIO ENFERMIDADES | G28: 0.0086 | H28: 0.0065
A29: B.4 | C29: 13º SALÁRIO | G29: 0.1106 | H29: 0.0833
A30: B.5 | C30: LICENÇA PATERNIDADE | G30: 0.0007 | H30: 0.0005
A31: B.6 | C31: FALTAS JUSTIFICADAS | G31: 0.0074 | H31: 0.0056
A32: B.7 | C32: DIAS DE CHUVA | G32: 0.0109 | H32: Não Incide
A33: B.8 | C33: AUXILIO ACIDENTE DE TRABALHO | G33: 0.001 | H33: 0.0007
A34: B.9 | C34: FÉRIAS + 1/3 FÉRIAS (separar férias e abono) | G34: 0.1384 | H34: 0.1042
A35: B.10 | C35: SALÁRIO MATERNIDADE | G35: 0.0003 | H35: 0.0003
A36: SUBTOTAL | G36: =SUM(G26:G35) -> 0.4923 | H36: =SUM(H27:H35) -> 0.2011
A37: GRUPO C
A38: C.1 | C38: AVISO PRÉVIO INDENIZADO | G38: 0.0597 | H38: 0.045
A39: C.2 | C39: AVISO PRÉVIO TRABALHADO | G39: 0.0014 | H39: 0.0011
A40: C.3 | C40: FÉRIAS INDENIZADAS | G40: 0.0093 | H40: 0.007
A41: C.4 | C41: DEPÓSITO RESCUSÃO SEM JUSTA CAUSA | G41: 0.0278 | H41: 0.0209
A42: C.5 | C42: INDENIZAÇÃO ADICIONAL | G42: 0.005 | H42: 0.0038
A43: SUBTOTAL | G43: =SUM(G38:G42) -> 0.1032 | H43: =SUM(H38:H42) -> 0.0778
A44: GRUPO D
A45: D.1 | C45: REINCIDÊNCIA DE GRUPO A SOBRE GRUPO B | G45: 0.1871 | H45: 0.0764
A46: D.2 | C46: REINCIDÊNCIA DE GRUPO I SOBRE AVISO PRÉVIO TRABALHADO E REICIDÊNCIA DO FGTS SOBRE AVISO PRÉVIO | G46: 0.0053 | H46: 0.004
A47: SUBTOTAL | G47: =SUM(G45:G46) -> 0.1924 | H47: =SUM(H45:H46) -> 0.0804
A48: TOTAL | G48: =G47+G43+G36+G24 -> 1.1679 | H48: =H47+H43+H36+H24 -> 0.7393

Sheet Cronograma
B1: Obra | C1: Bancos | N1: B.D.I. | Q1: Encargos Sociais
B2: REFORMA E AMPLIAÇÃO MERCADO MUNICIPAL MUNICÍPIO DE SERRO - MG | C2: =RESUMO!C2 -> SINAPI - 07/2025 - Minas Gerais SETOP/SICOR - 04/2025 - Minas Gerais SBC - 08/2025 - Minas Gerais ORSE - 06/2025 - Sergipe EMBASA - 01/2025 - Bahia CPOS - 02/2025 - São Paulo GOINFRA - 12/2024 - Goiás | N2: SERVIÇO: | O2: ='BDI SERVIÇOS'!$Z$21 -> 0.2223 | Q2: Sem Desoneração
N3: EQUIPAMENTOS: | O3: ='BDI EQUIPAMENTOS'!$K$36 -> 0.1623 | Q3: Horista: | R3: ='Encargos Sociais'!$G$48 -> 1.1679
Q4: Mensalista: | R4: ='Encargos Sociais'!$H$48 -> 0.7393
A5: Cronograma Físico e Financeiro
A6: Item | B6: Descrição | C6: Total Por Etapa | D6: 1 | E6: 2 | F6: 3 | G6: 4 | H6: 5 | I6: 6 | J6: 7 | K6: 8 | L6: 9 | M6: 10 | N6: 11 | O6: 12 | P6: 13 | Q6: 14 | R6: 15
A7: 1 | B7: =RESUMO!B13 -> ADMINISTRAÇÃO | C7: =C8/$C$49 -> 0.24121908 | D7: 0.015651967 | E7: 0.16818625 | F7: 0.2230784 | G7: 0.1788057 | H7: 0.041747905 | I7: 0.048880572 | J7: 0.049809577 | K7: 0.052267716 | L7: 0.06432589 | M7: 0.055787773 | N7: 0.040809101 | O7: 0.014627953 | P7: 0.022046351 | Q7: 0.017427565 | R7: 0.0065472795 | T7: =SUM(D7:R7) -> 1 | U7: =SUM(D7:R7) -> 1 | V7: =1-U7 -> 3.1188407e-10
C8: =RESUMO!H13 -> 1010425.5 | D8: =$C8*D7 -> 15815.147 | E8: =$C8*E7 -> 169939.69 | F8: =$C8*F7 -> 225404.11 | G8: =$C8*G7 -> 180669.84 | H8: =$C8*H7 -> 42183.149 | I8: =$C8*I7 -> 49390.178 | J8: =$C8*J7 -> 50328.869 | K8: =$C8*K7 -> 52812.635 | ... R8: =$C8*R7 -> 6615.5384
A9: 2 | B9: =RESUMO!B14 -> SERVIÇOS PRELIMINARES | C9: =C10/$C$49 -> 0.027872684 | D9: 0.4 | E9: 0.6 | T9: =SUM(D9:R9) -> 1 | U9: =SUM(D9:R9) -> 1 | V9: =1-U9 -> 0
C10: =RESUMO!H14 -> 116753.91 | D10: =$C10*D9 -> 46701.565 | E10: =$C10*E9 -> 70052.348
A11: 3 | B11: =RESUMO!B15 -> DRENAGEM E PAVIMENTAÇÃO DA TRAVESSA MAGALHÃES | C11: =C12/$C$49 -> 0.35013894 | E11: 0.3 | F11: 0.4 | G11: 0.3 | T11: =SUM(D11:R11) -> 1 | U11: =SUM(D11:R11) -> 1 | V11: =1-U11 -> 0
C12: =RESUMO!H15 -> 1466672.2 | E12: =$C12*E11 -> 440001.67 | F12: =$C12*F11 -> 586668.89 | G12: =$C12*G11 -> 440001.67
A13: 4 | B13: =RESUMO!B16 -> ESTRUTURAL | C13: =C14/$C$49 -> 0.115277 | F13: 0.2 | G13: 0.2 | H13: 0.25 | I13: 0.25 | J13: 0.1 | T13: =SUM(D13:R13) -> 1 | U13: =SUM(D13:R13) -> 1 | V13: =1-U13 -> 0
C14: =RESUMO!H16 -> 482875.66 | F14: =$C14*F13 -> 96575.131 | G14: =$C14*G13 -> 96575.131 | H14: =$C14*H13 -> 120718.91 | I14: =$C14*I13 -> 120718.91 | J14: =$C14*J13 -> 48287.566
A15: 5 | B15: =RESUMO!B17 -> DEMOLIÇÕES E REMOÇOES | C15: =C16/$C$49 -> 0.006108533 | E15: 0.3 | F15: 0.35 | G15: 0.35 | T15: =SUM(D15:R15) -> 1 | U15: =SUM(D15:R15) -> 1 | V15: =1-U15 -> 0
C16: =RESUMO!H17 -> 25587.602 | E16: =$C16*E15 -> 7676.2805 | F16: =$C16*F15 -> 8955.6605 | G16: =$C16*G15 -> 8955.6605
A17: 6 | B17: =RESUMO!B18 -> ALVENARIA | C17: =C18/$C$49 -> 0.0071030785 | G17: 0.2 | H17: 0.3 | I17: 0.3 | J17: 0.2 | T17: =SUM(D17:R17) -> 1 | U17: =SUM(D17:R17) -> 1 | V17: =1-U17 -> 0
C18: =RESUMO!H18 -> 29753.583 | G18: =$C18*G17 -> 5950.7166 | H18: =$C18*H17 -> 8926.0749 | I18: =$C18*I17 -> 8926.0749 | J18: =$C18*J17 -> 5950.7166
A19: 7 | B19: =RESUMO!B19 -> HIDROSSANITÁRIO | C19: =C20/$C$49 -> 0.012414996 | J19: 0.1 | K19: 0.2 | L19: 0.2 | M19: 0.2 | N19: 0.2 | O19: 0.1 | T19: =SUM(D19:R19) -> 1 | U19: =SUM(D19:R19) -> 1 | V19: =1-U19 -> 0
C20: =RESUMO!H19 -> 52004.3 | J20: =$C20*J19 -> 5200.43 | K20: =$C20*K19 -> 10400.86 | L20: =$C20*L19 -> 10400.86 | M20: =$C20*M19 -> 10400.86 | N20: =$C20*N19 -> 10400.86 | O20: =$C20*O19 -> 5200.43
A21: 8 | B21: =RESUMO!B20 -> INSTALAÇÇÕES ELÉTRICAS | C21: =C22/$C$49 -> 0.022736926 | J21: 0.1 | K21: 0.1 | L21: 0.2 | M21: 0.2 | N21: 0.2 | O21: 0.1 | P21: 0.1 | T21: =SUM(D21:R21) -> 1 | U21: =SUM(D21:R21) -> 1 | V21: =1-U21 -> 0
C22: =RESUMO!H20 -> 95241.099 | J22: =$C22*J21 -> 9524.1099 | K22: =$C22*K21 -> 9524.1099 | L22: =$C22*L21 -> 19048.22 | M22: =$C22*M21 -> 19048.22 | N22: =$C22*N21 -> 19048.22 | O22: =$C22*O21 -> 9524.1099 | P22: =$C22*P21 -> 9524.1099
A23: 9 | B23: =RESUMO!B21 -> REVESTIMENTO DE PISOS | C23: =C24/$C$49 -> 0.054288016 | K23: 0.25 | L23: 0.25 | M23: 0.25 | N23: 0.25 | T23: =SUM(D23:R23) -> 1 | U23: =SUM(D23:R23) -> 1 | V23: =1-U23 -> 0
C24: =RESUMO!H21 -> 227403.23 | K24: =$C24*K23 -> 56850.807 | L24: =$C24*L23 -> 56850.807 | M24: =$C24*M23 -> 56850.807 | N24: =$C24*N23 -> 56850.807
A25: 10 | B25: =RESUMO!B22 -> REVESTIMENTO DE PAREDES | C25: =C26/$C$49 -> 0.02706066 | I25: 0.2 | J25: 0.3 | K25: 0.3 | L25: 0.2 | T25: =SUM(D25:R25) -> 1 | U25: =SUM(D25:R25) -> 1 | V25: =1-U25 -> 0
C26: =RESUMO!H22 -> 113352.48 | I26: =$C26*I25 -> 22670.496 | J26: =$C26*J25 -> 34005.745 | K26: =$C26*K25 -> 34005.745 | L26: =$C26*L25 -> 22670.496
A27: 11 | B27: =RESUMO!B23 -> ESQUADRIAS | C27: =C28/$C$49 -> 0.035672889 | J27: 0.35 | K27: 0.35 | L27: 0.3 | T27: =SUM(D27:R27) -> 1 | U27: =SUM(D27:R27) -> 1 | V27: =1-U27 -> 0
C28: =RESUMO!H23 -> 149427.64 | J28: =$C28*J27 -> 52299.673 | K28: =$C28*K27 -> 52299.673 | L28: =$C28*L27 -> 44828.292
A29: 12 | B29: =RESUMO!B24 -> FORRO EM GESSO ACARTONADO | C29: =C30/$C$49 -> 0.010033271 | L29: 0.5 | M29: 0.5 | T29: =SUM(D29:R29) -> 1 | U29: =SUM(D29:R29) -> 1 | V29: =1-U29 -> 0
C30: =RESUMO!H24 -> 42027.661 | L30: =$C30*L29 -> 21013.83 | M30: =$C30*M29 -> 21013.83
A31: 13 | B31: =RESUMO!B25 -> PEDRAS - BANCADAS, SOLEIRAS, DIVISÓRIAS E PRATELEIRAS | C31: =C32/$C$49 -> 0.01269779 | L31: 0.5 | M31: 0.5 | T31: =SUM(D31:R31) -> 1 | U31: =SUM(D31:R31) -> 1 | V31: =1-U31 -> 0
C32: =RESUMO!H25 -> 53188.874 | L32: =$C32*L31 -> 26594.437 | M32: =$C32*M31 -> 26594.437
A33: 14 | B33: =RESUMO!B26 -> PINTURA TETO | C33: =C34/$C$49 -> 0.0076175982 | M33: 0.5 | N33: 0.5 | T33: =SUM(D33:R33) -> 1 | U33: =SUM(D33:R33) -> 1 | V33: =1-U33 -> 0
C34: =RESUMO!H26 -> 31908.818 | M34: =$C34*M33 -> 15954.409 | N34: =$C34*N33 -> 15954.409
A35: 15 | B35: =RESUMO!B27 -> PINTURA PAREDES EXTERNAS E INTERNAS | C35: =C36/$C$49 -> 0.014566598 | M35: 0.4 | N35: 0.4 | O35: 0.2 | T35: =SUM(D35:R35) -> 1 | U35: =SUM(D35:R35) -> 1 | V35: =1-U35 -> 0
C36: =RESUMO!H27 -> 61016.991 | M36: =$C36*M35 -> 24406.796 | N36: =$C36*N35 -> 24406.796 | O36: =$C36*O35 -> 12203.398
A37: 16 | B37: =RESUMO!B28 -> CORRIMÃO | C37: =C38/$C$49 -> 0.0049497385 | O37: 0.5 | P37: 0.5 | T37: =SUM(D37:R37) -> 1 | U37: =SUM(D37:R37) -> 1 | V37: =1-U37 -> 0
C38: =RESUMO!H28 -> 20733.609 | O38: =$C38*O37 -> 10366.805 | P38: =$C38*P37 -> 10366.805
A39: 17 | B39: =RESUMO!B29 -> GUARDA CORPO | C39: =C40/$C$49 -> 0.0038073189 | P39: 0.5 | Q39: 0.5 | T39: =SUM(D39:R39) -> 1 | U39: =SUM(D39:R39) -> 1 | V39: =1-U39 -> 0
C40: =RESUMO!H29 -> 15948.209 | P40: =$C40*P39 -> 7974.1043 | Q40: =$C40*Q39 -> 7974.1043
A41: 18 | B41: =RESUMO!B30 -> PLATAFORMA ELEVATÓRIA | C41: =C42/$C$49 -> 0.01517272 | P41: 0.5 | Q41: 0.5 | T41: =SUM(D41:R41) -> 1 | U41: =SUM(D41:R41) -> 1 | V41: =1-U41 -> 0
C42: =RESUMO!H30 -> 63555.933 | P42: =$C42*P41 -> 31777.967 | Q42: =$C42*Q41 -> 31777.967
A43: 19 | B43: =RESUMO!B31 -> DIVERSOS | C43: =C44/$C$49 -> 0.0058747618 | O43: 0.25 | P43: 0.3 | Q43: 0.3 | R43: 0.15 | T43: =SUM(D43:R43) -> 1 | U43: =SUM(D43:R43) -> 1 | V43: =1-U43 -> 0
C44: =RESUMO!H31 -> 24608.374 | O44: =$C44*O43 -> 6152.0935 | P44: =$C44*P43 -> 7382.5122 | Q44: =$C44*Q43 -> 7382.5122 | R44: =$C44*R43 -> 3691.2561
A45: 20 | B45: =RESUMO!B32 -> PAISAGISMO | C45: =C46/$C$49 -> 0.0024878301 | Q45: 0.5 | R45: 0.5 | T45: =SUM(D45:R45) -> 1 | U45: =SUM(D45:R45) -> 1 | V45: =1-U45 -> 0
C46: =RESUMO!H32 -> 10421.096 | Q46: =$C46*Q45 -> 5210.5478 | R46: =$C46*R45 -> 5210.5478
A47: 21 | B47: =RESUMO!B33 -> LIMPEZA DURANTE E FINAL DA OBRA | C47: =C48/$C$49 -> 0.022899572 | D47: =D48/$C48 -> 0.031762186 | E47: =E48/$C48 -> 0.17549099 | F47: =F48/$C48 -> 0.17549099 | G47: =G48/$C48 -> 0.17549099 | H47: =H48/$C48 -> 0.031762186 | I47: =I48/$C48 -> 0.031762186 | J47: =J48/$C48 -> 0.031762186 | K47: =K48/$C48 -> 0.031762186 | ... R47: =R48/$C48 -> 0.124143 | T47: =SUM(D47:R47) -> 1 | U47: =SUM(D47:R47) -> 1 | V47: =1-U47 -> 0
C48: =RESUMO!H33 -> 95922.395 | D48: =[3]SINTÉTICA!$J$369/15 -> 3046.705 | E48: =[3]SINTÉTICA!$J$369/15+[3]SINTÉTICA!$J$370/3 -> 16833.516 | F48: =[3]SINTÉTICA!$J$369/15+[3]SINTÉTICA!$J$370/3 -> 16833.516 | G48: =[3]SINTÉTICA!$J$369/15+[3]SINTÉTICA!$J$370/3 -> 16833.516 | H48: =[3]SINTÉTICA!$J$369/15 -> 3046.705 | I48: =[3]SINTÉTICA!$J$369/15 -> 3046.705 | J48: =[3]SINTÉTICA!$J$369/15 -> 3046.705 | K48: =[3]SINTÉTICA!$J$369/15 -> 3046.705 | L48: =[3]SINTÉTICA!$J$369/15 -> 3046.705 | M48: =[3]SINTÉTICA!$J$369/15 -> 3046.705 | N48: =[3]SINTÉTICA!$J$369/15 -> 3046.705 | O48: =[3]SINTÉTICA!$J$369/15 -> 3046.705 | ... Q48: =[3]SINTÉTICA!$J$369/15 -> 3046.705 | R48: =[3]SINTÉTICA!$J$369/15+[3]SINTÉTICA!$J$371 -> 11908.093
C49: =SUM(C8,C10,C12,C14,C16,C18,C20,C22,C24,C26,C28,C30,C32,C34,C36,C38,C40,C42,C44,C46,C48) -> 4188829.2
C51: Porcentagem | D51: 0.0090303902 | E51: 0.14825898 | F51: 0.21259 | G51: 0.17062979 | H51: 0.044856893 | I51: 0.052700837 | J51: 0.053722484 | K51: 0.05642575 | L51: 0.06952856 | M51: 0.060139013 | N51: 0.043824471 | O51: 0.015032514 | P51: 0.023190681 | Q51: 0.018111305 | R51: 0.02195833
C52: Custo | D52: =SUM(D8,D10,D12,D14,D16,D18,D20,D22,D24,D26,D28,D30,D32,D34,D36,D38,D40,D42,D44,D46,D48) -> 65563.418 | E52: =SUM(E8,E10,E12,E14,E16,E18,E20,E22,E24,E26,E28,E30,E32,E34,E36,E38,E40,E42,E44,E46,E48) -> 704503.5 | F52: =SUM(F8,F10,F12,F14,F16,F18,F20,F22,F24,F26,F28,F30,F32,F34,F36,F38,F40,F42,F44,F46,F48) -> 934437.31 | G52: =SUM(G8,G10,G12,G14,G16,G18,G20,G22,G24,G26,G28,G30,G32,G34,G36,G38,G40,G42,G44,G46,G48) -> 748986.54 | H52: =SUM(H8,H10,H12,H14,H16,H18,H20,H22,H24,H26,H28,H30,H32,H34,H36,H38,H40,H42,H44,H46,H48) -> 174874.84 | I52: =SUM(I8,I10,I12,I14,I16,I18,I20,I22,I24,I26,I28,I30,I32,I34,I36,I38,I40,I42,I44,I46,I48) -> 204752.37 | J52: =SUM(J8,J10,J12,J14,J16,J18,J20,J22,J24,J26,J28,J30,J32,J34,J36,J38,J40,J42,J44,J46,J48) -> 208643.81 | K52: =SUM(K8,K10,K12,K14,K16,K18,K20,K22,K24,K26,K28,K30,K32,K34,K36,K38,K40,K42,K44,K46,K48) -> 218940.54 | ... R52: =SUM(R8,R10,R12,R14,R16,R18,R20,R22,R24,R26,R28,R30,R32,R34,R36,R38,R40,R42,R44,R46,R48) -> 27425.436
C53: Porcentagem Acumulado | D53: =D51 -> 0.0090303902 | E53: =E51+D53 -> 0.15728937 | F53: =F51+E53 -> 0.36987937 | G53: =G51+F53 -> 0.54050916 | H53: =H51+G53 -> 0.58536605 | I53: =I51+H53 -> 0.63806689 | J53: =J51+I53 -> 0.69178937 | K53: =K51+J53 -> 0.74821513 | L53: =L51+K53 -> 0.81774368 | ... R53: =R51+Q53 -> 1
C54: Custo Acumulado | D54: =D52 -> 65563.418 | E54: =E52+D54 -> 770066.92 | F54: =F52+E54 -> 1704504.2 | G54: =G52+F54 -> 2453490.8 | H54: =H52+G54 -> 2628365.6 | I54: =I52+H54 -> 2833118 | J54: =J52+I54 -> 3041761.8 | K54: =K52+J54 -> 3260702.3 | L54: =L52+K54 -> 3530152.5 | ... R54: =R52+Q54 -> 4188829.2 | U54: =R54-RESUMO!H37 -> -0.00031513581
B61: ______________________________________________
B62: Deivid Santos Coelho
B63: Engenheiro Civil
B64: CREA-MG: 232245/D

Sheet Curva ABC
B1: Obra | E1: Bancos | H1: B.D.I. | K1: Encargos Sociais
B2: REFORMA E AMPLIAÇÃO MERCADO MUNICIPAL MUNICÍPIO DE SERRO - MG | E2: =RESUMO!C2 -> SINAPI - 07/2025 - Minas Gerais SETOP/SICOR - 04/2025 - Minas Gerais SBC - 08/2025 - Minas Gerais ORSE - 06/2025 - Sergipe EMBASA - 01/2025 - Bahia CPOS - 02/2025 - São Paulo GOINFRA - 12/2024 - Goiás | H2: SERVIÇO: | I2: ='BDI SERVIÇOS'!$Z$21 -> 0.2223 | K2: Sem Desoneração
H3: EQUIPAMENTOS: | I3: ='BDI EQUIPAMENTOS'!$K$36 -> 0.1623 | K3: Horista: | L3: ='Encargos Sociais'!$G$48 -> 1.1679
K4: Mensalista: | L4: ='Encargos Sociais'!$H$48 -> 0.7393
A9: Curva A "20% dos itens representam 80% do custo total."
A10: Curva B "30% dos itens representam 15% do custo total."
A11: Curva C "50% dos itens representam 5% do custo total."
A14: Curva ABC
A16: Item | B16: Código | C16: Banco | D16: Descrição | E16: Und | F16: Quant. | G16: Valor Unit | H16: Valor Total sem BDI | I16: Valor Unit com BDI | J16: Valor Total com BDI | K16: Peso (%) | L16: Acumulado (%)
A17: Curva A "20% dos itens representam 80% do custo total."
A18: 1 | B18: COMP.ADM.01 | C18: PRORÍO | D18: ADMINISTRAÇÃO LOCAL DA OBRA | E18: Un. | F18: 1 | G18: 747768.41 | H18: =F18*G18 -> 747768.41 | I18: 913997.33 | J18: =F18*I18 -> 913997.33 | K18: =J18/$K$283 -> 0.21819876 | L18: =K18 -> 0.21819876
A19: 2 | B19: 41785 | C19: SINAPI | D19: TUBO CORRUGADO PEAD, PAREDE DUPLA, INTERNA LISA, JEI, DN/DI *1000* MM, PARA SANEAMENTO (DRENAGEM/ESGOTO) | E19: M | F19: 286 | G19: 1364.29 | H19: =F19*G19 -> 390186.94 | I19: 1667.5717 | J19: =F19*I19 -> 476925.5 | K19: =J19/$K$283 -> 0.11385651 | L19: =K19+L18 -> 0.33205527
A20: 3 | B20: 101169 | C20: SINAPI | D20: EXECUÇÃO DE PAVIMENTO EM PARALELEPÍPEDOS, REJUNTAMENTO COM ARGAMASSA TRAÇO 1:3 (CIMENTO E AREIA). AF_05/2020 | E20: M2 | F20: 943.8 | G20: 216.32 | H20: =F20*G20 -> 204162.82 | I20: 264.40794 | J20: =F20*I20 -> 249548.21 | K20: =J20/$K$283 -> 0.059574692 | L20: =K20+L19 -> 0.39162996
A21: 4 | B21: ED-49664 | C21: SETOP | D21: FORNECIMENTO DE ESTRUTURA METÁLICA EM PERFIL LAMINADO, INCLUSIVE FABRICAÇÃO, TRANSPORTE, MONTAGEM E APLICAÇÃO DE FUNDO PREPARADOR ANTICORROSIVO EM SUPERFÍCIE METÁLICA, UMA (1) DEMÃO | E21: Kg | F21: 5135 | G21: 25.28 | H21: =F21*G21 -> 129812.8 | I21: 30.899744 | J21: =F21*I21 -> 158670.19 | K21: =J21/$K$283 -> 0.037879364 | L21: =K21+L20 -> 0.42950933
A22: 5 | B22: 1796 | C22: ORSE | D22: BASCULANTE EM MADEIRA DE LEI, MODELO CONVENCIONAL | E22: M² | F22: 50.604 | G22: 1655.52 | H22: =F22*G22 -> 83775.934 | I22: 2023.5421 | J22: =F22*I22 -> 102399.32 | K22: =J22/$K$283 -> 0.02444581 | L22: =K22+L21 -> 0.45395514
A23: 6 | B23: ED-9320 | C23: SETOP | D23: PISO EM CONCRETO USINADO CONVENCIONAL COM DE FCK 15MPA, COM TELA SOLDADA NERVURADA TIPO Q-138, ACABAMENTO POLÍDO EM NÍVEL ZERO, ESP. 10CM, INCLUSIVE FORNECIMENTO, LANÇAMENTO, ADENSAMENTO, EXCLUSIVE JUNTA DE DILATAÇÃO | E23: m2 | F23: 452.9096 | G23: 147.47 | H23: =F23*G23 -> 66790.579 | I23: 180.25258 | J23: =F23*I23 -> 81638.124 | K23: =J23/$K$283 -> 0.019489485 | L23: =K23+L22 -> 0.47344462
A24: 7 | B24: ED-7564 | C24: SETOP | D24: TRANSPORTE EM CAMINHÃO, TRAÇÃO 4X2, TIPO TOCO, PESO BRUTO TOTAL (PBT) DE 14.300KG, COM CARROCERIA DE CARGA SECA, COM CAPACIDADE DE 7T, EM RODOVIA PAVIMENTADA, EXCLUSIVE MANOBRA, CARGA E DESCARGA | E24: TxKM | F24: 59685.912 | G24: 1.11 | H24: =F24*G24 -> 66251.362 | I24: 1.356753 | J24: =F24*I24 -> 80979.04 | K24: =J24/$K$283 -> 0.019332142 | L24: =K24+L23 -> 0.49277676
A25: 8 | B25: SERRO-RP-01 | C25: COMPOSIÇÃO | D25: REASSENTAMENTODE LAJE QUARTZÍTICAS | E25: M2 | F25: 1088.08 | G25: 60.045872 | H25: =F25*G25 -> 65334.712 | I25: 73.394069 | J25: =F25*I25 -> 79858.619 | K25: =J25/$K$283 -> 0.019064663 | L25: =K25+L24 -> 0.51184143
A26: 9 | B26: ED-48549 | C26: SETOP | D26: BOCA DE LOBO SIMPLES (TIPO A - FERRO FUNDIDO), QUADRO, GRELHA E CANTONEIRA, INCLUSIVE ESCAVAÇÃO, REATERRO E BOTA-FORA | E26: U | F26: 20 | G26: 2683.36 | H26: =F26*G26 -> 53667.2 | I26: 3279.8709 | J26: =F26*I26 -> 65597.419 | K26: =J26/$K$283 -> 0.015660084 | L26: =K26+L25 -> 0.52750151
A27: 10 | B27: 13303 | C27: ORSE | D27: PLATAFORMA ELEVATORIA DE TRANSPORTE VERTICAL, DESNIVEL DE 2,0 ATE 4,00 M | E27: UN | F27: 1 | G27: 51997 | H27: =F27*G27 -> 51997 | I27: 63555.933 | J27: =F27*I27 -> 63555.933 | K27: =J27/$K$283 -> 0.01517272 | L27: =K27+L26 -> 0.54267423
A28: 11 | B28: PISO.01 | C28: COMPOSIÇÃO | D28: DECK EM RÉGUAS DE MADEIRA PLÁSTICA, COR JATOBÁ | E28: M² | F28: 86.76 | G28: 585.02163 | H28: =F28*G28 -> 50756.477 | I28: 715.07194 | J28: =F28*I28 -> 62039.641 | K28: =J28/$K$283 -> 0.014810735 | L28: =K28+L27 -> 0.55748496
A29: 12 | B29: 11617 | C29: ORSE | D29: BRISE EM MADEIRA | E29: M² | F29: 96.34 | G29: 506.71 | H29: =F29*G29 -> 48816.441 | I29: 619.35163 | J29: =F29*I29 -> 59668.336 | K29: =J29/$K$283 -> 0.014244633 | L29: =K29+L28 -> 0.5717296
A30: 13 | B30: ARQ02 | C30: MERCADO | D30: ELABORAÇÃO DE RELATÓRIO INICIAL | E30: UNID | F30: 10 | G30: 4480 | H30: =F30*G30 -> 44800 | I30: 5475.904 | J30: =F30*I30 -> 54759.04 | K30: =J30/$K$283 -> 0.013072636 | L30: =K30+L29 -> 0.58480223
A31: 14 | B31: ARQ03 | C31: MERCADO | D31: ELABORAÇÃO DE RELATÓRIO FINAL | E31: UNID | F31: 10 | G31: 4480 | H31: =F31*G31 -> 44800 | I31: 5475.904 | J31: =F31*I31 -> 54759.04 | K31: =J31/$K$283 -> 0.013072636 | L31: =K31+L30 -> 0.59787487
A32: 15 | B32: ED-48636 | C32: SETOP | D32: POÇO DE VISITA PARA REDE TUBULAR TIPO A DN 1000, EXCLUSIVE ESCAVAÇÃO, REATERRO E BOTA FORA | E32: U | F32: 12 | G32: 3490.85 | H32: =F32*G32 -> 41890.2 | I32: 4266.866 | J32: =F32*I32 -> 51202.391 | K32: =J32/$K$283 -> 0.012223557 | L32: =K32+L31 -> 0.61009843
A33: 16 | B33: ED-50159 | C33: SETOP | D33: TAPUME FIXO DE PROTEÇÃO PARA FECHAMENTO DE OBRA EM CHAPA DE COMPENSADO, ESP. 12MM, COM MÓDULO NA DIMENSÃO DE (110X220)CM, INCLUSIVE PINTURA LÁTEX (PVA) COM DUAS (2) DEMÃOS, EXCLUSIVE ABERTURA PARA PORTÃO | E33: m | F33: 180 | G33: 220.71 | H33: =F33*G33 -> 39727.8 | I33: 269.77383 | J33: =F33*I33 -> 48559.29 | K33: =J33/$K$283 -> 0.011592569 | L33: =K33+L32 -> 0.621691
A34: 17 | B34: ED-50270 | C34: SETOP | D34: LIMPEZA PERMANENTE DA OBRA - 01 SERVENTE X 4 HORAS DIÁRIAS | E34: mês | F34: 15 | G34: 2492.6 | H34: =F34*G34 -> 37389 | I34: 3046.705 | J34: =F34*I34 -> 45700.575 | K34: =J34/$K$283 -> 0.010910107 | L34: =K34+L33 -> 0.6326011
A35: 18 | B35: 6259 | C35: SINAPI | D35: CAMINHÃO PIPA 6.000 L, PESO BRUTO TOTAL 13.000 KG, DISTÂNCIA ENTRE EIXOS 4,80 M, POTÊNCIA 189 CV INCLUSIVE TANQUE DE AÇO PARA TRANSPORTE DE ÁGUA, CAPACIDADE 6 M3 - CHP DIURNO. AF_06/2014 | E35: CHP | F35: 132 | G35: 256.35 | H35: =F35*G35 -> 33838.2 | I35: 313.33661 | J35: =F35*I35 -> 41360.432 | K35: =J35/$K$283 -> 0.0098739838 | L35: =K35+L34 -> 0.64247509
A36: 19 | B36: 41782 | C36: SINAPI | D36: TUBO CORRUGADO PEAD, PAREDE DUPLA, INTERNA LISA, JEI, DN/DI 600 MM, PARA SANEAMENTO (DRENAGEM/ESGOTO) | E36: M | F36: 60 | G36: 544.49 | H36: =F36*G36 -> 32669.4 | I36: 665.53013 | J36: =F36*I36 -> 39931.808 | K36: =J36/$K$283 -> 0.009532928 | L36: =K36+L35 -> 0.65200801
A37: 20 | B37: GRELHA.01 | C37: COMPOSIÇÃO | D37: GRELHA DE FERRO FUNDIDO PARA BOCA DE LOBO BASEADO SETOP (48549) | E37: M² | F37: 20 | G37: 1631.02 | H37: =F37*G37 -> 32620.4 | I37: 1993.5957 | J37: =F37*I37 -> 39871.915 | K37: =J37/$K$283 -> 0.0095186298 | L37: =K37+L36 -> 0.66152664
A38: 21 | B38: SERRO-150 | C38: COMPOSIÇÃO | D38: REATERRO MANUAL APILOADO COM SOQUETE - BASEADO SINAPI (96995) | E38: M³ | F38: 558.6 | G38: 54.31336 | H38: =F38*G38 -> 30339.443 | I38: 66.38722 | J38: =F38*I38 -> 37083.901 | K38: =J38/$K$283 -> 0.0088530467 | L38: =K38+L37 -> 0.67037969
A39: 22 | B39: 104921 | C39: SINAPI | D39: ARMAÇÃO DE BLOCO, SAPATA ISOLADA, VIGA BALDRAME E SAPATA CORRIDA UTILIZANDO AÇO CA-50 DE 16 MM - MONTAGEM. AF_01/2024 | E39: KG | F39: 2986 | G39: 10.16 | H39: =F39*G39 -> 30337.76 | I39: 12.418568 | J39: =F39*I39 -> 37081.844 | K39: =J39/$K$283 -> 0.0088525557 | L39: =K39+L38 -> 0.67923225
A40: 23 | B40: ED-49687 | C40: SETOP | D40: FORRO EM CHAPA DE GESSO ACARTONADO, ESP. 12,5MM, COM FIXAÇÃO DO TIPO ARAMADO, EXCLUSIVE PERFIL TABICA, SANCA E MOLDURA, INCLUSIVE ACESSÓRIOS E FIXAÇÃO | E40: m2 | F40: 457.03 | G40: 64.65 | H40: =F40*G40 -> 29546.989 | I40: 79.021695 | J40: =F40*I40 -> 36115.285 | K40: =J40/$K$283 -> 0.0086218089 | L40: =K40+L39 -> 0.68785406
A41: 24 | B41: 102039 | C41: SINAPI | D41: MONTAGEM E DESMONTAGEM DE FÔRMA PARA ESCADAS, COM 1 LANCE E LAJE PLANA, EM MADEIRA SERRADA, 1 UTILIZAÇÃO. AF_11/2020 | E41: M2 | F41: 48.86 | G41: 597.57 | H41: =F41*G41 -> 29197.27 | I41: 730.40981 | J41: =F41*I41 -> 35687.823 | K41: =J41/$K$283 -> 0.0085197609 | L41: =K41+L40 -> 0.69637382
A42: 25 | B42: 91927 | C42: SINAPI | D42: CABO DE COBRE FLEXÍVEL ISOLADO, 2,5 MM², ANTI-CHAMA 0,6/1,0 KV, PARA CIRCUITOS TERMINAIS - FORNECIMENTO E INSTALAÇÃO. AF_03/2023 | E42: M | F42: 5424.71 | G42: 5.19 | H42: =F42*G42 -> 28154.245 | I42: 6.343737 | J42: =F42*I42 -> 34412.934 | K42: =J42/$K$283 -> 0.0082154062 | L42: =K42+L41 -> 0.70458922
A43: 26 | B43: ED-49805 | C43: SETOP | D43: FORNECIMENTO DE CONCRETO ESTRUTURAL, USINADO BOMBEADO, COM FCK 25MPA, INCLUSIVE LANÇAMENTO, ADENSAMENTO E ACABAMENTO (FUNDAÇÃO) | E43: m3 | F43: 38.02 | G43: 740.44 | H43: =F43*G43 -> 28151.529 | I43: 905.03981 | J43: =F43*I43 -> 34409.614 | K43: =J43/$K$283 -> 0.0082146136 | L43: =K43+L42 -> 0.71280384
A44: 27 | B44: 88497 | C44: SINAPI | D44: EMASSAMENTO COM MASSA LÁTEX, APLICAÇÃO EM PAREDE, DUAS DEMÃOS, LIXAMENTO MANUAL. AF_04/2023 | E44: M2 | F44: 1309.8876 | G44: 19.82 | H44: =F44*G44 -> 25961.972 | I44: 24.225986 | J44: =F44*I44 -> 31733.318 | K44: =J44/$K$283 -> 0.0075757011 | L44: =K44+L43 -> 0.72037954
A45: 28 | B45: CO-33095 | C45: SETOP | D45: ARQUEÓLOGO, NÍVEL SÊNIOR, INCLUSIVE ENCARGOS COMPLEMENTARES | E45: H | F45: 400 | G45: 63.28 | H45: =F45*G45 -> 25312 | I45: 77.347144 | J45: =F45*I45 -> 30938.858 | K45: =J45/$K$283 -> 0.0073860394 | L45: =K45+L44 -> 0.72776558
A46: 29 | B46: ED-50759 | C46: SETOP | D46: REBOCO COM ARGAMASSA, TRAÇO 1:7 (CIMENTO E AREIA), ESP. 20MM, APLICAÇÃO MANUAL, INCLUSIVE ARGAMASSA COM PREPARO MECANIZADO, EXCLUSIVE CHAPISCO | E46: m2 | F46: 717.3413 | G46: 35 | H46: =F46*G46 -> 25106.945 | I46: 42.7805 | J46: =F46*I46 -> 30688.219 | K46: =J46/$K$283 -> 0.0073262045 | L46: =K46+L45 -> 0.73509178
A47: 30 | B47: 102322 | C47: SINAPI | D47: ESCAVAÇÃO MECANIZADA DE VALA COM PROF. ATÉ 1,5 M (MÉDIA MONTANTE E JUSANTE/UMA COMPOSIÇÃO POR TRECHO), RETROESCAV. (0,26 M3), LARG. MENOR QUE 0,8 M, EM SOLO DE 2A CATEGORIA, EM LOCAIS COM ALTO NÍVEL DE INTERFERÊNCIA. AF_09/2024 | E47: M3 | F47: 1117.2 | G47: 20.37 | H47: =F47*G47 -> 22757.364 | I47: 24.898251 | J47: =F47*I47 -> 27816.326 | K47: =J47/$K$283 -> 0.0066405968 | L47: =K47+L46 -> 0.74173238
A48: 31 | B48: 89478 | C48: SINAPI | D48: ALVENARIA DE BLOCOS DE CONCRETO ESTRUTURAL 14X19X29 CM (ESPESSURA 14 CM), FBK = 4,5 MPA, UTILIZANDO COLHER DE PEDREIRO. AF_10/2022 | E48: M2 | F48: 149.857 | G48: 147.24 | H48: =F48*G48 -> 22064.945 | I48: 179.97145 | J48: =F48*I48 -> 26969.982 | K48: =J48/$K$283 -> 0.0064385489 | L48: =K48+L47 -> 0.74817093
A49: 32 | B49: CO-27428 | C49: SETOP | D49: PROJETO EXECUTIVO DE ESTRUTURA METÁLICA | E49: PR A1 | F49: 10 | G49: 2164.38 | H49: =F49*G49 -> 21643.8 | I49: 2645.5217 | J49: =F49*I49 -> 26455.217 | K49: =J49/$K$283 -> 0.0063156589 | L49: =K49+L48 -> 0.75448659
A50: 33 | B50: 87735 | C50: SINAPI | D50: CONTRAPISO EM ARGAMASSA TRAÇO 1:4 (CIMENTO E AREIA), PREPARO MECÂNICO COM BETONEIRA 400 L, APLICADO EM ÁREAS MOLHADAS SOBRE LAJE, ADERIDO, ACABAMENTO NÃO REFORÇADO, ESPESSURA 2CM. AF_07/2021 | E50: M2 | F50: 386.8 | G50: 47.74 | H50: =F50*G50 -> 18465.832 | I50: 58.352602 | J50: =F50*I50 -> 22570.786 | K50: =J50/$K$283 -> 0.0053883281 | L50: =K50+L49 -> 0.75987491
A51: 34 | B51: 112603 | C51: SBC | D51: JANELA DE CORRER PINTURA ELETROSTATICA + PERSINA EMBUTIDA | E51: m² | F51: 9.2622 | G51: 1932.3 | H51: =F51*G51 -> 17897.349 | I51: 2361.8503 | J51: =F51*I51 -> 21875.93 | K51: =J51/$K$283 -> 0.0052224449 | L51: =K51+L50 -> 0.76509736
A52: 35 | B52: 88489 | C52: SINAPI | D52: PINTURA LÁTEX ACRÍLICA PREMIUM, APLICAÇÃO MANUAL EM PAREDES, DUAS DEMÃOS. AF_04/2023 | E52: M2 | F52: 1309.8876 | G52: 13.55 | H52: =F52*G52 -> 17748.977 | I52: 16.562165 | J52: =F52*I52 -> 21694.574 | K52: =J52/$K$283 -> 0.0051791498 | L52: =K52+L51 -> 0.77027651
A53: 36 | B53: 8759 | C53: ORSE | D53: CORRIMÃO EM AÇO INOX Ø=1 1/2'', DUPLO | E53: M | F53: 55.212 | G53: 307.23 | H53: =F53*G53 -> 16962.783 | I53: 375.52723 | J53: =F53*I53 -> 20733.609 | K53: =J53/$K$283 -> 0.0049497385 | L53: =K53+L52 -> 0.77522625
A54: 37 | B54: ED-50126 | C54: SETOP | D54: BARRACÃO DE OBRA PARA VESTIÁRIO TIPO-I, ÁREA INTERNA 25,41M2, EM CHAPA DE COMPENSADO RESINADO, INCLUSIVE MOBILIÁRIO (OBRA DE PEQUENO PORTE, EFETIVO ATÉ 30 HOMENS), PADRÃO DER-MG | E54: un | F54: 1 | G54: 16222.98 | H54: =F54*G54 -> 16222.98 | I54: 19829.348 | J54: =F54*I54 -> 19829.348 | K54: =J54/$K$283 -> 0.0047338641 | L54: =K54+L53 -> 0.77996011
A55: 38 | B55: 88496 | C55: SINAPI | D55: EMASSAMENTO COM MASSA LÁTEX, APLICAÇÃO EM TETO, DUAS DEMÃOS, LIXAMENTO MANUAL. AF_04/2023 | E55: M2 | F55: 457.03 | G55: 35.2 | H55: =F55*G55 -> 16087.456 | I55: 43.02496 | J55: =F55*I55 -> 19663.697 | K55: =J55/$K$283 -> 0.0046943182 | L55: =K55+L54 -> 0.78465443
A56: 39 | B56: 87700 | C56: SINAPI | D56: CONTRAPISO EM ARGAMASSA TRAÇO 1:4 (CIMENTO E AREIA), PREPARO MECÂNICO COM BETONEIRA 400 L, APLICADO EM ÁREAS SECAS SOBRE LAJE, NÃO ADERIDO, ACABAMENTO NÃO REFORÇADO, ESPESSURA 6CM. AF_07/2021 | E56: M2 | F56: 257.3496 | G56: 59.67 | H56: =F56*G56 -> 15356.051 | I56: 72.934641 | J56: =F56*I56 -> 18769.701 | K56: =J56/$K$283 -> 0.0044808942 | L56: =K56+L55 -> 0.78913532
A57: 40 | B57: CO-27427 | C57: SETOP | D57: PROJETO EXECUTIVO DE ESTRUTURA DE CONCRETO | E57: PR A1 | F57: 10 | G57: 1493 | H57: =F57*G57 -> 14930 | I57: 1824.8939 | J57: =F57*I57 -> 18248.939 | K57: =J57/$K$283 -> 0.0043565727 | L57: =K57+L56 -> 0.7934919
A58: 41 | B58: 103322 | C58: SINAPI | D58: ALVENARIA DE VEDAÇÃO DE BLOCOS CERÂMICOS FURADOS NA VERTICAL DE 9X19X39 CM (ESPESSURA 9 CM) E ARGAMASSA DE ASSENTAMENTO COM PREPARO EM BETONEIRA. AF_12/2021 | E58: M2 | F58: 238.711 | G58: 59.59 | H58: =F58*G58 -> 14224.788 | I58: 72.836857 | J58: =F58*I58 -> 17386.959 | K58: =J58/$K$283 -> 0.004150792 | L58: =K58+L57 -> 0.79764269
A59: Curva B "30% dos itens representam 15% do custo total."
A60: 42 | B60: 100345 | C60: SINAPI | D60: ARMAÇÃO DE CORTINA DE CONTENÇÃO EM CONCRETO ARMADO, COM AÇO CA-50 DE 12,5 MM - MONTAGEM. AF_11/2024 | E60: KG | F60: 1399 | G60: 9.66 | H60: =F60*G60 -> 13514.34 | I60: 11.807418 | J60: =F60*I60 -> 16518.578 | K60: =J60/$K$283 -> 0.0039434832 | L60: =K60+L58 -> 0.80158617
A61: 43 | B61: ED-9081 | C61: SETOP | D61: REVESTIMENTO COM CERÂMICA APLICADO EM PAREDE, ACABAMENTO ESMALTADO, AMBIENTE INTERNO/EXTERNO, PADRÃO EXTRA, DIMENSÃO DA PEÇA ATÉ 2025 CM2, PEI III, ASSENTAMENTO COM ARGAMASSA INDUSTRIALIZADA, INCLUSIVE REJUNTAMENTO | E61: m2 | F61: 174.938 | G61: 75.91 | H61: =F61*G61 -> 13279.544 | I61: 92.784793 | J61: =F61*I61 -> 16231.586 | K61: =J61/$K$283 -> 0.0038749696 | L61: =K61+L60 -> 0.80546114
A62: 44 | B62: 41781 | C62: SINAPI | D62: TUBO CORRUGADO PEAD, PAREDE DUPLA, INTERNA LISA, JEI, DN/DI *400* MM, PARA SANEAMENTO (DRENAGEM/ESGOTO) | E62: M | F62: 53 | G62: 246.34 | H62: =F62*G62 -> 13056.02 | I62: 301.10138 | J62: =F62*I62 -> 15958.373 | K62: =J62/$K$283 -> 0.0038097455 | L62: =K62+L61 -> 0.80927089
A63: 45 | B63: ED-32104 | C63: SETOP | D63: GUARDA-CORPO EXTERNO, ALTURA 130CM, EM TUBO GALVANIZADO, COM COSTURA, DIÂMETRO DE 2", ESP. 3MM, GRADIL COM DIVISÃO VERTICAL EM TUBO GALVANIZADO, COM COSTURA, DIÂMETRO DE 1", ESP. 3MM, EXCLUSIVE PINTURA | E63: m | F63: 16.558 | G63: 788 | H63: =F63*G63 -> 13047.704 | I63: 963.1724 | J63: =F63*I63 -> 15948.209 | K63: =J63/$K$283 -> 0.0038073189 | L63: =K63+L62 -> 0.8130782
A64: 46 | B64: 103314 | C64: SINAPI | D64: INSTALAÇÃO DE PERGOLADO DE MADEIRA, EM MAÇARANDUBA, ANGELIM OU EQUIVALENTE DA REGIÃO, FIXADO COM CONCRETO SOBRE PISO DE CONCRETO EXISTENTE. AF_11/2021 | E64: M2 | F64: 37.44 | G64: 346.59 | H64: =F64*G64 -> 12976.33 | I64: 423.63696 | J64: =F64*I64 -> 15860.968 | K64: =J64/$K$283 -> 0.0037864918 | L64: =K64+L63 -> 0.8168647
A65: 47 | B65: DIV.02 | C65: COMPOSIÇÃO | D65: PEITORIL DE GRANITO BRANCO DALLAS E= 2CM - BASEADO SETOP (ED-50997) | E65: M² | F65: 29.13 | G65: 433.79 | H65: =F65*G65 -> 12636.303 | I65: 530.22152 | J65: =F65*I65 -> 15445.353 | K65: =J65/$K$283 -> 0.003687272 | L65: =K65+L64 -> 0.82055197
A66: 48 | B66: ED-48568 | C66: SETOP | D66: CHAMINÉ DE POÇO DE VISITA TIPO "A", EM ALVENARIA COM DEGRAUS DE AÇO CA-50 | E66: m | F66: 12 | G66: 1041.84 | H66: =F66*G66 -> 12502.08 | I66: 1273.441 | J66: =F66*I66 -> 15281.292 | K66: =J66/$K$283 -> 0.0036481058 | L66: =K66+L65 -> 0.82420007
A67: 49 | B67: 101767 | C67: SINAPI | D67: CONSTRUÇÃO DE BASE E SUB-BASE PARA PAVIMENTAÇÃO DE SOLO ESTABILIZADO GRANULOMETRICAMENTE COM MISTURA DE SOLOS EM PISTA - EXCLUSIVE SOLO, ESCAVAÇÃO, CARGA E TRANSPORTE. AF_09/2024 | E67: M3 | F67: 406.376 | G67: 30.35 | H67: =F67*G67 -> 12333.512 | I67: 37.096805 | J67: =F67*I67 -> 15075.251 | K67: =J67/$K$283 -> 0.0035989176 | L67: =K67+L66 -> 0.82779899
A68: 50 | B68: 100349 | C68: SINAPI | D68: CONCRETAGEM DE CORTINA DE CONTENÇÃO, ATRAVÉS DE BOMBA - LANÇAMENTO, ADENSAMENTO E ACABAMENTO. AF_11/2024 | E68: M3 | F68: 17.72 | G68: 691.91 | H68: =F68*G68 -> 12260.645 | I68: 845.72159 | J68: =F68*I68 -> 14986.187 | K68: =J68/$K$283 -> 0.0035776552 | L68: =K68+L67 -> 0.83137665
A69: 51 | B69: 97914 | C69: SINAPI | D69: TRANSPORTE COM CAMINHÃO BASCULANTE DE 6 M³, EM VIA URBANA PAVIMENTADA, DMT ATÉ 30 KM (UNIDADE: M3XKM). AF_07/2020 | E69: M3XKM | F69: 3743.952 | G69: 3.08 | H69: =F69*G69 -> 11531.372 | I69: 3.764684 | J69: =F69*I69 -> 14094.796 | K69: =J69/$K$283 -> 0.0033648534 | L69: =K69+L68 -> 0.8347415
A70: 52 | B70: ED-50133 | C70: SETOP | D70: BARRACÃO DE OBRA PARA REFEITÓRIO TIPO-I, ÁREA INTERNA 18,15M2, EM CHAPA DE COMPENSADO RESINADO (OBRA DE MÉDIO PORTE, EFETIVO DE 30 A 60 HOMENS), PADRÃO DER-MG | E70: un | F70: 1 | G70: 11403.4 | H70: =F70*G70 -> 11403.4 | I70: 13938.376 | J70: =F70*I70 -> 13938.376 | K70: =J70/$K$283 -> 0.0033275111 | L70: =K70+L69 -> 0.83806901
A71: 53 | B71: 92764 | C71: SINAPI | D71: ARMAÇÃO DE PILAR OU VIGA DE ESTRUTURA CONVENCIONAL DE CONCRETO ARMADO UTILIZANDO AÇO CA-50 DE 16,0 MM - MONTAGEM. AF_06/2022 | E71: KG | F71: 1266.496 | G71: 8.85 | H71: =F71*G71 -> 11208.49 | I71: 10.817355 | J71: =F71*I71 -> 13700.137 | K71: =J71/$K$283 -> 0.0032706363 | L71: =K71+L70 -> 0.84133965
A72: 54 | B72: 88322 | C72: SINAPI | D72: TÉCNICO EM SONDAGEM COM ENCARGOS COMPLEMENTARES | E72: H | F72: 400 | G72: 27.62 | H72: =F72*G72 -> 11048 | I72: 33.759926 | J72: =F72*I72 -> 13503.97 | K72: =J72/$K$283 -> 0.0032238054 | L72: =K72+L71 -> 0.84456345
A73: 55 | B73: 104162 | C73: SINAPI | D73: PISO EM GRANILITE, MARMORITE OU GRANITINA EM AMBIENTES INTERNOS, COM ESPESSURA DE 8 MM, INCLUSO MISTURA EM BETONEIRA, COLOCAÇÃO DAS JUNTAS, APLICAÇÃO DO PISO, 4 POLIMENTOS COM POLITRIZ, ESTUCAMENTO, SELADOR E CERA. AF_06/2022 | E73: M2 | F73: 104.85224 | G73: 102.87 | H73: =F73*G73 -> 10786.15 | I73: 125.738 | J73: =F73*I73 -> 13183.911 | K73: =J73/$K$283 -> 0.0031473976 | L73: =K73+L72 -> 0.84771085
A74: 56 | B74: 103926 | C74: SINAPI | D74: ESCADA HIDRÁULICA, LARGURA DE 1 A 4,1 M, TIPO DESCIDA D'ÁGUA DE ATERRO EM DEGRAUS (DAD 04, 06, 08, 10, 12, 14, 16, 18), EM CONCRETO USINADO, FCK = 20 MPA, LANÇADO COM BOMBA, INCLUINDO ARMAÇÃO, MATERIAIS E FÔRMAS (3 UTILIZAÇÕES). AF_08/2022 | E74: M3 | F74: 7.36 | G74: 1437.97 | H74: =F74*G74 -> 10583.459 | I74: 1757.6307 | J74: =F74*I74 -> 12936.162 | K74: =J74/$K$283 -> 0.0030882525 | L74: =K74+L73 -> 0.8507991
A75: 57 | B75: DIV.01 | C75: COMPOSIÇÃO | D75: DIVISÓRIA EM GRANITO BRANCO DALLAS, ESP. 2CM, INCLUSIVE INSTALAÇÃO, FERRAGENS EM LATÃO CROMADO, E ACESSÓRIOS - BASEADO SETOP (ED-48533) | E75: M² | F75: 13.068 | G75: 781.95175 | H75: =F75*G75 -> 10218.546 | I75: 955.77963 | J75: =F75*I75 -> 12490.128 | K75: =J75/$K$283 -> 0.0029817707 | L75: =K75+L74 -> 0.85378087
A76: 58 | B76: CO-27430 | C76: SETOP | D76: PROJETO EXECUTIVO DE INSTALAÇÕES HIDROSSANITÁRIAS | E76: PR A1 | F76: 6 | G76: 1702.56 | H76: =F76*G76 -> 10215.36 | I76: 2081.0391 | J76: =F76*I76 -> 12486.235 | K76: =J76/$K$283 -> 0.0029808411 | L76: =K76+L75 -> 0.85676172
A77: 59 | B77: ED-7249 | C77: SETOP | D77: ELETRODUTO FLEXÍVEL, EM AÇO GALVANIZADO, REVESTIDO EXTERNAMENTE COM PVC PRETO (1"), INCLUSIVE CONEXÕES, SUPORTES E FIXAÇÃO | E77: m | F77: 476 | G77: 21.2 | H77: =F77*G77 -> 10091.2 | I77: 25.91276 | J77: =F77*I77 -> 12334.474 | K77: =J77/$K$283 -> 0.0029446113 | L77: =K77+L76 -> 0.85970633
A78: 60 | B78: ED-50130 | C78: SETOP | D78: BARRACÃO DE OBRA PARA INSTALAÇÃO SANITÁRIA TIPO-I, ÁREA INTERNA 14,52M2, EM CHAPA DE COMPENSADO RESINADO (OBRA DE PEQUENO PORTE, EFETIVO ATÉ 30 HOMENS), PADRÃO DER-MG | E78: un | F78: 1 | G78: 10042.73 | H78: =F78*G78 -> 10042.73 | I78: 12275.229 | J78: =F78*I78 -> 12275.229 | K78: =J78/$K$283 -> 0.0029304677 | L78: =K78+L77 -> 0.86263679
A79: 61 | B79: ED-51139 | C79: SETOP | D79: GUIA DE MEIO-FIO, EM CONCRETO COM FCK 20MPA, PRÉ-MOLDADA, MFC-01 PADRÃO DER-MG, DIMENSÕES (12X16,7X35)CM, EXCLUSIVE SARJETA, INCLUSIVE ESCAVAÇÃO, APILOAMENTO E TRANSPORTE COM RETIRADA DO MATERIAL ESCAVADO (EM CAÇAMBA) | E79: m | F79: 124 | G79: 79.14 | H79: =F79*G79 -> 9813.36 | I79: 96.732822 | J79: =F79*I79 -> 11994.87 | K79: =J79/$K$283 -> 0.0028635376 | L79: =K79+L78 -> 0.86550033
A80: 62 | B80: 190398 | C80: SBC | D80: BANCA/TAMPO GRANITO BRANCO DALLAS | E80: M² | F80: 14.6206 | G80: 658.29 | H80: =F80*G80 -> 9624.5948 | I80: 804.62787 | J80: =F80*I80 -> 11764.142 | K80: =J80/$K$283 -> 0.0028084559 | L80: =K80+L79 -> 0.86830879
A81: 63 | B81: ED-50579 | C81: SETOP | D81: APLICAÇÃO DE SELANTE, MASTIQUE ELÁSTICO, EM JUNTA DE DILAÇÃO, DIMENSÃO (20X10)MM, FATOR DE FORMA 1:2, EXCLUSIVE DELIMITADOR DE PROFUNDIDADE | E81: m | F81: 238.5 | G81: 39.6 | H81: =F81*G81 -> 9444.6 | I81: 48.40308 | J81: =F81*I81 -> 11544.135 | K81: =J81/$K$283 -> 0.0027559334 | L81: =K81+L80 -> 0.87106472
A82: 64 | B82: CO-27431 | C82: SETOP | D82: PROJETO EXECUTIVO DE INSTALAÇÕES ELÉTRICAS | E82: PR A1 | F82: 5 | G82: 1779.78 | H82: =F82*G82 -> 8898.9 | I82: 2175.4251 | J82: =F82*I82 -> 10877.125 | K82: =J82/$K$283 -> 0.0025966982 | L82: =K82+L81 -> 0.87366142
A83: 65 | B83: 96532 | C83: SINAPI | D83: FABRICAÇÃO, MONTAGEM E DESMONTAGEM DE FÔRMA PARA SAPATA, EM MADEIRA SERRADA, E=25 MM, 2 UTILIZAÇÕES. AF_01/2024 | E83: M2 | F83: 46.07 | G83: 189.79 | H83: =F83*G83 -> 8743.6253 | I83: 231.98032 | J83: =F83*I83 -> 10687.333 | K83: =J83/$K$283 -> 0.0025513891 | L83: =K83+L82 -> 0.87621281
A84: 66 | B84: 92419 | C84: SINAPI | D84: MONTAGEM E DESMONTAGEM DE FÔRMA DE PILARES RETANGULARES E ESTRUTURAS SIMILARES, PÉ-DIREITO SIMPLES, EM CHAPA DE MADEIRA COMPENSADA RESINADA, 4 UTILIZAÇÕES. AF_09/2020 | E84: M2 | F84: 93.52 | G84: 92.04 | H84: =F84*G84 -> 8607.5808 | I84: 112.50049 | J84: =F84*I84 -> 10521.046 | K84: =J84/$K$283 -> 0.0025116913 | L84: =K84+L83 -> 0.8787245
A85: 67 | B85: IPHAN.01 | C85: Composição | D85: PAINEL INFORMATIVO PARA AÇÕES DO IPHAN, APLICADO SOBRE TAPUME DE OBRA, 1,80 DE ALTURA E 1,60 DE LARGURA, IMPRESSO EM LONA 440 GRAMAS, INSTALADO EM ESTRUTURA DE TUBO METALON GALVANIZADO 20 X 20 (ESPESSURA COMERCIAL DE 0,9 MM). | E85: un | F85: 10 | G85: 859.83309 | H85: =F85*G85 -> 8598.3309 | I85: 1050.974 | J85: =F85*I85 -> 10509.74 | K85: =J85/$K$283 -> 0.0025089922 | L85: =K85+L84 -> 0.88123349
A86: 68 | B86: 8365 | C86: ORSE | D86: BANCADA EM AÇO INOX - 304, L=60CM, PARA CUBAS SIMPLES, CONCRETADA, ACABAMENTO LISO E POLIDO, ASSENTADA COM ARGAMASSA TRAÇO T-1(1:3), EXCLUSIVE CUBA, SIFÃO, VÁLVULA E TORNEIRA | E86: M | F86: 7.75 | G86: 1106.51 | H86: =F86*G86 -> 8575.4525 | I86: 1352.4872 | J86: =F86*I86 -> 10481.776 | K86: =J86/$K$283 -> 0.0025023163 | L86: =K86+L85 -> 0.88373581
A87: 69 | B87: 4365 | C87: SBC | D87: PROJETO "AS BUILT" DE ARQUITETURA | E87: M2 | F87: 870.32 | G87: 9.66 | H87: =F87*G87 -> 8407.2912 | I87: 11.807418 | J87: =F87*I87 -> 10276.232 | K87: =J87/$K$283 -> 0.0024532468 | L87: =K87+L86 -> 0.88618906
A88: 70 | B88: 141 | C88: SBC | D88: PROJETO "AS BUILT" DE INSTALACOES ELETRICAS | E88: M2 | F88: 870.32 | G88: 9.39 | H88: =F88*G88 -> 8172.3048 | I88: 11.477397 | J88: =F88*I88 -> 9989.0082 | K88: =J88/$K$283 -> 0.0023846778 | L88: =K88+L87 -> 0.88857373
A89: 71 | B89: 96523 | C89: SINAPI | D89: ESCAVAÇÃO MANUAL PARA BLOCO DE COROAMENTO OU SAPATA (INCLUINDO ESCAVAÇÃO PARA COLOCAÇÃO DE FÔRMAS). AF_01/2024 | E89: M3 | F89: 79.83615 | G89: 100.91 | H89: =F89*G89 -> 8056.2659 | I89: 123.34229 | J89: =F89*I89 -> 9847.1738 | K89: =J89/$K$283 -> 0.0023508177 | L89: =K89+L88 -> 0.89092455
A90: 72 | B90: ED-48666 | C90: SETOP | D90: TAMPÃO CIRCULAR EM FERRO FUNDIDO PARA POÇO DE VISITA, ARTICULADO COM DIÂMETRO DE 60CM, CLASSE 400, INCLUSIVE ASSENTAMENTO, EXCLUSIVE POÇO DE VISITA | E90: un | F90: 12 | G90: 642.88 | H90: =F90*G90 -> 7714.56 | I90: 785.79222 | J90: =F90*I90 -> 9429.5067 | K90: =J90/$K$283 -> 0.0022511079 | L90: =K90+L89 -> 0.89317566
A91: 73 | B91: 92265 | C91: SINAPI | D91: FABRICAÇÃO DE FÔRMA PARA VIGAS, EM CHAPA DE MADEIRA COMPENSADA RESINADA, E = 17 MM. AF_09/2020 | E91: M2 | F91: 58.46 | G91: 127.85 | H91: =F91*G91 -> 7474.111 | I91: 156.27105 | J91: =F91*I91 -> 9135.6059 | K91: =J91/$K$283 -> 0.0021809449 | L91: =K91+L90 -> 0.8953566
A92: 74 | B92: 100341 | C92: SINAPI | D92: FABRICAÇÃO, MONTAGEM E DESMONTAGEM DE FÔRMA PARA CORTINA DE CONTENÇÃO, EM CHAPA DE MADEIRA COMPENSADA PLASTIFICADA, E = 18 MM, 10 UTILIZAÇÕES. AF_11/2024 | E92: M2 | F92: 177.5 | G92: 42.01 | H92: =F92*G92 -> 7456.775 | I92: 51.348823 | J92: =F92*I92 -> 9114.4161 | K92: =J92/$K$283 -> 0.0021758863 | L92: =K92+L91 -> 0.89753249
A93: 75 | B93: 88488 | C93: SINAPI | D93: PINTURA LÁTEX ACRÍLICA PREMIUM, APLICAÇÃO MANUAL EM TETO, DUAS DEMÃOS. AF_04/2023 | E93: M2 | F93: 457.03 | G93: 16.13 | H93: =F93*G93 -> 7371.8939 | I93: 19.715699 | J93: =F93*I93 -> 9010.6659 | K93: =J93/$K$283 -> 0.002151118 | L93: =K93+L92 -> 0.89968361
A94: 76 | B94: 103669 | C94: SINAPI | D94: CONCRETAGEM DE PILARES, FCK = 25 MPA, COM USO DE BALDES - LANÇAMENTO, ADENSAMENTO E ACABAMENTO. AF_02/2022 | E94: M3 | F94: 7.32 | G94: 999.52 | H94: =F94*G94 -> 7316.4864 | I94: 1221.7133 | J94: =F94*I94 -> 8942.9413 | K94: =J94/$K$283 -> 0.0021349501 | L94: =K94+L93 -> 0.90181856
A95: 77 | B95: ED-50266 | C95: SETOP | D95: LIMPEZA FINAL PARA ENTREGA DA OBRA | E95: m2 | F95: 870.32 | G95: 8.33 | H95: =F95*G95 -> 7249.7656 | I95: 10.181759 | J95: =F95*I95 -> 8861.3885 | K95: =J95/$K$283 -> 0.002115481 | L95: =K95+L94 -> 0.90393404
A96: 78 | B96: 30459 | C96: SBC | D96: CONCRETO USINADO 20MPA P/ FUNDAÇÕES LANÇAMENTO MECÂNICO | E96: M³ | F96: 8.48 | G96: 845.38 | H96: =F96*G96 -> 7168.8224 | I96: 1033.308 | J96: =F96*I96 -> 8762.4516 | K96: =J96/$K$283 -> 0.0020918617 | L96: =K96+L95 -> 0.9060259
A97: 79 | B97: 92988 | C97: SINAPI | D97: CABO DE COBRE FLEXÍVEL ISOLADO, 50 MM², ANTI-CHAMA 0,6/1,0 KV, PARA REDE ENTERRADA DE DISTRIBUIÇÃO DE ENERGIA ELÉTRICA - FORNECIMENTO E INSTALAÇÃO. AF_12/2021 | E97: M | F97: 118 | G97: 58.95 | H97: =F97*G97 -> 6956.1 | I97: 72.054585 | J97: =F97*I97 -> 8502.441 | K97: =J97/$K$283 -> 0.0020297894 | L97: =K97+L96 -> 0.90805569
A98: 80 | B98: 103686 | C98: SINAPI | D98: CONCRETAGEM DE ESCADAS, FCK=25 MPA, COM USO DE BOMBA - LANÇAMENTO, ADENSAMENTO E ACABAMENTO. AF_02/2022_PS | E98: M3 | F98: 9.07 | G98: 758.88 | H98: =F98*G98 -> 6883.0416 | I98: 927.57902 | J98: =F98*I98 -> 8413.1417 | K98: =J98/$K$283 -> 0.0020084709 | L98: =K98+L97 -> 0.91006416
A99: 81 | B99: 64 | C99: SBC | D99: PROJETO "AS BUILT" DE INSTALACOES HIDRAULICAS | E99: M2 | F99: 870.32 | G99: 7.61 | H99: =F99*G99 -> 6623.1352 | I99: 9.301703 | J99: =F99*I99 -> 8095.4582 | K99: =J99/$K$283 -> 0.0019326303 | L99: =K99+L98 -> 0.91199679
A100: 82 | B100: 88485 | C100: SINAPI | D100: FUNDO SELADOR ACRÍLICO, APLICAÇÃO MANUAL EM PAREDE, UMA DEMÃO. AF_04/2023 | E100: M2 | F100: 1309.8876 | G100: 4.74 | H100: =F100*G100 -> 6208.8671 | I100: 5.793702 | J100: =F100*I100 -> 7589.0983 | K100: =J100/$K$283 -> 0.0018117469 | L100: =K100+L99 -> 0.91380854
A101: 83 | B101: 104920 | C101: SINAPI | D101: ARMAÇÃO DE BLOCO, SAPATA ISOLADA, VIGA BALDRAME E SAPATA CORRIDA UTILIZANDO AÇO CA-50 DE 12,5 MM - MONTAGEM. AF_01/2024 | E101: KG | F101: 546.71 | G101: 10.88 | H101: =F101*G101 -> 5948.2048 | I101: 13.298624 | J101: =F101*I101 -> 7270.4907 | K101: =J101/$K$283 -> 0.0017356856 | L101: =K101+L100 -> 0.91554422
A102: 84 | B102: 98402 | C102: SINAPI | D102: CABO TELEFÔNICO CTP-APL-50 30 PARES INSTALADO EM ENTRADA DE EDIFICAÇÃO - FORNECIMENTO E INSTALAÇÃO. AF_11/2019 | E102: M | F102: 245 | G102: 23.96 | H102: =F102*G102 -> 5870.2 | I102: 29.286308 | J102: =F102*I102 -> 7175.1455 | K102: =J102/$K$283 -> 0.0017129238 | L102: =K102+L101 -> 0.91725715
A103: 85 | B103: 100576 | C103: SINAPI | D103: REGULARIZAÇÃO E COMPACTAÇÃO DE SUBLEITO DE SOLO PREDOMINANTEMENTE ARGILOSO, PARA OBRAS DE CONSTRUÇÃO DE PAVIMENTOS. AF_09/2024 | E103: M2 | F103: 2031.88 | G103: 2.86 | H103: =F103*G103 -> 5811.1768 | I103: 3.495778 | J103: =F103*I103 -> 7103.0014 | K103: =J103/$K$283 -> 0.0016957009 | L103: =K103+L102 -> 0.91895285
A104: 86 | B104: ED-48479 | C104: SETOP | D104: DEMOLIÇÃO MANUAL DE PISO CIMENTADO OU CONTRAPISO DE ARGAMASSA, COM ESPESSURA MÁXIMA DE 10CM, INCLUSIVE AFASTAMENTO E EMPILHAMENTO, EXCLUSIVE TRANSPORTE E RETIRADA DO MATERIAL DEMOLIDO | E104: m2 | F104: 286.11 | G104: 20.05 | H104: =F104*G104 -> 5736.5055 | I104: 24.507115 | J104: =F104*I104 -> 7011.7307 | K104: =J104/$K$283 -> 0.0016739118 | L104: =K104+L103 -> 0.92062676
A105: 87 | B105: ED-48435 | C105: SETOP | D105: DEMOLIÇÃO MANUAL DE ALVENARIA DE TIJOLO CERÂMICO OU BLOCO DE CONCRETO, INCLUSIVE AFASTAMENTO E EMPILHAMENTO, EXCLUSIVE TRANSPORTE E RETIRADA DO MATERIAL DEMOLIDO | E105: m3 | F105: 48.010419 | G105: 118.17 | H105: =F105*G105 -> 5673.3912 | I105: 144.43919 | J105: =F105*I105 -> 6934.5861 | K105: =J105/$K$283 -> 0.0016554951 | L105: =K105+L104 -> 0.92228226
A106: 88 | B106: 89712 | C106: SINAPI | D106: TUBO PVC, SERIE NORMAL, ESGOTO PREDIAL, DN 50 MM, FORNECIDO E INSTALADO EM RAMAL DE DESCARGA OU RAMAL DE ESGOTO SANITÁRIO. AF_08/2022 | E106: M | F106: 195.4 | G106: 28.67 | H106: =F106*G106 -> 5602.118 | I106: 35.043341 | J106: =F106*I106 -> 6847.4688 | K106: =J106/$K$283 -> 0.0016346975 | L106: =K106+L105 -> 0.92391695
A107: 89 | B107: ED-50727 | C107: SETOP | D107: CHAPISCO COM ARGAMASSA, TRAÇO 1:3 (CIMENTO E AREIA), ESP. 5MM, APLICADO EM ALVENARIA/ESTRUTURA DE CONCRETO COM COLHER, INCLUSIVE ARGAMASSA COM PREPARO MECANIZADO | E107: m2 | F107: 542.5596 | G107: 10.2 | H107: =F107*G107 -> 5534.1079 | I107: 12.46746 | J107: =F107*I107 -> 6764.3401 | K107: =J107/$K$283 -> 0.0016148522 | L107: =K107+L106 -> 0.9255318
...

Sheet Curva S
H1: Obra | R1: Referência
H2: REFORMA E AMPLIAÇÃO MERCADO MUNICIPAL MUNICÍPIO DE SERRO - MG | R2: CRONOGRAMA FÍSICO E FINCANCEIRO
G6: Curva S
B11: Obra | H11: Obra
H12: RESTAURAÇÃO DA CHÁCARA DO BARÃO MUNICÍPIO DE SERRO - MG
B16: Curva S | H16: Curva S
B17: MÊS | C17: ACUMULADO | H17: MÊS | I17: ACUMULADO
C18: PREVISTO | I18: PREVISTO | J18: REALIZADO
C19: Valor (R$) | D19: Porcentagem (%) | E19: Acumulado (%) | I19: Porcentagem (%) | J19: Porcentagem (%)
B20: 1 | C20: =Cronograma!D52 -> 65563.418 | D20: =C20/$C$36 -> 0.015651967 | E20: =D20 -> 0.015651967 | H20: 1 | I20: =D20 -> 0.015651967 | J20: =I20 -> 0.015651967
B21: 2 | C21: =Cronograma!E52 -> 704503.5 | D21: =C21/$C$36 -> 0.16818625 | E21: =E20+D21 -> 0.18383822 | H21: 2 | I21: =D21 -> 0.16818625 | J21: =J20+I21 -> 0.18383822
B22: 3 | C22: =Cronograma!F52 -> 934437.31 | D22: =C22/$C$36 -> 0.2230784 | E22: =E21+D22 -> 0.40691662 | H22: 3 | I22: =D22 -> 0.2230784 | J22: =J21+I22 -> 0.40691662
B23: 4 | C23: =Cronograma!G52 -> 748986.54 | D23: =C23/$C$36 -> 0.1788057 | E23: =E22+D23 -> 0.58572232 | H23: 4 | I23: =D23 -> 0.1788057 | J23: =J22+I23 -> 0.58572232
B24: 5 | C24: =Cronograma!H52 -> 174874.84 | D24: =C24/$C$36 -> 0.041747905 | E24: =E23+D24 -> 0.62747022 | H24: 5 | I24: =D24 -> 0.041747905 | J24: =J23+I24 -> 0.62747022
B25: 6 | C25: =Cronograma!I52 -> 204752.37 | D25: =C25/$C$36 -> 0.048880572 | E25: =E24+D25 -> 0.67635079 | H25: 6 | I25: =D25 -> 0.048880572 | J25: =J24+I25 -> 0.67635079
B26: 7 | C26: =Cronograma!J52 -> 208643.81 | D26: =C26/$C$36 -> 0.049809577 | E26: =E25+D26 -> 0.72616037 | H26: 7 | I26: =D26 -> 0.049809577 | J26: =J25+I26 -> 0.72616037
B27: 8 | C27: =Cronograma!K52 -> 218940.54 | D27: =C27/$C$36 -> 0.052267716 | E27: =E26+D27 -> 0.77842809 | H27: 8 | I27: =D27 -> 0.052267716 | J27: =J26+I27 -> 0.77842809
B28: 9 | C28: =Cronograma!L52 -> 269450.17 | D28: =C28/$C$36 -> 0.06432589 | E28: =E27+D28 -> 0.84275398 | H28: 9 | I28: =D28 -> 0.06432589 | J28: =J27+I28 -> 0.84275398
B29: 10 | C29: =Cronograma!M52 -> 233685.46 | D29: =C29/$C$36 -> 0.055787773 | E29: =E28+D29 -> 0.89854175 | H29: 10 | I29: =D29 -> 0.055787773 | J29: =J28+I29 -> 0.89854175
B30: 11 | C30: =Cronograma!N52 -> 170942.36 | D30: =C30/$C$36 -> 0.040809101 | E30: =E29+D30 -> 0.93935085 | H30: 11 | I30: =D30 -> 0.040809101 | J30: =J29+I30 -> 0.93935085
B31: 12 | C31: =Cronograma!O52 -> 61273.999 | D31: =C31/$C$36 -> 0.014627953 | E31: =E30+D31 -> 0.95397881 | H31: 12 | I31: =D31 -> 0.014627953 | J31: =J30+I31 -> 0.95397881
B32: 13 | C32: =Cronograma!P52 -> 92348.398 | D32: =C32/$C$36 -> 0.022046351 | E32: =E31+D32 -> 0.97602516 | H32: 13 | I32: =D32 -> 0.022046351 | J32: =J31+I32 -> 0.97602516
B33: 14 | C33: =Cronograma!Q52 -> 73001.092 | D33: =C33/$C$36 -> 0.017427565 | E33: =E32+D33 -> 0.99345272 | H33: 14 | I33: =D33 -> 0.017427565 | J33: =J32+I33 -> 0.99345272
B34: 15 | C34: =Cronograma!R52 -> 27425.436 | D34: =C34/$C$36 -> 0.0065472795 | E34: =E33+D34 -> 1 | H34: 15 | I34: =D34 -> 0.0065472795 | J34: =J33+I34 -> 1
C36: =SUM(C20:C34) -> 4188829.2 | D36: =SUM(D20:D34) -> 1
H45: ______________________________________________
H46: Deivid Santos Coelho
H47: Engenheiro Civil
H48: CREA-MG: 232245/D

Sheet Curva S Ref.
B1: Obra | G1: Obra
G2: REFORMA E AMPLIAÇÃO MERCADO MUNICIPAL MUNICÍPIO DE SERRO - MG
B6: Curva S | G6: Curva S
B7: MÊS | C7: ACUMULADO | G7: MÊS | H7: ACUMULADO
C8: PREVISTO | H8: PREVISTO | I8: REALIZADO
C9: Valor (R$) | D9: Porcentagem (%) | E9: Acumulado (%) | H9: Porcentagem (%) | I9: Porcentagem (%)
B10: 1 | C10: =Cronograma!D52 -> 65563.418 | D10: =C10/$C$26 -> 0.015651967 | E10: =D10 -> 0.015651967 | G10: 1 | H10: =E10 -> 0.015651967
B11: 2 | C11: =Cronograma!E52 -> 704503.5 | D11: =C11/$C$26 -> 0.16818625 | E11: =E10+D11 -> 0.18383822 | G11: 2 | H11: =E11 -> 0.18383822
B12: 3 | C12: =Cronograma!F52 -> 934437.31 | D12: =C12/$C$26 -> 0.2230784 | E12: =E11+D12 -> 0.40691662 | G12: 3 | H12: =E12 -> 0.40691662
B13: 4 | C13: =Cronograma!G52 -> 748986.54 | D13: =C13/$C$26 -> 0.1788057 | E13: =E12+D13 -> 0.58572232 | G13: 4 | H13: =E13 -> 0.58572232
B14: 5 | C14: =Cronograma!H52 -> 174874.84 | D14: =C14/$C$26 -> 0.041747905 | E14: =E13+D14 -> 0.62747022 | G14: 5 | H14: =E14 -> 0.62747022
B15: 6 | C15: =Cronograma!I52 -> 204752.37 | D15: =C15/$C$26 -> 0.048880572 | E15: =E14+D15 -> 0.67635079 | G15: 6 | H15: =E15 -> 0.67635079
B16: 7 | C16: =Cronograma!J52 -> 208643.81 | D16: =C16/$C$26 -> 0.049809577 | E16: =E15+D16 -> 0.72616037 | G16: 7 | H16: =E16 -> 0.72616037
B17: 8 | C17: =Cronograma!K52 -> 218940.54 | D17: =C17/$C$26 -> 0.052267716 | E17: =E16+D17 -> 0.77842809 | G17: 8 | H17: =E17 -> 0.77842809
B18: 9 | C18: =Cronograma!L52 -> 269450.17 | D18: =C18/$C$26 -> 0.06432589 | E18: =E17+D18 -> 0.84275398 | G18: 9 | H18: =E18 -> 0.84275398
B19: 10 | C19: =Cronograma!M52 -> 233685.46 | D19: =C19/$C$26 -> 0.055787773 | E19: =E18+D19 -> 0.89854175 | G19: 10 | H19: =E19 -> 0.89854175
B20: 11 | C20: =Cronograma!N52 -> 170942.36 | D20: =C20/$C$26 -> 0.040809101 | E20: =E19+D20 -> 0.93935085 | G20: 11 | H20: =E20 -> 0.93935085
B21: 12 | C21: =Cronograma!O52 -> 61273.999 | D21: =C21/$C$26 -> 0.014627953 | E21: =E20+D21 -> 0.95397881 | G21: 12 | H21: =E21 -> 0.95397881
B22: 13 | C22: =Cronograma!P52 -> 92348.398 | D22: =C22/$C$26 -> 0.022046351 | E22: =E21+D22 -> 0.97602516 | G22: 13 | H22: =E22 -> 0.97602516
B23: 14 | C23: =Cronograma!Q52 -> 73001.092 | D23: =C23/$C$26 -> 0.017427565 | E23: =E22+D23 -> 0.99345272 | G23: 14 | H23: =E23 -> 0.99345272
B24: 15 | C24: =Cronograma!R52 -> 27425.436 | D24: =C24/$C$26 -> 0.0065472795 | E24: =E23+D24 -> 1 | G24: 15 | H24: =E24 -> 1
C26: =SUM(C10:C24) -> 4188829.2 | D26: =SUM(D10:D11) -> 0.18383822
C28: =C26-RESUMO!H37 -> -0.00031513581

Sheet MC DIVERSOS
A1: MEMÓRIA DE CÁLCULO
A3: TÍTULO: DIVERSOS | E3: PÁGINA
A4: MERCADO MUNICIPAL MUNICÍPIO DE SERRO - MG
E6: REV.
A9: Cálculo banco de concreto, H=50cm - m
A10: FIGURA INDICATIVA (SEM ESCALA)
A33: Cálculo banco de concreto, H=50cm - m
C34: Cálculo | E34: m
A35: Banco 1 + banco 2 | C35: 2,01+2,893+1,622+2,433+5,505 | E35: =2.01+2.893+1.622+2.433+5.505 -> 14.463
A36: Subtotal | E36: =E35 -> 14.463
A37: Cálculo pergolado de madeira - m²
A38: FIGURA INDICATIVA (SEM ESCALA)
A61: Cálculo pergolado de madeira - m²
C62: Cálculo | E62: Área - m²
A63: Banco 1 + banco 2 | C63: 37.44 | E63: 37.44
A64: Subtotal | E64: =E63 -> 37.44
A65: Total | E65: =E64 -> 37.44
A66: Vegetação canteiros - Un
A67: FIGURA INDICATIVA (SEM ESCALA)
A90: Vegetação canteiros - Un
A91: Nome científico | B91: Nome popular | C91: Porte | E91: Unidade - Un
A92: Calliandra dysantha, Fabaceae | B92: Flor do cerrado | C92: 0,5m de altura | E92: 6
A93: Lychnophora triflora | B93: Arnica Arbusto | C93: 1,0m de altura | E93: 6
A94: MISCANTHUS SINENSIS VARIEGATUS | B94: Capim-listrado euláia | C94: 1,0m de altura | E94: 5
A95: Calliandra viscidula, Fabaceae | B95: Flor do cerrado | C95: 0,5m de altura | E95: 13
A96: LAVANDULA SP | B96: Lavanda, alfazema | C96: 0,5m de altura | E96: =16+11 -> 27
A97: CENTAUREA GYMNOCARPA | B97: CENTÁUREA-VELUDO | C97: 0,4m de altura | E97: 3
A98: HEDERA HELIX | B98: HERA TREPADEIRA | C98: - | E98: 13
A99: FICUS RADICANS | B99: FIGUEIRA TREPADEIRA | C99: - | E99: 12
A100: Fuchsia hybrida | B100: BRINCOS-DE-PRINCESA | C100: - | E100: 9
A101: Jacaranda mimosifolia | B101: JACARANDÁ MIMOSO | C101: 15m de altura | E101: 1
A102: Myrciaria cauliflora | B102: JABUTICABEIRA | C102: 3m de altura | E102: 3
A103: Morus Nigra | B103: Amoreira | C103: 10 m de altura | E103: 3
A104: Psidum guajava | B104: Goiabeira | C104: 7m de altura | E104: 2
A105: Eugenia uniflora | B105: PITANGUEIRA | C105: 12m de altura | E105: 2
A106: Psidum cateleyanum | B106: Laranjeira | C106: 8m de altura | E106: 2
A107: Malus domestica | B107: MACIEIRA | C107: 10 m de altura | E107: 1
A108: Subtotal arbusto ou cerva viva | E108: =SUM(E92:E99) -> 85
A109: Subtotal mudas superiores a 2m | E109: =SUM(E100:E107) -> 23
A110: Total | E110: =SUM(E92:E107) -> 108
A111: Cálculo área para adubo - m²
A112: FIGURA INDICATIVA (SEM ESCALA)
A135: Área para adubo - m²
C136: Cálculo | E136: Área - m²
C137: 26 | E137: 26
C138: 0,55*5,26 | E138: =0.55*5.26 -> 2.893
C139: 21,61*4,60 | E139: =21.61*4.6 -> 99.406
C140: 19,60*2,01 | E140: =19.6*2.01 -> 39.396
A141: Subtotal | E141: =SUM(E137:E140) -> 167.695
A142: Total | E142: =E141 -> 167.695
A143: Área para adubo - m²
A144: FIGURA INDICATIVA (SEM ESCALA)
A167: Área para adubo - m²
C168: Cálculo | E168: Área - m²
C169: 26 | E169: 26
C170: 0,55*5,26 | E170: =0.55*5.26 -> 2.893
C171: 21,61*4,60 | E171: =21.61*4.6 -> 99.406
C172: 19,60*2,01 | E172: =19.6*2.01 -> 39.396
A173: Subtotal | E173: =E172 -> 39.396
A174: Total | E174: =E173 -> 39.396

Sheet MC DRENAGEM
A1: MEMÓRIA DE CÁLCULO
A3: TÍTULO: DRENAGEM E PAVIMENTAÇÃO DA TRAVESSA MAGALHÃES | E3: PÁGINA
A4: MERCADO MUNICIPAL MUNICÍPIO DE SERRO - MG
E6: REV.
A9: Remoção de carga de todo o pavimento existente
A10: Cálculo | E10: m³
A11: 110X8,58X0,2 | C11: (2,03+1,20+2,90)*1 | E11: =110*8.58*0.2 -> 188.76
A12: 116X9,38X0,2 | C12: (2,03+1,20+2,90)*2 | E12: =116*9.38*0.2 -> 217.616
A13: Total | E13: =SUM(E11:E12) -> 406.376
A14: ESCAVAÇÃO MECANIZADA DE VALA COM PROF. ATÉ 1,5 M (MÉDIA MONTANTE E JUSANTE/UMA COMPOSIÇÃO POR TRECHO), RETROESCAV. (0,26 M3), LARG. MENOR QUE 0,8 M, EM SOLO DE 2A CATEGORIA, EM LOCAIS COM ALTO NÍVEL DE INTERFERÊNCIA. AF_02/2021
A15: Cálculo | E15: m³
A16: (399 X 1,40 X 2,00) | C16: (2,03+1,20+2,90)*2 | E16: =399*1.4*2 -> 1117.2
A17: Total | E17: =SUM(E16:E16) -> 1117.2
A18: DEMOLIÇÃO MECANIZADA DE CONCRETO ARMADO
A19: Cálculo | E19: m³
A20: 4,5*2,6*0,3 | C20: (2,03+1,20+2,90)*2 | E20: =4.5*2.6*0.3 -> 3.51
A21: Total | E21: =SUM(E20:E20) -> 3.51
A22: CARGA MECÂNICA DE MATERIAL DE QUALQUER NATUREZA SOBRE CAMINHÃO, EXCLUSIVE TRANSPORTE
A23: Cálculo | E23: m³
A24: (110X8,58X0,10)+116X9,38X0,20 | C24: (2,03+1,20+2,90)*1 | E24: =E13 -> 406.376
A25: Total | E25: =SUM(E24:E24) -> 406.376
A26: ESCAVAÇÃO MECÂNICA DE VALAS COM PROFUNDIDADE MAIOR QUE 1,5M E MENOR OU IGUAL 3,0M
A27: Cálculo | E27: m³
A28: 54.46 | E28: 54.46
A29: Total | E29: =SUM(E28:E28) -> 54.46
A30: TRANSPORTE COM CAMINHÃO BASCULANTE DE 6 M³
A31: Cálculo | E31: m³XKm
A32: (406,38X6) | E32: =E25*6 -> 2438.256
A33: (116x9,38x0,20x6) | E33: =(116*9.38*0.2)*6 -> 1305.696
A34: Total | E34: =SUM(E32:E33) -> 3743.952
A35: PREPARO DE FUNDO DE VALA COM LARGURA MAIOR OU IGUAL A 1,5 M E MENOR QUE 2,5 M
A36: Cálculo | E36: m²
A37: (399X1,40) | E37: =399*1.4 -> 558.6
A38: Total | E38: =SUM(E37:E37) -> 558.6
A39: REATERRO MANUAL APILOADO COM SOQUETE
A40: Cálculo | E40: m³
A41: (399X1,40X1,00) | E41: =399*1.4*1 -> 558.6
A42: Total | E42: =SUM(E41:E41) -> 558.6
A43: TUBO CORRUGADO PEAD, PAREDE DUPLA, DN/DI *400* MM
A44: Cálculo | E44: m
A45: 53 | E45: 53
A46: Total | E46: =SUM(E45:E45) -> 53
A47: TUBO CORRUGADO PEAD, PAREDE DUPLA, DN/DI *600* MM
A48: Cálculo | E48: m
A49: 60 | E49: 60
A50: Total | E50: =SUM(E49:E49) -> 60
A51: TUBO CORRUGADO PEAD, PAREDE DUPLA, DN/DI *1000* MM
A52: Cálculo | E52: m
A53: 30+38+40+36+20+20+20+30+20+22+10 | E53: =30+38+40+36+20+20+20+30+20+22+10 -> 286
A54: Total | E54: =SUM(E53:E53) -> 286
A55: CAIXA DE CAPTAÇÃO E DRENAGEM TIPO C (120 X 120 X 150 CM)
A56: Cálculo | E56: un
A57: 12 | E57: 12
A58: Total | E58: =SUM(E57:E57) -> 12
A59: GRELHA DE FERRO FUNDIDO PARA BOCA DE LOBO
A60: Cálculo | E60: un
A61: 20 | E61: 20
A62: Total | E62: =SUM(E61:E61) -> 20
A63: BOCA DE LOBO SILMPES - TIPO A , FERRO FUNDIDO
A64: Cálculo | E64: un
A65: 20 | E65: 20
A66: Total | E66: =SUM(E65:E65) -> 20
A67: DEMOLIÇÃO MECANIZADA DE LAJE DE CONCRETO ARMADO
A68: Cálculo | E68: m²
A69: 13,55*2,2 | E69: =13.55*2.2 -> 29.81
A70: Total | E70: =SUM(E69:E69) -> 29.81
A71: ESCADA HIDRÁULICA
A72: Cálculo | E72: M³
A73: 3,68*2 | E73: =3.68*2 -> 7.36
A74: Total | E74: =SUM(E73:E73) -> 7.36
A75: ALA DE REDE TUBULAR DN 1500
A76: Cálculo | E76: un
A77: 1 | E77: 1
A78: Total | E78: =SUM(E77:E77) -> 1
A79: PEDRA DE MÃO FIXADA COM CONCRETO PARA BACIA DE DISSIPAÇÃO
A80: Cálculo | E80: M³
A81: (2,40X2,40X0,20)+(5,00X5,00X0,50) | E81: =2.4*2.4*0.2+5*5*0.5 -> 13.652
A82: Total | E82: =SUM(E81:E81) -> 13.652
A83: AÇO CA-50 12,5MM
A84: Cálculo | E84: KG
A85: 140.4 | E85: 140.4
A86: Total | E86: =SUM(E85:E85) -> 140.4
A87: AÇO CA-25 6,3MM
A88: Cálculo | E88: KG
A89: 44.1 | E89: 44.1
A90: Total | E90: =SUM(E89:E89) -> 44.1
A91: BLOCOS DE CONCRETO ESTRUTURAL 14X19X29
A92: Cálculo | E92: M²
A93: 70.16 | E93: 70.16
A94: Total | E94: =SUM(E93:E93) -> 70.16
A95: LAJE MACIÇA
A96: Cálculo | E96: M²
A97: 19.3 | E97: 19.3
A98: Total | E98: =SUM(E97:E97) -> 19.3
A99: FABRICAÇÃO DE FORMAS PARA VIGAS
A100: Cálculo | E100: M²
A101: 58.46 | E101: 58.46
A102: Total | E102: =SUM(E101:E101) -> 58.46
A103: REGULARIZAÇÃO E COMPACTAÇÃO DE SUBLEITO
A104: Cálculo | E104: M²
...

Sheet MC ESQUADRIAS
A1: MEMÓRIA DE CÁLCULO
A3: TÍTULO: ESQUADRIAS | G3: PÁGINA
A4: MERCADO MUNICIPAL MUNICÍPIO DE SERRO - MG
G6: REV.
A9: Cálculo área das janelas - m²
A10: FIGURA INDICATIVA (SEM ESCALA)
A33: Cálculo área das janelas - m²
A34: Ambiente | B34: Código | C34: Largura | D34: Altura | E34: Peitoril | F34: Quantidade | G34: Área - m²
A35: Administração - Térreo | B35: J-4 | C35: 3.14 | D35: 1.3 | E35: 2.25 | F35: 1 | G35: =C35*D35*F35 -> 4.082
A36: Loja do Queijo | B36: J-7 | C36: 3.58 | D36: 1.29 | E36: 0.85 | F36: 1 | G36: =C36*D36*F36 -> 4.6182
A37: Loja do Queijo | B37: J-5 | C37: 4.825 | D37: 3.6 | E37: 2.25 | F37: 1 | G37: =C37*D37*F37 -> 17.37
A38: Circulação Vertical | B38: J-5 | C38: 4.825 | D38: 3.6 | E38: 2.25 | F38: 1 | G38: =C38*D38*F38 -> 17.37
A39: Loja do Artesanato | B39: J-6 | C39: 1.8 | D39: 1.29 | E39: 0.85 | F39: 1 | G39: =C39*D39*F39 -> 2.322
A40: Banca de Revista | B40: J-6 | C40: 1.8 | D40: 1.29 | E40: 0.85 | F40: 1 | G40: =C40*D40*F40 -> 2.322
A41: Banca de Revista | B41: J-4 | C41: 3.14 | D41: 1.3 | E41: 2.25 | F41: 1 | G41: =C41*D41*F41 -> 4.082
A42: Cozinha | B42: J-3 | C42: 2.2 | D42: 0.5 | E42: 1.7 | F42: 2 | G42: =C42*D42*F42 -> 2.2
A43: Lanchonete | B43: J-1 | C43: 0.7 | D43: 0.5 | E43: 1.7 | F43: 1 | G43: =C43*D43*F43 -> 0.35
A44: Escada | B44: J-2 | C44: 1.6 | D44: 0.5 | E44: 1.7 | F44: 1 | G44: =C44*D44*F44 -> 0.8
A45: Depósito | B45: J-1 | C45: 0.7 | D45: 0.5 | E45: 1.7 | F45: 1 | G45: =C45*D45*F45 -> 0.35
A46: I.S. PNE | B46: J-1 | C46: 0.7 | D46: 0.5 | E46: 1.7 | F46: 1 | G46: =C46*D46*F46 -> 0.35
... A49: I.S.M. | B49: J-3 | C49: 2.2 | D49: 0.5 | E49: 1.7 | F49: 1 | G49: =C49*D49*F49 -> 1.1
A50: Subtotal Janela basculante de madeira | G50: =SUM(G35+G37+G38+G41+G42+G43+G44+G45+G46+G47+G48+G49) -> 50.604
A51: Subtotal Janela de alumínio de enrolar | G51: =SUM(G36+G39+G40) -> 9.2622
A52: Total | F52: =SUM(F35:F49) -> 17 | G52: =SUM(G50:G51) -> 59.8662 | H52: =SUM(G35:G49) -> 59.8662
A53: Cálculo área das portas - m²
A54: FIGURA INDICATIVA (SEM ESCALA)
A77: Cálculo área das portas - m²
A78: Ambiente | B78: Código | C78: Largura | D78: Altura | E78: Peitoril | F78: Quantidade | G78: Área - m²
A79: Administração - Térreo | B79: PM-2 | C79: 0.8 | D79: 2.1 | E79: - | F79: 1 | G79: =C79*D79*F79 -> 1.68
A80: Loja do Queijo | B80: PM-2 | C80: 0.8 | D80: 2.1 | E80: - | F80: 1 | G80: =C80*D80*F80 -> 1.68
A81: Circulação Vertical | B81: PM-5 | C81: 1.6 | D81: 2.1 | E81: - | F81: 1 | G81: =C81*D81*F81 -> 3.36
A82: Loja do Artesanato | B82: PM-2 | C82: 0.8 | D82: 2.1 | E82: - | F82: 1 | G82: =C82*D82*F82 -> 1.68
A83: Banca de Revista | B83: PM-2 | C83: 0.8 | D83: 2.1 | E83: - | F83: 1 | G83: =C83*D83*F83 -> 1.68
A84: Circulação Descoberta | B84: PT-2 | C84: 0.8 | D84: 1.9 | E84: - | F84: 1 | G84: =C84*D84*F84 -> 1.52
A85: Cozinha | B85: PM-3 | C85: 0.9 | D85: 2.1 | E85: - | F85: 1 | G85: =C85*D85*F85 -> 1.89
A86: Lanchonete | B86: PM-2 | C86: 0.8 | D86: 2.1 | E86: - | F86: 1 | G86: =C86*D86*F86 -> 1.68
A87: Hall | B87: PT-3 | C87: 1.2 | D87: 2.1 | E87: - | F87: 2 | G87: =C87*D87*F87 -> 5.04
A88: Depósito | B88: PM-1 | C88: 0.7 | D88: 2.1 | E88: - | F88: 1 | G88: =C88*D88*F88 -> 1.47
A89: D.M.L. | B89: PM-1 | C89: 0.7 | D89: 2.1 | E89: - | F89: 1 | G89: =C89*D89*F89 -> 1.47
A90: I.S. PNE | B90: PM-4 | C90: 0.9 | D90: 2.1 | E90: - | F90: 1 | G90: =C90*D90*F90 -> 1.89
... A96: I.S.M. | B96: PT-1 | C96: 0.6 | D96: 1.6 | E96: - | F96: 2 | G96: =C96*D96*F96 -> 1.92
A97: Subtotal Porta de abrir tipo prancheta com acab. Laminado, marco e alizar em madeira, branco (160) | F97: 1 | G97: =G81 -> 3.36
A98: Subtotal Porta de abrir tipo prancheta com acab. Laminado, marco e alizar em madeira, branco (90). Obs: PNE | F98: =F90 -> 1 | G98: =G90 -> 1.89
A99: Subtotal Porta de abrir tipo prancheta com acab. Laminado, marco e alizar em madeira, branco (90) | F99: =F85 -> 1 | G99: =G85 -> 1.89
A100: Subtotal Porta de abrir tipo prancheta com acab. Laminado, marco e alizar em madeira, branco (80) | F100: =F79+F80+F82+F83+F86+F92 -> 6 | G100: =SUM(G79+G80+G82+G83+G86+G92) -> 10.08
A101: Subtotal Porta de abrir tipo prancheta com acab. Laminado, marco e alizar em madeira, branco (70) | F101: =F88+F89+F91+F93+F95 -> 5 | G101: =SUM(G88+G89+G91+G93+G95) -> 7.35 | J101: =SUM(F97:F101) -> 14
A102: Subtotal Porta de correr metálica | F102: =F87 -> 2 | G102: =G87 -> 5.04
A103: Subtotal Porta de abrir de grade metálica | F103: =F84 -> 1 | G103: =SUM(G93+G95) -> 2.94
A104: Subtotal Porta de abrir para box em alumínio com veneziana | F104: =F94+F96 -> 5 | G104: =SUM(G94+G96) -> 4.8
A105: Total | F105: =SUM(F97:F104) -> 22 | G105: =SUM(G97:G104) -> 37.35
A106: Cálculo de verga e conta-verga - m
A107: Local | B107: Identificação | C107: Tipo de abertura | D107: Qtd. | E107: Vão | F107: Verga | G107: Conta-verga | H107: Transpasse Sup. | I107: Transpasse Inf. | K107: Total Verga | L107: Total Contraverga
A108: Janela | B108: 0.7 | C108: J | D108: 4 | E108: =B108 -> 0.7 | F108: =IF(E108=0,0,IF(E108/10<0.15,E108+0.3,(E108/10)*2+E108)) -> 1 | G108: =IF(C108="P",0,IF(E108=0,0,IF(E108/5<0.3,E108+0.6,(E108/5)*2+E108))) -> 1.3 | H108: =(F108-E108)/2 -> 0.15 | I108: =IF(G108=0,0,(G108-E108)/2) -> 0.3 | K108: =D108*F108 -> 4 | L108: =D108*G108 -> 5.2
A109: Janela | B109: 1.6 | C109: J | D109: 1 | E109: 1.6 | F109: =IF(E109=0,0,IF(E109/10<0.15,E109+0.3,(E109/10)*2+E109)) -> 1.92 | G109: =IF(C109="P",0,IF(E109=0,0,IF(E109/5<0.3,E109+0.6,(E109/5)*2+E109))) -> 2.24 | H109: =(F109-E109)/2 -> 0.16 | I109: =IF(G109=0,0,(G109-E109)/2) -> 0.32 | K109: =D109*F109 -> 1.92 | L109: =D109*G109 -> 2.24
A110: Janela | B110: 2.2 | C110: J | D110: 5 | E110: 2.2 | F110: =IF(E110=0,0,IF(E110/10<0.15,E110+0.3,(E110/10)*2+E110)) -> 2.64 | G110: =IF(C110="P",0,IF(E110=0,0,IF(E110/5<0.3,E110+0.6,(E110/5)*2+E110))) -> 3.08 | H110: =(F110-E110)/2 -> 0.22 | I110: =IF(G110=0,0,(G110-E110)/2) -> 0.44 | K110: =D110*F110 -> 13.2 | L110: =D110*G110 -> 15.4
A111: Janela | B111: 3.14 | C111: J | D111: 2 | E111: 3.14 | F111: =IF(E111=0,0,IF(E111/10<0.15,E111+0.3,(E111/10)*2+E111)) -> 3.768 | G111: =IF(C111="P",0,IF(E111=0,0,IF(E111/5<0.3,E111+0.6,(E111/5)*2+E111))) -> 4.396 | H111: =(F111-E111)/2 -> 0.314 | I111: =IF(G111=0,0,(G111-E111)/2) -> 0.628 | K111: =D111*F111 -> 7.536 | L111: =D111*G111 -> 8.792
A112: Janela | B112: 4.825 | C112: J | D112: 2 | E112: =B112 -> 4.825 | F112: =IF(E112=0,0,IF(E112/10<0.15,E112+0.3,(E112/10)*2+E112)) -> 5.79 | G112: =IF(C112="P",0,IF(E112=0,0,IF(E112/5<0.3,E112+0.6,(E112/5)*2+E112))) -> 6.755 | H112: =(F112-E112)/2 -> 0.4825 | I112: =IF(G112=0,0,(G112-E112)/2) -> 0.965 | K112: =D112*F112 -> 11.58 | L112: =D112*G112 -> 13.51
A113: Janela | B113: 1.8 | C113: J | D113: 2 | E113: =B113 -> 1.8 | F113: =IF(E113=0,0,IF(E113/10<0.15,E113+0.3,(E113/10)*2+E113)) -> 2.16 | G113: =IF(C113="P",0,IF(E113=0,0,IF(E113/5<0.3,E113+0.6,(E113/5)*2+E113))) -> 2.52 | H113: =(F113-E113)/2 -> 0.18 | I113: =IF(G113=0,0,(G113-E113)/2) -> 0.36 | K113: =D113*F113 -> 4.32 | L113: =D113*G113 -> 5.04
A114: Janela | B114: 3.58 | C114: J | D114: 1 | E114: 3.58 | F114: =IF(E114=0,0,IF(E114/10<0.15,E114+0.3,(E114/10)*2+E114)) -> 4.296 | G114: =IF(C114="P",0,IF(E114=0,0,IF(E114/5<0.3,E114+0.6,(E114/5)*2+E114))) -> 5.012 | H114: =(F114-E114)/2 -> 0.358 | I114: =IF(G114=0,0,(G114-E114)/2) -> 0.716 | K114: =D114*F114 -> 4.296 | L114: =D114*G114 -> 5.012
A115: Porta | B115: 1.2 | C115: P | D115: 2 | E115: 1.2 | F115: =IF(E115=0,0,IF(E115/10<0.15,E115+0.3,(E115/10)*2+E115)) -> 1.5 | G115: =IF(C115="P",0,IF(E115=0,0,IF(E115/5<0.3,E115+0.6,(E115/5)*2+E115))) -> 0 | H115: =(F115-E115)/2 -> 0.15 | I115: =IF(G115=0,0,(G115-E115)/2) -> 0 | K115: =D115*F115 -> 3 | L115: =D115*G115 -> 0
A116: Porta | B116: 0.7 | C116: P | D116: 5 | E116: 0.7 | F116: =IF(E116=0,0,IF(E116/10<0.15,E116+0.3,(E116/10)*2+E116)) -> 1 | G116: =IF(C116="P",0,IF(E116=0,0,IF(E116/5<0.3,E116+0.6,(E116/5)*2+E116))) -> 0 | H116: =(F116-E116)/2 -> 0.15 | I116: =IF(G116=0,0,(G116-E116)/2) -> 0 | K116: =D116*F116 -> 5 | L116: =D116*G116 -> 0
A117: Porta | B117: 0.8 | C117: P | D117: 6 | E117: 0.8 | F117: =IF(E117=0,0,IF(E117/10<0.15,E117+0.3,(E117/10)*2+E117)) -> 1.1 | G117: =IF(C117="P",0,IF(E117=0,0,IF(E117/5<0.3,E117+0.6,(E117/5)*2+E117))) -> 0 | H117: =(F117-E117)/2 -> 0.15 | I117: =IF(G117=0,0,(G117-E117)/2) -> 0 | K117: =D117*F117 -> 6.6 | L117: =D117*G117 -> 0
A118: Porta | B118: 0.9 | C118: P | D118: 1 | E118: 0.9 | F118: =IF(E118=0,0,IF(E118/10<0.15,E118+0.3,(E118/10)*2+E118)) -> 1.2 | G118: =IF(C118="P",0,IF(E118=0,0,IF(E118/5<0.3,E118+0.6,(E118/5)*2+E118))) -> 0 | H118: =(F118-E118)/2 -> 0.15 | I118: =IF(G118=0,0,(G118-E118)/2) -> 0 | K118: =D118*F118 -> 1.2 | L118: =D118*G118 -> 0
A119: Porta | B119: 0.9 | C119: P | D119: 1 | E119: 0.9 | F119: =IF(E119=0,0,IF(E119/10<0.15,E119+0.3,(E119/10)*2+E119)) -> 1.2 | G119: =IF(C119="P",0,IF(E119=0,0,IF(E119/5<0.3,E119+0.6,(E119/5)*2+E119))) -> 0 | H119: =(F119-E119)/2 -> 0.15 | I119: =IF(G119=0,0,(G119-E119)/2) -> 0 | K119: =D119*F119 -> 1.2 | L119: =D119*G119 -> 0
A120: Porta | B120: 1.6 | C120: P | D120: 1 | E120: 1.6 | F120: =IF(E120=0,0,IF(E120/10<0.15,E120+0.3,(E120/10)*2+E120)) -> 1.92 | G120: =IF(C120="P",0,IF(E120=0,0,IF(E120/5<0.3,E120+0.6,(E120/5)*2+E120))) -> 0 | H120: =(F120-E120)/2 -> 0.16 | I120: =IF(G120=0,0,(G120-E120)/2) -> 0 | K120: =D120*F120 -> 1.92 | L120: =D120*G120 -> 0
B123: Total verga (m) | C123: =SUM(K108:K120) -> 65.772
B124: Total contra verga (m) | C124: =SUM(L108:L120) -> 55.194
B125: Total (m) | C125: =SUM(C123:C124) -> 120.966

Sheet MC PINTURA
A1: MEMÓRIA DE CÁLCULO
A3: TÍTULO: FORRO EM GESSO ACARTONADO | E3: PÁGINA
A4: REFORMA E AMPLIAÇÃO MERCADO MUNICIPAL MUNICÍPIO DE SERRO - MG
E6: REV.
A9: Paredes internas emassada com massa acrílica, e pintata com tinta acrílica - m²
A10: FIGURA INDICATIVA (SEM ESCALA)
A27: Paredes internas emassada com massa acrílica, e pintata com tinta acrílica - m²
A28: Ambiente | C28: Perímetro | D28: Altura | E28: Área - m²
A29: Espaço da feira | C29: =12.19+12.19+20.06 -> 44.44 | D29: 4.73 | E29: =C29*D29 -> 210.2012
A30: Administração | C30: =(3.65*2)+(2.94*2) -> 13.18 | D30: 4.35 | E30: =C30*D30 -> 57.333
A31: Loja do Queijo | C31: =(3.58*2)+(2.94*2) -> 13.04 | D31: 4.35 | E31: =C31*D31 -> 56.724
A32: Circulação vertical | C32: =(5.965*2)+(2.94*2) -> 17.81 | D32: 4.35 | E32: =C32*D32 -> 77.4735
A33: Loja Artesanato | C33: =(3*2)+(2.94*2) -> 11.88 | D33: 4.35 | E33: =C33*D33 -> 51.678
A34: Banca de Revista | C34: =(3.265*2)+(2.94*2) -> 12.41 | D34: 4.35 | E34: =C34*D34 -> 53.9835
A35: Pilares Frente do Mercado | C35: =(4*(0.35+0.035+0.06))+((0.2+0.2+0.45+0.45)*2) -> 4.38 | D35: 4.85 | E35: =C35*D35 -> 21.243
A36: Depósito | C36: =(2.511*2)+(2.87*2) -> 10.762 | D36: 2.82 | E36: =C36*D36 -> 30.34884
A37: D.M.L. | C37: =(2.681*2)+(1.88*2)+(0.35+0.35+0.6+0.6) -> 11.022 | D37: 2.82 | E37: =C37*D37 -> 31.08204
A38: Pilares Hall | C38: =(0.6*0.35*4) -> 0.84 | D38: 2.8 | E38: =C38*D38 -> 2.352
A39: Hall | C39: =9.9+9.87+8.712+4.205+1.6+1.6+2.32+2.32 -> 40.527 | D39: 2.8 | E39: =C39*D39 -> 113.4756
A40: Administração Subsolo | C40: =(2.207*2)+(4.92*2) -> 14.254 | D40: 2.8 | E40: =C40*D40 -> 39.9112
A41: Administração Subsolo Pilar | C41: =(0.35*2)+(0.6*2) -> 1.9 | D41: 2.82 | E41: =C41*D41 -> 5.358
A42: Subtotal | E42: =SUM(E29:E41) -> 751.16388
A43: Descontos - INFERIOR A 2 m² NÃO DESCONTAR.
A44: Tipo | B44: Perimetro | C44: Altura | D44: Quantidade | E44: Área - m²
A45: J-4 | B45: 3.14 | C45: 1.3 | E45: =IF(SUM(B45*C45)>=2,B45*C45,0) -> 4.082
A46: PM-2 | B46: 0.8 | C46: 2.1 | E46: =IF(SUM(B46*C46)>=2,B46*C46,0) -> 0
A47: PM-2 | B47: 0.8 | C47: 2.1 | E47: =IF(SUM(B47*C47)>=2,B47*C47,0) -> 0
A48: J-7 | B48: 3.58 | C48: 1.29 | E48: =IF(SUM(B48*C48)>=2,B48*C48,0) -> 4.6182
A49: J-5 | B49: 4.825 | C49: 3.6 | E49: =IF(SUM(B49*C49)>=2,B49*C49,0) -> 17.37
A50: J-5 | B50: 4.825 | C50: 3.6 | E50: =IF(SUM(B50*C50)>=2,B50*C50,0) -> 17.37
A51: PM-5 | B51: 1.6 | C51: 2.1 | E51: =IF(SUM(B51*C51)>=2,B51*C51,0) -> 3.36
A52: J-6 | B52: 1.8 | C52: 1.29 | E52: =IF(SUM(B52*C52)>=2,B52*C52,0) -> 2.322
A53: PM-2 | B53: 0.8 | C53: 2.1 | E53: =IF(SUM(B53*C53)>=2,B53*C53,0) -> 0
A54: J-4 | B54: 3.14 | C54: 1.3 | E54: =IF(SUM(B54*C54)>=2,B54*C54,0) -> 4.082
A55: PM-2 | B55: 0.8 | C55: 2.1 | E55: =IF(SUM(B55*C55)>=2,B55*C55,0) -> 0
A56: J-6 | B56: 1.8 | C56: 1.29 | E56: =IF(SUM(B56*C56)>=2,B56*C56,0) -> 2.322
... A66: PM-3 | B66: 0.9 | C66: 2.1 | E66: =IF(SUM(B66*C66)>=2,B66*C66,0) -> 0
A67: Subtotal | E67: =SUM(E45:E66) -> 60.5662
A68: Total | E68: =E42-E67 -> 690.59768
A69: Paredes externas emassada com massa acrílica, e pintata com tinta acrílica - m²
A70: FIGURA INDICATIVA (SEM ESCALA)
A87: Paredes internas emassada com massa acrílica, e pintata com tinta acrílica - m²
A88: Ambiente | C88: Perímetro | D88: Altura | E88: Área - m²
A89: Paredes externas térreo | C89: =2.28+15.6+15.36+20.87+15.56+2.28 -> 71.95 | D89: 4.85 | E89: =C89*D89 -> 348.9575
A90: Paredes externas subsolo | C90: =9.45+20.79+9.47+9.47+2.515 -> 51.695 | D90: 3.12 | E90: =C90*D90 -> 161.2884
A91: Muro | C91: =16.37+19.8+24.21 -> 60.38 | D91: 2.6 | E91: =C91*D91 -> 156.988
A92: Subtotal | E92: =SUM(E89:E91) -> 667.2339
A93: Descontos - INFERIOR A 2 m² NÃO DESCONTAR.
A94: Tipo | B94: Perimetro | C94: Altura | D94: Quantidade | E94: Área - m²
A95: PT-2 | B95: 0.8 | C95: 1.9 | E95: =IF(SUM(B95*C95)>=2,B95*C95,0) -> 0
A96: J-4 | B96: 3.14 | C96: 1.3 | E96: =IF(SUM(B96*C96)>=2,B96*C96,0) -> 4.082
A97: J-5 | B97: 4.825 | C97: 3.6 | E97: =IF(SUM(B97*C97)>=2,B97*C97,0) -> 17.37
A98: J-5 | B98: 4.825 | C98: 3.6 | E98: =IF(SUM(B98*C98)>=2,B98*C98,0) -> 17.37
A99: J-4 | B99: 3.14 | C99: 1.3 | E99: =IF(SUM(B99*C99)>=2,B99*C99,0) -> 4.082
A100: J-1 | B100: 0.7 | C100: 0.5 | E100: =IF(SUM(B100*C100)>=2,B100*C100,0) -> 0
A101: PM-3 | B101: 0.9 | C101: 2.1 | E101: =IF(SUM(B101*C101)>=2,B101*C101,0) -> 0
A102: J-3 | B102: 2.2 | C102: 0.5 | E102: =IF(SUM(B102*C102)>=2,B102*C102,0) -> 0
A103: J-3 | B103: 2.2 | C103: 0.5 | E103: =IF(SUM(B103*C103)>=2,B103*C103,0) -> 0
A104: J-1 | B104: 0.7 | C104: 0.5 | E104: =IF(SUM(B104*C104)>=2,B104*C104,0) -> 0
A105: PT-3 | B105: 1.2 | C105: 2.1 | E105: =IF(SUM(B105*C105)>=2,B105*C105,0) -> 2.52
A106: PT-3 | B106: 1.2 | C106: 2.1 | E106: =IF(SUM(B106*C106)>=2,B106*C106,0) -> 2.52
... A111: J-1 | B111: 0.7 | C111: 0.5 | E111: =IF(SUM(B111*C111)>=2,B111*C111,0) -> 0
A112: Subtotal | E112: =SUM(E95:E111) -> 47.944
A113: Total | E113: =E92-E112 -> 619.2899

Sheet MC CORRIMÃO E GUARDA CORPO
A1: MEMÓRIA DE CÁLCULO
A3: TÍTULO: CORRIMÃO E GUARDA CORPO | E3: PÁGINA
A4: MERCADO MUNICIPAL MUNICÍPIO DE SERRO - MG
E6: REV.
A9: Cálculo corrimão duplo em aço inox, H=70cm e 92cm - m
A10: FIGURA INDICATIVA (SEM ESCALA)
A29: Cálculo corrimão duplo em aço inox, H=70cm e 92cm - m
A30: Ambiente | C30: Cálculo | E30: m
A31: Escada 01 | C31: (2,03+1,20+2,90)*2 | E31: =(2.03+1.2+2.9)*2*1.2 -> 14.712
A32: Escada 02 | C32: (17*0,29)*2 | E32: =(17*0.29)*2*1.2 -> 11.832
A33: Escada 03 | C33: (17*0,285)*2 | E33: =(17*0.285)*2*1.2 -> 11.628
A34: Escada 04 | C34: ((1,50)+(20*0,28))*2 | E34: =((1.5)+(20*0.28))*2*1.2 -> 17.04
A35: Subtotal | E35: =SUM(E31:E34) -> 55.212
A36: Total | E36: =E35 -> 55.212
A37: Cálculo guarda corpo metálica em aço galvanizado - m
A38: FIGURA INDICATIVA (SEM ESCALA)
A58: Cálculo guarda corpo metálica em aço galvanizado - m
A59: Ambiente | C59: Cálculo | E59: m
A60: Área externa | C60: 16.558 | E60: =C60 -> 16.558
A61: Subtotal | E61: =SUM(E60:E60) -> 16.558
A62: Total | E62: =E61 -> 16.558

Sheet MC PEDRAS
A1: MEMÓRIA DE CÁLCULO
A3: TÍTULO: BANCADAS | E3: PÁGINA
A4: MERCADO MUNICIPAL MUNICÍPIO DE SERRO - MG
E6: REV.
A9: Bancadas em Granito branco dallas - m²
A10: FIGURA INDICATIVA (SEM ESCALA)
A33: Bancadas em Granito branco dallas - m²
A34: Ambiente | C34: Cálculo | E34: Área - m²
A35: Loja do Queijo | C35: (3,58*0,75) | E35: =(3.58*0.75) -> 2.685
A36: Loja do Artesanato | C36: (1,80*0,75) | E36: =(1.8*0.75) -> 1.35
A37: Banca de Revista | C37: (1,80*0,75) | E37: =(1.8*0.75) -> 1.35
A38: Lanchonete | C38: (1,0*0,87) | E38: =(1*0.87) -> 0.87
A39: Subtotal | E39: =SUM(E35:E38) -> 6.255
A40: Total | E40: =E39 -> 6.255
A41: Bancada em aço inox com boras em chapa dobrada, rodabanca H=10cm - m
A42: FIGURA INDICATIVA (SEM ESCALA)
A43: 1
A65: Bancada em aço inox com boras em chapa dobrada, rodabanca H=10cm - m
A66: Ambiente | C66: Cálculo | E66: M
A67: Cozinha | C67: 2,85+1,90+3 | E67: =2.85+1.9+3 -> 7.75
A68: Subtotal | E68: =SUM(E67:E67) -> 7.75
A69: Total | E69: =E68 -> 7.75
A70: Balcão em Granito branco dallas, testeira H=10cm - m²
A71: FIGURA INDICATIVA (SEM ESCALA)
A94: Balcão em Granito branco dallas, testeira H=10cm - m²
A95: Ambiente | C95: Cálculo | E95: Área - m²
A96: Lanchonete | C96: 3,98+4,96+0,87 | E96: =(0.87*2.68) -> 2.3316
A97: Subtotal | E97: =SUM(E96:E96) -> 2.3316
A98: Total | E98: =E97 -> 2.3316
A99: Bancada em Granito branco dallas, testeira H=10cm, rodabanca H=10cm - m²
A100: FIGURA INDICATIVA (SEM ESCALA)
A123: Balcão em Granito branco dallas, testeira H=10cm - m²
A124: Ambiente | C124: Cálculo | E124: Área - m²
A125: Lanchonete | C125: (1,58*0,6) | E125: =1.58*0.6 -> 0.948
A126: I.S.F e I.S.M. | C126: (0,40*1,93)*2 | E126: =(0.4*1.93)*2 -> 1.544
A127: Fraldário | C127: (1,96*0,65) | E127: =(1.96*0.65) -> 1.274
A128: Subtotal | E128: =SUM(E125:E127) -> 3.766
A129: Total | E129: =E128 -> 3.766
A130: Soleira em granito branco dallas - m²
A131: FIGURA INDICATIVA (SEM ESCALA)
A154: Soleira em granito branco dallas - m²
A155: Ambiente | C155: Cálculo | E155: Área - m²
A156: Cozinha | C156: (0,97*0,275) | E156: =(0.97*0.275) -> 0.26675
A157: Lanchonete | C157: (1,20*0,15)+(0,97*0,27) | E157: =(1.2*0.15)+(0.97*0.27) -> 0.4419
A158: Depósito | C158: (0,15*0,97) | E158: =(0.15*0.97) -> 0.1455
A159: Fraldário | C159: (0,77*0,15) | E159: =(0.77*0.15) -> 0.1155
A160: I.S.F. | C160: (0,77*0,15) | E160: =(0.77*0.15) -> 0.1155
A161: I.S.M. | C161: (0,77*0,15) | E161: =(0.77*0.15) -> 0.1155
A162: Subtotal | E162: =SUM(E156:E161) -> 1.20065
A163: Total | E163: =E162 -> 1.20065
A164: Soleira rampada em granito branco dallas - m²
A165: FIGURA INDICATIVA (SEM ESCALA)
A188: Soleira rampada em granito branco dallas - m²
A189: Ambiente | C189: Cálculo | E189: Área - m²
A190: Hall | C190: (0,28*1,20)*2 | E190: =(0.28*1.2)*2 -> 0.672
A191: I.S. PNE | C191: 0,15*0,963 | E191: =0.15*0.963 -> 0.14445
A192: Subtotal | E192: =SUM(E190:E191) -> 0.81645
A193: Total | E193: =E192 -> 0.81645
A194: Soleira em granilite cor branco - m²
A195: FIGURA INDICATIVA (SEM ESCALA)
A218: Soleira em granilite cor branco - m²
A219: Ambiente | C219: Cálculo | E219: Área - m²
A220: D.M.L. | C220: (0,27*0,77) | E220: =(0.27*0.77) -> 0.2079
A221: Administração | C221: (0,87*0,15) | E221: =(0.87*0.15) -> 0.1305
A222: Subtotal | E222: =SUM(E220:E221) -> 0.3384
A223: Total | E223: =E222 -> 0.3384
A224: Divisória em granito polido, branco dallas, H=180cm
A225: FIGURA INDICATIVA (SEM ESCALA)
A248: Divisória em granito polido, branco dallas, H=180cm
A249: Ambiente | C249: Cálculo | E249: Área - m²
A250: I.S.F. | C250: (1,10+0,425)*1,80 | E250: =(1.1+0.425)*1.8 -> 2.745
A251: I.S.F. | C251: (1,10+0,735)*1,80 | E251: =(1.1+0.735)*1.8 -> 3.303
A252: I.S.M. | C252: (1,10+0,32)*1,80 | E252: =(1.1+0.32)*1.8 -> 2.556
A253: I.S.M. | C253: (1,10+0,27)*1,80 | E253: =(1.1+0.27)*1.8 -> 2.466
A254: I.S.M. | C254: 0,45*1,80 | E254: =0.45*1.8 -> 0.81
A255: Subtotal | E255: =SUM(E250:E254) -> 11.88
A256: Total | E256: =E255 -> 11.88
A257: Prateleira em granito branco dallas - m²
A258: FIGURA INDICATIVA (SEM ESCALA)
A281: Prateleira em granito branco dallas - m²
A282: Ambiente | C282: Cálculo | E282: Área - m²
A283: Depósito | C283: 0,6*2,322 | E283: =0.6*2.322 -> 1.3932
A284: D.M.L. | C284: 0,40*2,187 | E284: =0.4*2.187 -> 0.8748
A285: Subtotal | E285: =SUM(E283:E284) -> 2.268
A286: Total | E286: =E285 -> 2.268
A287: Peitoril em granito branco dallas - m²
A288: FIGURA INDICATIVA (SEM ESCALA)
A311: Peitoril em granito branco dallas - m²
A312: Ambiente | C312: Janela tipo | D312: Espessura (+4,5cm) | E312: Comprimento
A313: Administração | C313: J-4 | D313: =0.28+0.045 -> 0.325 | E313: 3.14
A314: Loja do Queijo | C314: J-5 | D314: =0.28+0.045 -> 0.325 | E314: 4.825
A315: Circulação Vertical | C315: J-5 | D315: =0.28+0.045 -> 0.325 | E315: 4.825
A316: Banca de Revista | C316: J-4 | D316: =0.28+0.045 -> 0.325 | E316: 3.14
A317: Cozinha | C317: J-3 | D317: =0.28+0.045 -> 0.325 | E317: 2.2
A318: Cozinha | C318: J-3 | D318: =0.275+0.045 -> 0.32 | E318: 2.2
A319: Depósito | C319: J-1 | D319: =0.275+0.045 -> 0.32 | E319: 0.7
A320: Lanchonete | C320: J-1 | D320: =0.28+0.045 -> 0.325 | E320: 0.7
A321: Hall | C321: J-2 | D321: =0.28+0.045 -> 0.325 | E321: 1.6
A322: Administração subsolo | C322: J-1 | D322: =0.22+0.045 -> 0.265 | E322: 0.7
A323: I.S.M. | C323: J-3 | D323: =0.27+0.045 -> 0.315 | E323: 2.2
...

Sheet MC FORRO
A1: MEMÓRIA DE CÁLCULO
A3: TÍTULO: FORRO EM GESSO ACARTONADO | E3: PÁGINA
A4: REFORMA E AMPLIAÇÃO MERCADO MUNICIPAL MUNICÍPIO DE SERRO - MG
E6: REV.
A9: Cálculo Forro em Gesso - Térreo - m²
A10: FIGURA INDICATIVA (SEM ESCALA)
A33: Cálculo Forro em Gesso - m²
A34: Ambiente | C34: Cálculo | D34: Perímetro | E34: Área - m²
A35: Espaço da Feira | C35: especificado no projeto | D35: =(13.66+20.06)*2 -> 67.44 | E35: 240.48
A36: Administração | C36: especificado no projeto | D36: =(2.94+3.65)*2 -> 13.18 | E36: 10.73
A37: Loja do Queijo | C37: especificado no projeto | D37: =(2.94+3.58)*2 -> 13.04 | E37: 10.52
A38: Circulação vertical | C38: especificado no projeto | D38: =(5.97+2.94)*2 -> 17.82 | E38: 17.53
A39: Loja do Artesanato | C39: especificado no projeto | D39: =(2.94+3)*2 -> 11.88 | E39: 8.82
A40: Banca de revista | C40: especificado no projeto | D40: =(2.94+3.265)*2 -> 12.41 | E40: 9.57
A41: Subtotal Perímetro Térreo | E41: =SUM(D35:D40) -> 135.77
A42: Subtotal Área Térreo | E42: =SUM(E35:E40) -> 297.65
A43: Cálculo Forro em Gesso - Subsolo - m²
A44: FIGURA INDICATIVA (SEM ESCALA)
A67: Cálculo Forro em Gesso - m²
A68: Ambiente | C68: Cálculo | D68: Perímetro | E68: Área - m²
A69: Cozinha | C69: especificado no projeto | D69: =(2.87+5.03)*2 -> 15.8 | E69: 17.18
A70: Lanchonete | C70: especificado no projeto | D70: =(5.03+2.15)*2 -> 14.36 | E70: 6.74
A71: Depósito | C71: especificado no projeto | D71: =(2.511+2.87)*2 -> 10.762 | E71: 6.86
A72: D.M.L. | C72: especificado no projeto | D72: =(2.681+1.88)*2 -> 9.122 | E72: 4.89
A73: Hall | C73: especificado no projeto | D73: =(9.87+8.712)*2+(2.32+1.6)*2 -> 45.004 | E73: 81.9
A74: I.S. PNE | C74: especificado no projeto | D74: =(1.6+1.7)*2 -> 6.6 | E74: 2.72
A75: FRALDÁRIO | C75: especificado no projeto | D75: =(1.6+1.96)*2 -> 7.12 | E75: 2.72
A76: I.S.F. | C76: especificado no projeto | D76: =(3.06+3.07)*2 -> 12.26 | E76: 10.92
A77: I.S.M. | C77: especificado no projeto | D77: =(3.06+3.01)*2 -> 12.14 | E77: 10.92
A78: Administração | C78: especificado no projeto | D78: =(4.92+2.212)*2 -> 14.264 | E78: 10.83
A79: Hall do I.S | C79: especificado no projeto | D79: - | E79: 3.7
A80: Subtotal Perímetro Subsolo | E80: =SUM(D69:D79) -> 147.432
A81: Subtotal Área Subsolo | E81: =SUM(E69:E79) -> 159.38
A83: Total Perímetro | E83: =SUM(E41+E80) -> 283.202
A84: Total Área | E84: =E42+E81 -> 457.03

Sheet MC REVESTIMENTOS
A1: MEMÓRIA DE CÁLCULO
A3: TÍTULO: REVESTIMENTOS | E3: PÁGINA
A4: MERCADO MUNICIPAL MUNICÍPIO DE SERRO - MG
E6: REV.
A9: Revestimento de alvenaria - Esteira de bambu em trama simples - m²
A10: FIGURA INDICATIVA (SEM ESCALA)
A33: Revestimento de alvenaria - Esteira de bambu em trama simples - m²
A34: Ambiente | B34: Perímetro | C34: Altura | E34: Área - m²
A35: Circulação vertical | B35: 6.265 | C35: 4.35 | E35: =B35*C35 -> 27.25275
A36: Subtotal | E36: =E35 -> 27.25275
A37: Descontos - INFERIOR A 2 m² NÃO DESCONTAR.
A38: Tipo | B38: Perimetro | C38: Altura | D38: Quantidade | E38: Área - m²
A39: PM-5 | B39: 1.6 | C39: 2.1 | E39: =B39*C39 -> 3.36
A40: Subtotal | E40: =E39 -> 3.36
A41: Total | E41: =E36-E40 -> 23.89275
A42: Revestimento de alvenaria - ACM 4mm - m²
A43: FIGURA INDICATIVA (SEM ESCALA)
A66: Revestimento de alvenaria - Esteira de bambu em trama simples - m²
A67: Ambiente | B67: Perímetro | C67: Altura | D67: Quantidade | E67: Área - m²
A68: Espaço de Feira - Pilares | B68: (0,52*2)+0,54 | C68: 4.35 | D68: 4 | E68: =((0.52*2)+0.54)*4.35*4 -> 27.492
B69: (0,54*2)+(1,14*2) | C69: 4.35 | D69: 4 | E69: =((0.54*2)+(1.14*2))*C69*D69 -> 58.464
A70: Subtotal | E70: =SUM(E68:E69) -> 85.956
A71: Total | E71: =E70 -> 85.956
A72: Revestimento Brise em madeira - m²
A73: FIGURA INDICATIVA (SEM ESCALA)
A96: Revestimento Brise em madeira - m²
A97: Ambiente | B97: Trecho | E97: Área - m²
A98: soma dos trechos de treliça na fachada frontal, lateral esquerda, lateral direita e corte AA | B98: 24,96+10,46+10,46+50,46 | E98: =24.96+10.46+10.46+50.46 -> 96.34
A99: Subtotal | E99: =SUM(E98:E98) -> 96.34
A100: Total | E100: =E99 -> 96.34
A101: Revestimento Cerâmico esmaltado em placas de 33x45, cor branco - m²
A102: FIGURA INDICATIVA (SEM ESCALA)
A125: Revestimento Cerâmico esmaltado em placas de 33x45, cor branco - m²
A126: Ambiente | B126: Perímetro Cálculo | C126: Perímetro Resultado | D126: Altura | E126: Área - m²
A127: Cozinha | B127: (2,37*2)+(5,03*2)= | C127: =(2.37*2)+(5.03*2) -> 14.8 | D127: 2.6 | E127: =C127*D127 -> 38.48
A128: Lanchonete | B128: (5,03)+(2,99)+(1,88)+(1,35)= | C128: =(5.03)+(2.99)+(1.88)+(1.35) -> 11.25 | D128: 2.6 | E128: =C128*D128 -> 29.25
A129: Lanchonete | B129: (3,68*2) | C129: =(3.68*2) -> 7.36 | D129: 1.1 | E129: =C129*D129 -> 8.096
A130: I.S. PNE | B130: (1,60*2)+(1,70*2)= | C130: =(1.6*2)+(1.7*2) -> 6.6 | D130: 2.6 | E130: =C130*D130 -> 17.16
A131: FRALDÁRIO | B131: (1,60*2)+(1,96*2)= | C131: =(1.6*2)+(1.96*2) -> 7.12 | D131: 2.6 | E131: =C131*D131 -> 18.512
A132: I.S.F. | B132: (3,07*2)+(3,06)*2= | C132: =(3.07*2)+(3.06)*2 -> 12.26 | D132: 2.6 | E132: =C132*D132 -> 31.876
A133: I.S.M. | B133: (3,01*2)+(3,06)*2= | C133: =(3.01*2)+(3.06)*2 -> 12.14 | D133: 2.6 | E133: =C133*D133 -> 31.564
A134: Subtotal | E134: =SUM(E127:E133) -> 174.938
A135: Descontos - INFERIOR A 2 m² NÃO DESCONTAR.
A136: Tipo | B136: Perimetro | C136: Altura | D136: Quantidade | E136: Área - m²
A137: PM-3 | B137: 0.9 | C137: 2.1 | E137: =IF(SUM(B137*C137)>=2,B137*C137,0) -> 0
A138: PM-1 | B138: 0.7 | C138: 2.1 | E138: =IF(SUM(B138*C138)>=2,B138*C138,0) -> 0
A139: J-3 | B139: 2.2 | C139: 0.5 | E139: =IF(SUM(B139*C139)>=2,B139*C139,0) -> 0
A140: J-3 | B140: 2.2 | C140: 0.5 | E140: =IF(SUM(B140*C140)>=2,B140*C140,0) -> 0
A141: PM-2 | B141: 0.8 | C141: 2.1 | E141: =IF(SUM(B141*C141)>=2,B141*C141,0) -> 0
A142: PM-4 | B142: 0.9 | C142: 2.1 | E142: =IF(SUM(B142*C142)>=2,B142*C142,0) -> 0
A143: PM-1 | B143: 0.7 | C143: 2.1 | E143: =IF(SUM(B143*C143)>=2,B143*C143,0) -> 0
A144: J-1 | B144: 0.7 | C144: 0.5 | E144: =IF(SUM(B144*C144)>=2,B144*C144,0) -> 0
A145: PM-1 | B145: 0.7 | C145: 2.1 | E145: =IF(SUM(B145*C145)>=2,B145*C145,0) -> 0
A146: J-3 | B146: 2.2 | C146: 0.5 | E146: =IF(SUM(B146*C146)>=2,B146*C146,0) -> 0
A147: J-3 | B147: 2.2 | C147: 0.5 | E147: =IF(SUM(B147*C147)>=2,B147*C147,0) -> 0
A148: PM-1 | B148: 0.7 | C148: 2.1 | E148: =IF(SUM(B148*C148)>=2,B148*C148,0) -> 0
A149: J-3 | B149: 2.2 | C149: 0.5 | E149: =IF(SUM(B149*C149)>=2,B149*C149,0) -> 0
A150: Subtotal | E150: =SUM(E137:E149) -> 0
A151: Total | E151: =E134-E150 -> 174.938

Sheet MC ALVENARIA
A1: MEMÓRIA DE CÁLCULO
A3: TÍTULO: ALVENARIA | E3: PÁGINA
A4: REFORMA E AMPLIAÇÃO MERCADO MUNICIPAL MUNICÍPIO DE SERRO - MG
E6: REV.
A9: Cálculo alvenaria tijolo cerâmico - Térreo - m²
A10: FIGURA INDICATIVA (SEM ESCALA)
A23: Cálculo das áreas das alvenarias - e=0,15 m
A24: Ambiente | B24: Perímetro | C24: Altura | E24: Área - m²
A25: Administração | B25: 3.65 | C25: 2.65 | E25: =B25*C25 -> 9.6725
A26: Administração | B26: 3.06 | C26: 4.75 | E26: =B26*C26 -> 14.535
A27: Loja do Queijo | B27: 3.58 | C27: 1.1 | E27: =B27*C27 -> 3.938
A28: Loja do Queijo | B28: 3.09 | C28: 4.75 | E28: =B28*C28 -> 14.6775
A29: Circulação Vertical | B29: 6.265 | C29: 4.75 | E29: =B29*C29 -> 29.75875
A30: Circulação Vertical | B30: 3.09 | C30: 4.75 | E30: =B30*C30 -> 14.6775
A31: Loja do Artesanato | B31: 1.8 | C31: 1.1 | E31: =B31*C31 -> 1.98
A32: Loja do Artesanato | B32: 1.2 | C32: 2.65 | E32: =B32*C32 -> 3.18
A33: Banca de Revista | B33: 3.09 | C33: 4.75 | E33: =B33*C33 -> 14.6775
A34: Banca de Revista | B34: 1.8 | C34: 1.1 | E34: =B34*C34 -> 1.98
A35: Banca de Revista | B35: 1.265 | C35: 2.65 | E35: =B35*C35 -> 3.35225
A36: Banca de Revista | B36: 0.2 | C36: 4.75 | E36: =B36*C36 -> 0.95
A37: Subtotal | E37: =SUM(E25:E36) -> 113.379
A39: Descontos - INFERIOR A 2 m² NÃO DESCONTAR.
A40: Tipo | B40: Perimetro | C40: Altura | D40: Quantidade | E40: Área - m²
A41: PM-2 | B41: 0.8 | C41: 2.1 | E41: 0
A42: PM-2 | B42: 0.8 | C42: 2.1 | E42: 0
A43: PM-5 | B43: 1.6 | C43: 2.1 | E43: =B43*C43 -> 3.36
A44: PM-2 | B44: 0.8 | C44: 2.1 | E44: 0
A45: PM-2 | B45: 0.8 | C45: 2.1 | E45: 0
A46: Subtotal | E46: =SUM(E41:E45) -> 3.36
A47: Total | E47: =SUM(E37-E46) -> 110.019
A48: Cálculo alvenaria externa tijolo cerâmico - Subsolo - m²
A49: FIGURA INDICATIVA (SEM ESCALA)
A72: Cálculo das áreas das alvenarias - e=0,28m
A73: Ambiente | B73: Perímetro | D73: Altura | E73: Área - m²
A74: Cozinha | B74: 1.73 | D74: 2.8 | E74: =B74+D74 -> 4.53
A75: Hall | B75: 1.916 | D75: 2.8 | E75: =B75+D75 -> 4.716
A76: Escada | B76: 1.6 | D76: 2.8 | E76: =B76+D76 -> 4.4
A77: I.S.F. | B77: 1.74 | D77: 2.8 | E77: =B77+D77 -> 4.54
A78: Subtotal | E78: =SUM(E74:E77) -> 18.186
A80: Descontos - INFERIOR A 2 m² NÃO DESCONTAR.
A81: Tipo | B81: Perimetro | C81: Altura | D81: Quantidade | E81: Área - m²
A82: J-3 (metade) | B82: 2.2 | C82: 0.5 | E82: 0
A83: PT-3 | B83: 1.2 | C83: 2.1 | E83: =B83*C83 -> 2.52
A84: J-2 | B84: 1.6 | C84: 0.5 | E84: 0
A85: PT-3 | B85: 1.2 | C85: 2.1 | E85: =B85*C85 -> 2.52
A86: J-3 (metade) | B86: 2.2 | C86: 0.5 | E86: 0
A87: Subtotal | E87: =SUM(E82:E86) -> 5.04
A88: Total | E88: =SUM(E78-E87) -> 13.146
A89: Cálculo alvenaria externa e interna tijolo cerâmico - Subsolo - m²
A90: FIGURA INDICATIVA (SEM ESCALA)
A113: Cálculo das áreas das alvenarias - e=0,27m
A114: Ambiente | B114: Perímetro | D114: Altura | E114: Área - m²
A115: I.S.F. | B115: 0.85 | D115: 2.8 | E115: =B115*D115 -> 2.38
A116: I.S.M. | B116: 0.85 | D116: 2.8 | E116: =B116*D116 -> 2.38
A117: I.S.M. | B117: 0.81 | D117: 2.8 | E117: =B117*D117 -> 2.268
A118: Depósito | B118: 0.83 | D118: 2.8 | E118: =B118*D118 -> 2.324
A119: D.M.L. | B119: 1.411 | D119: 2.8 | E119: =B119*D119 -> 3.9508
A120: Lanchonete | B120: 3.68 | D120: 1.1 | E120: =B120*D120 -> 4.048
A121: Administração | B121: 0.74 | D121: 2.8 | E121: =B121*D121 -> 2.072
A122: Subtotal | E122: =SUM(E115:E121) -> 19.4228
A123: Descontos - INFERIOR A 2 m² NÃO DESCONTAR.
A124: Tipo | B124: Perimetro | C124: Altura | D124: Quantidade | E124: Área - m²
A125: J-3 | B125: 2.2 | C125: 0.5 | E125: 0
A126: J-3 | B126: 2.2 | C126: 0.5 | E126: 0
A127: Subtotal | E127: =SUM(E125:E126) -> 0
A128: Total | E128: =SUM(E122-E127) -> 19.4228
A129: Cálculo alvenaria interna tijolo cerâmico - Subsolo - m²
A130: FIGURA INDICATIVA (SEM ESCALA)
A153: Cálculo das áreas das alvenarias - e=0,15m
A154: Ambiente | B154: Perímetro | D154: Altura | E154: Área - m²
A155: Cozinha | B155: 3.83 | D155: 2.8 | E155: =B155*D155 -> 10.724
A156: Depósito | B156: 2.87 | D156: 2.8 | E156: =B156*D156 -> 8.036
A157: D.M.L. | B157: 1.88 | D157: 2.8 | E157: =B157*D157 -> 5.264
A158: D.M.L. | B158: 2.681 | D158: 2.8 | E158: =B158*D158 -> 7.5068
A159: Hall | B159: 3.3 | D159: 2.8 | E159: =B159*D159 -> 9.24
A160: Hall | B160: 1.2 | D160: 2.8 | E160: =B160*D160 -> 3.36
A161: Hall | B161: 1.86 | D161: 2.8 | E161: =B161*D161 -> 5.208
A162: I.S.F. | B162: 1.6 | D162: 2.8 | E162: =B162*D162 -> 4.48
A163: I.S.F. | B163: 3.07 | D163: 2.8 | E163: =B163*D163 -> 8.596
A164: I.S.M. | B164: 1.6 | D164: 2.8 | E164: =B164*D164 -> 4.48
A165: I.S.M. | B165: 3.01 | D165: 2.8 | E165: =B165*D165 -> 8.428
A166: Administração | B166: 2.322 | D166: 2.8 | E166: =B166*D166 -> 6.5016
A167: Subtotal | E167: =SUM(E155:E166) -> 81.8244
A169: Descontos - INFERIOR A 2 m² NÃO DESCONTAR.
A170: Tipo | B170: Perimetro | C170: Altura | D170: Quantidade | E170: Área - m²
A171: PM-1 | B171: 0.7 | C171: 2.1 | E171: 0
A172: PM-4 | B172: 0.9 | C172: 2.1 | E172: 0
A173: PM-1 | B173: 0.7 | C173: 2.1 | E173: 0
A174: PM-1 | B174: 0.7 | C174: 2.1 | E174: 0
A175: PM-1 | B175: 0.7 | C175: 2.1 | E175: 0
A176: PM-2 | B176: 0.8 | C176: 2.1 | E176: 0
A177: Subtotal | E177: =SUM(E171:E176) -> 0
A178: Total | E178: =SUM(E167-E177) -> 81.8244
A179: Cálculo alvenaria área externa - Subsolo - m²
A180: FIGURA INDICATIVA (SEM ESCALA)
A203: Cálculo das áreas das alvenarias - e=0,15m
A204: Ambiente | B204: Perímetro | D204: Altura | E204: Área - m²
A205: Área externa lateral 01 | B205: =10.452+1.5+3.05+1.75+2+4.4 -> 23.152 | D205: 1.3 | E205: =B205*D205 -> 30.0976
A206: Área externa lateral 02 | B206: =5.6+5.6+0.85+0.85 -> 12.9 | D206: 1.3 | E206: =B206*D206 -> 16.77
A207: Subtotal | E207: =SUM(E205:E206) -> 46.8676
...

Sheet MC PISO
A1: MEMÓRIA DE CÁLCULO
A3: TÍTULO: PISO | E3: PÁGINA
A4: REFORMA E AMPLIAÇÃO MERCADO MUNICIPAL MUNICÍPIO DE SERRO - MG
E6: REV.
A9: Piso em Concreto - m²
A10: FIGURA INDICATIVA (SEM ESCALA)
A33: Piso em Concreto - m²
A34: ÁREA MOLHADA
A35: Ambiente | C35: Cálculo | E35: Área - m²
A36: Administração | C36: especificação no projeto | E36: 10.73
A37: Loja do Queijo | C37: especificação no projeto | E37: 10.52
A38: Circulação Vertical | C38: especificação no projeto | E38: 17.53
A39: Loja do Artesanato | C39: especificação no projeto | E39: 8.82
A40: Banca de Revista | C40: especificação no projeto | E40: 9.57
A41: Escada | C41: (7*0,29)+(9*0,29)+(1,20)+(18*0,1722) | E41: =(7*0.29)+(9*0.29)+(1.2)+(18*0.1722) -> 8.9396
A42: Subtotal | E42: =SUM(E36:E41) -> 66.1096
A43: ÁREA MOLHADA
A44: Ambiente | C44: Cálculo | E44: Área - m²
A45: Espaço da Feira | C45: especificação no projeto | E45: 240.48
A46: Circulação Descoberta | C46: especificação no projeto | E46: =9.49+47.53+33+56.3 -> 146.32
A47: Subtotal | E47: =SUM(E45:E46) -> 386.8
A48: Total | E48: =SUM(E42,E47) -> 452.9096
A49: Piso deck de madeira plástica - m²
A50: FIGURA INDICATIVA (SEM ESCALA)
A73: Piso deck de madeira plástica- m²
A74: Ambiente | C74: Cálculo | E74: Área - m²
A75: Deck | C75: especificação no projeto | E75: 86.76
A76: Subtotal | E76: =SUM(E75:E75) -> 86.76
A77: Total | E77: =SUM(E75:E75) -> 86.76
A78: Piso em granilite, cor branco - m²
A79: FIGURA INDICATIVA (SEM ESCALA)
A103: Piso em granilite, cor branco - m²
A104: Ambiente | C104: Cálculo | E104: Área - m²
A105: Hall | C105: especificação no projeto | E105: 81.9
A106: Depósito | C106: especificação no projeto | E106: 6.86
A107: D.M.L. | C107: especificação no projeto | E107: 4.89
A108: Administração | C108: especificação no projeto | E108: 10.83
A109: Subtotal | E109: =SUM(E105:E108) -> 104.48
A110: Total | E110: =E109 -> 104.48
A111: Piso em cerâmica em placas esmaltada 45x45, cor branco - m²
A112: FIGURA INDICATIVA (SEM ESCALA)
A137: Piso em cerâmica em placas esmaltada 45x45, cor branco - m²
A138: Ambiente | C138: Cálculo | E138: Área - m²
A139: Cozinha | C139: especificação no projeto | E139: 17.18
A140: Lanchonete | C140: especificação no projeto | E140: 6.74
A141: I.S. PNE | C141: especificação no projeto | E141: 2.72
A142: I.S.F. | C142: especificação no projeto | E142: 2.72
A143: I.S. M. | C143: especificação no projeto | E143: 10.92
A144: FRALDÁRIO | C144: especificação no projeto | E144: 10.92
A145: Subtotal | E145: =SUM(E139:E144) -> 51.2
A146: Total | E146: =E145 -> 51.2
A147: Rodapé de argamassa 1:3, H=7cm - m
A148: FIGURA INDICATIVA (SEM ESCALA)
A172: Rodapé de argamassa 1:3, H=7cm - m
A173: Ambiente | C173: Perímetro | D173: Altura | E173: Área - m²
A174: Espaço da Feira | C174: =(13.66+20.06)*2 -> 67.44 | D174: 0.07 | E174: =C174*D174 -> 4.7208
A175: Administração | C175: =(2.94+3.65)*2 -> 13.18 | D175: 0.07 | E175: =C175*D175 -> 0.9226
A176: Loja do Queijo | C176: =(2.94+3.58)*2 -> 13.04 | D176: 0.07 | E176: =C176*D176 -> 0.9128
A177: Circulação Vertical | C177: =(5.97+2.94)*2 -> 17.82 | D177: 0.07 | E177: =C177*D177 -> 1.2474
A178: Loja do Artesanato | C178: =(2.94+3)*2 -> 11.88 | D178: 0.07 | E178: =C178*D178 -> 0.8316
A179: Banca de Revista | C179: =(2.94+3.265)*2 -> 12.41 | D179: 0.07 | E179: =C179*D179 -> 0.8687
A180: Escada | C180: =((16*0.29)+(17*0.1722)+(2.24))*2 -> 19.6148 | D180: 0.07 | E180: =C180*D180 -> 1.373036
A181: Circulação | C181: =(7.72+20.78+6.26+8.66) -> 43.42 | D181: 0.07 | E181: =C181*D181 -> 3.0394
A182: Total Perímetro | E182: =SUM(C174:C181) -> 198.8048
A183: Total Área | E183: =SUM(E174:E181) -> 13.916336
A184: Rodapé em granilite, H=7cm, cor branco - m
A185: FIGURA INDICATIVA (SEM ESCALA)
A209: Rodapé em granilite, H=7cm, cor branco - m
A210: Ambiente | C210: Perímetro | D210: Altura | E210: Área
A211: Hall | C211: =(2.511+2.87)*2 -> 10.762 | D211: 0.07 | E211: =C211*D211 -> 0.75334
A212: Depósito | C212: =(2.681+1.88)*2 -> 9.122 | D212: 0.07 | E212: =C212*D212 -> 0.63854
A213: D.M.L. | C213: =(9.87+8.712)*2+(2.32+1.6)*2 -> 45.004 | D213: 0.07 | E213: =C213*D213 -> 3.15028
A214: Administração | C214: =(4.92+2.212)*2 -> 14.264 | D214: 0.07 | E214: =C214*D214 -> 0.99848
A215: Total Perímetro | E215: =SUM(C211:C214) -> 79.152
A216: Total Área | E216: =SUM(E211:E214) -> 5.54064
A217: Aplicação de selante em junta de dilatação
A218: Cálculo | E218: m
A219: ( 5 × 20,05 ) + ( 9 × 11,99 ) + ( 5 × 2,94 ) + ( 3,65 + 3,58 + 2,15 + 3 + 3,26 ) | E219: =( 5 * 20.05 ) + ( 9 * 11.99 ) + ( 5 * 2.94 ) + ( 3.65 + 3.58 + 2.15 + 3 + 3.26 ) -> 238.5
A220: Total

Sheet MC DEMOLIÇÕES E REMOÇÕES
A1: MEMÓRIA DE CÁLCULO
A3: TÍTULO: DEMOLIÇÕES E REMOÇÕES | E3: PÁGINA
A4: REFORMA E AMPLIAÇÃO MERCADO MUNICIPAL MUNICÍPIO DE SERRO - MG
E6: REV.
A9: Demolição de piso - m²
A10: FIGURA INDICATIVA (SEM ESCALA)
A33: Demolição de piso - m²
A34: Ambiente | C34: Cálculo | E34: Área - m²
A35: Mercado TÉRREO | C35: especificações no projeto estrutural | E35: 283.11
A36: Piso na área externa | C36: especificações no projeto estrutural | E36: 3
A37: Subtotal | E37: =SUM(E35:E36) -> 286.11
A38: Total | E38: =SUM(E35:E36) -> 286.11
A39: Demolição de revestimento existente, piso - m²
A40: FIGURA INDICATIVA (SEM ESCALA)
A63: Demolição de revestimento existente, piso - m²
A64: Ambiente | C64: Cálculo | E64: Área - m²
A65: I.S.F. | C65: especificações no projeto estrutural | E65: 14.77
A66: I.S.M. | C66: especificações no projeto estrutural | E66: 13.51
A67: Subtotal | E67: =SUM(E65:E66) -> 28.28
A68: Total | E68: =SUM(E65:E66) -> 28.28
A69: Demolição de alvenaria Térreo - m³
A70: FIGURA INDICATIVA (SEM ESCALA)
A93: Demolição de alvenaria - m³
A94: Ambiente | B94: Cálculo | E94: Volume - m³
A95: Depósito 01 | B95: (0,22*0,27*2,10)+(0,835*0,27*1,10)+(2,94*0,15*2,10)+(0,27*0,15*2,10) | E95: =(0.22*0.27*2.1)+(0.835*0.27*1.1)+(2.94*0.15*2.1)+(0.27*0.15*2.1) -> 1.383885
A96: Depósito 02 | B96: (1,11*0,27*1,10)+(2,94*0,14*2,10)+(0,27*0,14*2,10) | C96: ((1,11)*1,10)+((0,27+2,94)*2,10) | E96: =(1.11*0.27*1.1)+(2.94*0.14*2.1)+(0.27*0.14*2.1) -> 1.27341
A97: Depósito 03 | B97: (0,95*0,27*1,10)+(2,94*0,14*2,10)+(0,27*0,14*2,10) | C97: ((0,95)*1,10)+((0,27+2,94)*2,10) | E97: =(0.95*0.27*1.1)+(2.94*0.14*2.1)+(0.27*0.14*2.1) -> 1.22589
A98: Depósito 04 | B98: (0,85*0,27*1,10)+(2,94*0,25*2,10)+(0,27*0,25*2,10)+(3,41*1,10*0,27)+(0,24*0,27*2,10) | E98: =(0.85*0.27*1.1)+(2.94*0.25*2.1)+(0.27*0.25*2.1)+(3.41*1.1*0.27)+(0.24*0.27*2.1) -> 3.08655
A99: Loja do Artesanato | B99: (2,94*2,10*0,27,5)+(0,27*2,10*0,295)+((1,09+1,63)*0,27*1,10) | E99: =(2.94*2.1*0.295)+(0.27*2.1*0.295)+((1.09+1.63)*0.27*1.1) -> 2.796435
A100: Loja do Queijo | B100: ((2,94+0,27)*0,2*2,10)+((1,72+1,315)*1,10*0,27) | E100: =((2.94+0.27)*0.2*2.1)+((1.72+1.315)*1.1*0.27) -> 2.249595
A101: Alvenaria área externa | B101: 0,15*1,91*2,10 | E101: =0.15*1.91*2.1 -> 0.60165
A102: Casa Caixa D'água
A103: Subtotal | E103: =SUM(E95:E102) -> 12.617415
A104: Total | E104: =SUM(E95:E102) -> 12.617415
A105: Demolição de alvenaria Subsolo - m³
A106: FIGURA INDICATIVA (SEM ESCALA)
A129: Demolição de alvenaria Subsolo - m³
A130: Ambiente | B130: Cálculo | E130: Volume - m³
A131: Administrativo APAQS | B131: (0,27*3,34*2,78)+(0,11*2,78*4,90)-(0,80*2,03*0,27) | E131: =(0.27*3.34*2.78)+(0.11*2.78*4.9)-(0.8*2.03*0.27) -> 3.566944
A132: Grupo Marte | B132: (2,915*0,25*2,78)+(0,11*3,03*2,78)+(1,885*0,25*2,78)+(0,27*3,03*2,78)-(0,80*2,03*0,27) | E132: =(2.915*0.25*2.78)+(0.11*3.03*2.78)+(1.885*0.25*2.78)+(0.27*3.03*2.78)-(0.8*2.03*0.27) -> 6.098412
A134: Hall | B134: 0,28*7,33*2,78-(0,80*2,03*0,28) | E134: =0.28*7.33*2.78-(0.8*2.03*0.28) -> 5.250952
A135: Depósito | B135: 2,90*0,15*2,78-(0,6*1,80*0,15) | E135: =2.9*0.15*2.78-(0.6*1.8*0.15) -> 1.0473
A136: Almoxarifado | B136: ((0,28+3,26+0,27)*2,78*0,27)+(2,27*0,28*2,78)+(2,27*0,27*2,78)-(0,70*2,03*0,27) | E136: =((0.28+3.26+0.27)*2.78*0.27)+(2.27*0.28*2.78)+(2.27*0.27*2.78)-(0.7*2.03*0.27) -> 5.946946
A137: Depósito 2 | B137: 2,231*0,16*2,82 | E137: =2.231*0.16*2.82 -> 1.0066272
A138: I.S. | B138: (0,15*2,83*0,97)+(0,31*1,55*2,83)-(0,5*2,80*0,15) | E138: =(0.15*2.83*0.97)+(0.31*1.55*2.83)-(0.5*2.8*0.15) -> 1.56158
A139: I.S. 2 | B139: (0,28*1,55*2,83)+(0,97*0,15*2,83)-(0,5*2,80*0,15) | E139: =(0.28*1.55*2.83)+(0.97*0.15*2.83)-(0.5*2.8*0.15) -> 1.429985
A140: I.S.F. | B140: (1,47*0,19*1,80)+(0,12*0,15*1,80)+(0,115*0,15*1,80)+(0,65*0,15*1,80)+(0,105*0,15*1,80)+(0,185*1,47*1,80)+(0,19*0,15*1,80)+(1,95*1,80*0,25)+(0,15*0,2*1,80) | E140: =(1.47*0.19*1.8)+(0.12*0.15*1.8)+(0.115*0.15*1.8)+(0.65*0.15*1.8)+(0.105*0.15*1.8)+(0.185*1.47*1.8)+(0.19*0.15*1.8)+(1.95*1.8*0.25)+(0.15*0.2*1.8) -> 2.24235
A142: I.S.M. | B142: (4,81*0,2*1,80)+(1,48*0,18*1,80)*2+(3,63*0,176*2,80)+(1,39*0,29*1,80)+(0,98*0,26*2,80)+(1,18*0,13*2,80)+(0,22*0,15*1,80)+(0,16*0,15*1,80)+(0,08*0,15*1,80)+(0,12*0,15*1,80)+(0,12*0,15*1,80)+(0,07*0,15*1,80) | E142: =(4.81*0.2*1.8)+(1.48*0.18*1.8)*2+(3.63*0.176*2.8)+(1.39*0.29*1.8)+(0.98*0.26*2.8)+(1.18*0.13*2.8)+(0.22*0.15*1.8)+(0.16*0.15*1.8)+(0.08*0.15*1.8)+(0.12*0.15*1.8)+(0.12*0.15*1.8)+(0.07*0.15*1.8) -> 6.555944
A145: Alvenaria Corredor lateral | B145: (1,87,4*0,28*3,70)-(0,90*0,45*3,10) | E145: =(1.874*0.28*3.7)-(0.9*0.45*3.1) -> 0.685964
A146: Subtotal | E146: =SUM(E131:E145) -> 35.393004
A147: Total | E147: =SUM(E131:E145) -> 35.393004
A148: Demolição de revestimento existente, parede - m²
A149: FIGURA INDICATIVA (SEM ESCALA)
A172: Demolição de revestimento existente, parede - m²
A173: Ambiente | C173: Cálculo | E173: Área - m²
A174: I.S.F. | C174: (1,47*1,80)+(0,12*1,8)+(0,115*1,8)+(0,65*1,8)+(0,105*1,8)+(1,47*1,8)+(0,19*1,8)+(1,95*1,80)+(0,2*1,8) | E174: =(1.47*1.8)+(0.12*1.8)+(0.115*1.8)+(0.65*1.8)+(0.105*1.8)+(1.47*1.8)+(0.19*1.8)+(1.95*1.8)+(0.2*1.8) -> 11.286
A177: I.S.M. | C177: (4,81*1,80)+(1,48*1,80)*2+(3,63*2,80)+(1,39*1,80)+(0,98*2,80)+(1,18*2,80)+(0,22*1,80)+(0,16*1,80)+(0,08*1,80)+(0,12*1,80)+(0,12*1,80)+(0,07*1,80) | E177: =(4.81*1.8)+(1.48*1.8)*2+(3.63*2.8)+(1.39*1.8)+(0.98*2.8)+(1.18*2.8)+(0.22*1.8)+(0.16*1.8)+(0.08*1.8)+(0.12*1.8)+(0.12*1.8)+(0.07*1.8) -> 34.086
A180: Subtotal | E180: =SUM(E174:E179) -> 45.372
A181: Total | E181: =SUM(E174:E179) -> 45.372
A182: Remoção de Portas - m²
A183: FIGURA INDICATIVA (SEM ESCALA)
A206: Remoção de Portas - m²
A207: Ambiente | C207: Cálculo | E207: Área - m²
A208: Mercado | C208: 0,81*2,10 | E208: =0.81*2.1 -> 1.701
A209: Grupo Marte | C209: 0,80*2,03 | E209: =0.8*2.03 -> 1.624
A210: Administrativo APaQS | C210: 0,80*2,03 | E210: =0.8*2.03 -> 1.624
A211: Hall | C211: 0,80*2,03 | E211: =0.8*2.03 -> 1.624
A212: Depósito | C212: 0,6*1,80 | E212: =0.6*1.8 -> 1.08
A213: Almoxarifado | C213: 0,7*2,03 | E213: =0.7*2.03 -> 1.421
A214: I.S. 1 e 2 | C214: 0,5*2,80 | E214: =0.5*2.8 -> 1.4
A215: Porta na lateral - Depósito | C215: 0,80*2,03 | E215: =0.8*2.03 -> 1.624
A216: Depósito 2 | C216: 0,6*2,03 | E216: =0.6*2.03 -> 1.218
A217: I.S.F. | C217: (0,64*1,80)*4+(0,9*2,03) | E217: =(0.64*1.8)*4+(0.9*2.03) -> 6.435
A218: I.S.M. | C218: (0,64*1,80)*4+(0,9*2,03) | E218: =(0.64*1.8)*4+(0.9*2.03) -> 6.435
A219: Porta Depósitos 1 e 2 | C219: (0,87*2,10)*2 | E219: =(0.87*2.1)*2 -> 3.654
A220: Porta Depósitos 3 e 4 | C220: (0,65*2,10)*2 | E220: =(0.65*2.1)*2 -> 2.73
A221: Loja do Artesanato | C221: 0,65*2,10 | E221: =0.65*2.1 -> 1.365
A222: Loja do Queijo | C222: 0,65*2,10 | E222: =0.65*2.1 -> 1.365
A223: Subtotal | E223: =SUM(E208:E222) -> 35.3
A224: Total | E224: =E223 -> 35.3
A225: Remoção de Janelas - m²
A226: FIGURA INDICATIVA (SEM ESCALA)
A227: 0)
A249: Remoção de Janelas - m²
A250: Ambiente | C250: Cálculo | E250: Área - m²
A251: Depósito 1 e 2 | C251: 3,14*1,38 | E251: =3.14*1.38 -> 4.3332
A252: Depósito 3 e 4 + Escada | C252: 4,825*1,38 | E252: =4.825*1.38 -> 6.6585
A253: Loja do Artesanato + Escada | C253: 4,825*1,38 | E253: =4.825*1.38 -> 6.6585
A254: Loja do Queijo | C254: 3,14*1,38 | E254: =3.14*1.38 -> 4.3332
A255: Administrativo APaQS | C255: 1,73*1,0 | E255: =1.73*1 -> 1.73
A256: Grupo Marte | C256: 1,73*1,0 | E256: =1.73*1 -> 1.73
A257: Hall | C257: (2,705*0,435)+(1,60*1) | E257: =(2.705*0.435)+(1.6*1) -> 2.776675
A258: Escada | C258: 1,60*1,0 | E258: =1.6*1 -> 1.6
A259: Almoxarifado | C259: 1,0*0,70 | E259: =1*0.7 -> 0.7
A260: I.S. 1 e 2 | C260: (0,95*1,0)*2 | E260: =(0.95*1)*2 -> 1.9
A261: Depósito | C261: 0,64*0,44 | E261: =0.64*0.44 -> 0.2816
A262: Corredor Lateral | C262: 0,90*0,45 | E262: =0.9*0.45 -> 0.405
A263: I.S.F. | C263: 1,74*1,0 | E263: =1.74*1 -> 1.74
A264: Subtotal | E264: =SUM(E251:E263) -> 34.846675
A265: Total | E265: =E264 -> 34.846675
...

Sheet MC ESCADAS
A1: MEMÓRIA DE CÁLCULO
A3: TÍTULO: ESTRUTURAL ESCADAS | E3: PÁGINA
A4: REFORMA E AMPLIAÇÃO MERCADO MUNICIPAL MUNICÍPIO DE SERRO - MG
E6: REV.
A9: Cálculo Montagem e desmontagem de fôrmas das escadas - m²
A10: FIGURA INDICATIVA (SEM ESCALA)
A33: Cálculo Montagem e desmontagem de fôrmas das escadas - m²
A34: Escada | B34: Tipo de Escada | C34: Cálculo | E34: Área - m²
A35: Escada 01 | B35: Reta | C35: especificações no projeto estrutural | E35: 10.54 | G35: sinapi
A36: Escada 02 | B36: Reta | C36: especificações no projeto estrutural | E36: 18.56 | F36: 102041 | G36: sinapi
A37: Escada 03 | B37: Em L | C37: especificações no projeto estrutural | E37: 10.01
A38: Escada 04 | B38: Reta | C38: especificações no projeto estrutural | E38: 9.75
A39: Subtotal escada em L | E39: =E37 -> 10.01
A40: Subtotal escada reta | E40: =SUM(E35+E36+E38) -> 38.85
A41: Total | E41: =SUM(E35:E38) -> 48.86 | F41: =SUM(E39:E40) -> 48.86
A42: Armação de escada utilizando aço - KG
A43: FIGURA INDICATIVA (SEM ESCALA)
A66: Armação de Escada utilizando aço - Kg
A67: Escada | B67: Aço | C67: Cálculo | E67: Quilo - Kg
A68: Escada 01 | B68: CA-50 8mm | C68: 76 | E68: 76
A69: Escada 01 | B69: CA-50 16mm | C69: 136 | E69: 136
A70: Escada 02 | B70: CA-50 8mm | C70: 82 | E70: 82
A71: Escada 02 | B71: CA-50 10mm | C71: 148 | E71: 148
A72: Escada 03 | B72: CA-50 8mm | C72: 33 | E72: 33
A73: Escada 03 | B73: CA-50 10mm | C73: 104 | E73: 104
A74: Escada 04 | B74: CA-50 8mm | C74: 65 | E74: 65
A75: Escada 04 | B75: CA-50 20mm | C75: 171 | E75: 171
A77: Subtotal Aço CA-50 de 8mm | E77: =SUM(E68+E70+E72+E74) -> 256 | F77: 95945
A78: Subtotal Aço CA-50 de 10mm | E78: =SUM(E71+E73) -> 252 | F78: 95946
A79: Subtotal Aço CA-50 de 16mm | E79: =E69 -> 136 | F79: 95948
A80: Subtotal Aço CA-50 de 20mm | E80: =E75 -> 171
A81: Total | E81: =SUM(E68:E75) -> 815
A82: Concretagem de escada FCK 25 MPA - m³
A83: FIGURA INDICATIVA (SEM ESCALA)
A106: Concretagem de escada FCK 25 MPA - m³
A107: Escada | C107: Cálculo | E107: Volume - m³
A108: Escada 01 | C108: especificações no projeto estrutural | E108: 2.01 | F108: 103686
A109: Escada 02 | C109: especificações no projeto estrutural | E109: 3.49 | F109: 103686
A110: Escada 03 | C110: especificações no projeto estrutural | E110: 1.74 | F110: 103686
A111: Escada 04 | C111: especificações no projeto estrutural | E111: 1.83 | F111: 103686
A112: Subtotal | E112: =SUM(E107:E111) -> 9.07
A113: Total | E113: =E112 -> 9.07
A114: Cálculo Montagem e desmontagem de fôrmas das vigas - m²
A115: FIGURA INDICATIVA (SEM ESCALA)
A138: Cálculo Montagem e desmontagem de fôrmas das vigas - m²
A139: Escada | B139: Viga | C139: Cálculo | E139: Área - m²
A140: Escada 01 | B140: Viga 01 e 101 | C140: especificações no projeto estrutural | E140: 2.95
A141: Escada 02 | B141: Viga 01 e 101 | C141: especificações no projeto estrutural | E141: 3.52
A142: Escada 02 | B142: Baldrame | C142: especificações no projeto estrutural | E142: 6.82
A143: Escada 03 | B143: Viga 01 e 101 | C143: especificações no projeto estrutural | E143: 2.02
A144: Escada 04 | B144: Viga 01 e 101 | C144: especificações no projeto estrutural | E144: 2.72
A145: Subtotal | E145: =SUM(E139:E144) -> 18.03
A146: Total | E146: =E145 -> 18.03
A147: Cálculo armação vigas das escadas - Kg
A148: FIGURA INDICATIVA (SEM ESCALA)
F166: 92762
F167: 92759
A183: Cálculo armação vigas das escadas - Kg
A184: Escada | B184: VIGA | C184: AÇO | D184: CÁLCULO | E184: Quilo - Kg
A185: Escada 01 | B185: 1 | C185: CA-50 10 mm | D185: 5 | E185: 5
A186: Escada 01 | B186: 1 | C186: CA-60 5 mm | D186: 1 | E186: 1
A187: Escada 01 | B187: 101 | C187: CA-50 10 mm | D187: 5 | E187: 5
A188: Escada 01 | B188: 101 | C188: CA-60 5 mm | D188: 1 | E188: 1
A189: Escada 02 | B189: 1 | C189: CA-50 10 mm | D189: 6 | E189: 6
A190: Escada 02 | B190: 1 | C190: CA-60 5 mm | D190: 1 | E190: 1
A191: Escada 02 | B191: 101 | C191: CA-50 10 mm | D191: 6 | E191: 6
A192: Escada 02 | B192: 101 | C192: CA-60 5 mm | D192: 1 | E192: 1
A193: Escada 02 | B193: Baldrame | C193: CA-50 10 mm | D193: 21.74 | E193: 21.74
A194: Escada 02 | B194: Baldrame | C194: CA-60 5 mm | D194: 11.72 | E194: 11.72
A195: Escada 03 | B195: 1 | C195: CA-50 10 mm | D195: 4 | E195: 4
A196: Escada 03 | B196: 1 | C196: CA-60 5 mm | D196: 1 | E196: 1
A197: Escada 03 | B197: 101 | C197: CA-50 10 mm | D197: 4 | E197: 4
A198: Escada 03 | B198: 101 | C198: CA-60 5 mm | D198: 1 | E198: 1
A199: Escada 04 | B199: 1 | C199: CA-50 10 mm | D199: 5 | E199: 5
A200: Escada 04 | B200: 1 | C200: CA-60 5 mm | D200: 1 | E200: 1
A201: Escada 04 | B201: 101 | C201: CA-50 10 mm | D201: 5 | E201: 5
A202: Escada 04 | B202: 101 | C202: CA-60 5 mm | D202: 1 | E202: 1
A204: Subtotal CA-50 10mm | E204: =SUM(E185+E187+E189+E191+E193+E195+E197+E199+E201) -> 61.74
A205: Subtotal CA-60 5mm | E205: =SUM(E186+E188+E190+E192+E194+E196+E198+E200+E202) -> 19.72
A206: Total | E206: =SUM(E185:E202) -> 81.46 | F206: =SUM(E204:E205) -> 81.46
A207: Concretagem fôrmas das vigas 25 MPA - m³
A208: FIGURA INDICATIVA (SEM ESCALA)
A231: Concretagem fôrmas das vigas FCK 25 MPA - m³
A232: Escada | B232: Viga | C232: Cálculo | E232: Área - m²
A233: Escada 01 | B233: Viga 01 e 101 | C233: especificações no projeto estrutural | E233: 0.26
A234: Escada 02 | B234: Viga 01 e 101 | C234: especificações no projeto estrutural | E234: 0.33
A235: Escada 02 | B235: Baldrame | C235: especificações no projeto estrutural | E235: 0.65
A236: Escada 03 | B236: Viga 01 e 101 | C236: especificações no projeto estrutural | E236: 0.17
A237: Escada 03 | B237: Viga de Travamento | C237: especificações no projeto estrutural | E237: 0.01
A238: Escada 04 | B238: Viga 01 e 101 | C238: especificações no projeto estrutural | E238: 0.24
A239: Subtotal | E239: =SUM(E232:E238) -> 1.66
A240: Total | E240: =E239 -> 1.66
A241: Cálculo Montagem e desmontagem de fôrmas dos pilares - m²
A242: FIGURA INDICATIVA (SEM ESCALA)
A265: Cálculo Montagem e desmontagem de fôrmas dos pilares - m²
A266: Escada | B266: Pilares | C266: Cálculo | E266: m²
A267: Escada 01 | B267: - | C267: - | E267: 0
A268: Escada 02 | B268: P | C268: especificações no projeto estrutural | E268: 4.17
A269: Escada 03 | B269: P1 e P2 | C269: especificações no projeto estrutural | E269: 4.96
A270: Escada 03 | B270: Viga de Travamento | C270: especificações no projeto estrutural | E270: 0.12
...

Sheet MC REFORÇO FUNDAÇÃO
A1: MEMÓRIA DE CÁLCULO
A3: TÍTULO: ESTRUTURAL REFORÇO FUNDAÇÃO | E3: PÁGINA
A4: REFORMA E AMPLIAÇÃO MERCADO MUNICIPAL MUNICÍPIO DE SERRO - MG
E6: REV.
A9: Cálculo armação blocos de reforço - Kg
A10: FIGURA INDICATIVA (SEM ESCALA)
A33: Cálculo armação blocos de reforço - Kg
A34: Aço | C34: Cálculo | E34: Kg
A35: CA-50 10 mm | C35: ((5,4+5,3+5,5)+(5,4+5,3+5,5)*10%)*10 | E35: =((5.4+5.3+5.5)+(5.4+5.3+5.5)*10%)*10 -> 178.2
A36: CA-60 4,2 mm | C36: ((0,4+0,4)+(0,4+0,4)*10%)*10 | E36: =((0.4+0.4)+(0.4+0.4)*10%)*10 -> 8.8
A38: Subtotal Aço CA-50 10 mm | E38: =E36 -> 8.8
A39: Subtotal Aço CA-60 4,2 mm | E39: =E35 -> 178.2
A40: Total | E40: =SUM(E35:E37) -> 187 | F40: =SUM(E38:E39) -> 187
A41: Cálculo Montagem e desmontagem de fôrmas dos blocos - m²
A42: FIGURA INDICATIVA (SEM ESCALA)
A65: Cálculo Montagem e desmontagem de fôrmas dos blocos - m²
A66: Cálculo | E66: Área - m²
A67: especificações no projeto estrutural | E67: 25.6
A68: Subtotal | E68: =SUM(E66:E67) -> 25.6
A69: Total | E69: =E68 -> 25.6
A70: Concretagem fôrmas dos blocos 25 MPA - m³
A71: FIGURA INDICATIVA (SEM ESCALA)
A94: Concretagem fôrmas dos blocos 25 MPA - m³
A95: Cálculo | E95: Volume - m³
A96: especificações no projeto estrutural | E96: 5.12
A97: Subtotal | E97: =SUM(E95:E96) -> 5.12
A98: Total | E98: =E97 -> 5.12
A99: Cálculo armação estacas - Kg
A100: FIGURA INDICATIVA (SEM ESCALA)
A123: Cálculo armação estacas - Kg
A124: Aço | C124: Cálculo | E124: Kg
A125: CA-50 6,3 mm | C125: especificações no projeto estrutural | E125: 70
A126: CA-50 12,5 mm | C126: especificações no projeto estrutural | E126: 297
A128: Subtotal Aço CA-50 6,3 mm | E128: =E126 -> 297
A129: Subtotal Aço CA-50 12,5 mm | E129: =E125 -> 70
A130: Total | E130: =SUM(E125:E127) -> 367 | F130: =SUM(E128:E129) -> 367
A131: Concretagem das estacas 20 MPA - m³
A132: FIGURA INDICATIVA (SEM ESCALA)
A151: Concretagem das estacas 20 MPA - m³
A152: Cálculo | E152: Volume - m³
A153: especificações no projeto estrutural | E153: 8.48
A154: Subtotal | E154: =SUM(E152:E153) -> 8.48
A155: Total | E155: =E154 -> 8.48
A156: Cálculo armação dos baldrames - Kg
A157: FIGURA INDICATIVA (SEM ESCALA)
A180: Cálculo armação dos baldrames - Kg
A181: Aço | C181: Cálculo | E181: Kg
A182: CA-50 12,5 mm | C182: 179,2+10% | E182: =179.2+(179.2*10%) -> 197.12
A183: CA-50 6,3 mm | C183: 53,17+10% | E183: =53.17+(53.17*10%) -> 58.487
A185: Subtotal Aço CA-50 12,5 mm | E185: =E183 -> 58.487
A186: Subtotal Aço CA-50 6,3 mm | E186: =E182 -> 197.12
A187: Total | E187: =SUM(E182:E184) -> 255.607
A188: Cálculo Montagem e desmontagem de fôrmas dos baldrames - m²
A189: FIGURA INDICATIVA (SEM ESCALA)
A212: Cálculo Montagem e desmontagem de fôrmas dos baldrames - m²
A213: Cálculo | E213: Área - m²
A214: especificações no projeto estrutural | E214: 24.8
A215: Subtotal | E215: =SUM(E213:E214) -> 24.8
A216: Total | E216: =E215 -> 24.8
A217: Concretagem dos baldrames 25 MPA - m³
A218: FIGURA INDICATIVA (SEM ESCALA)
A241: Concretagem dos baldrames 25 MPA - m³
A242: Cálculo | E242: Volume - m³
A243: especificações no projeto estrutural | E243: 4.34
A244: Subtotal | E244: =SUM(E242:E243) -> 4.34
A245: Total | E245: =E244 -> 4.34
A246: Cálculo armação reforço pilar - Kg
A247: FIGURA INDICATIVA (SEM ESCALA)
A270: Cálculo armação reforço pilar - Kg
A271: Aço | C271: Cálculo | E271: Kg
A272: CA-50 16 mm | C272: ((91,84+141)+10%)*4 | E272: =((91.84+141)+((91.84+141)*10%))*4 -> 1024.496
A273: CA-50 6,3 mm | C273: ((14,11+22,05)+10%)*4 | E273: =((14.11+22.05)+((14.11+22.05)*10%))*4 -> 159.104
A275: Subtotal Aço CA-50 16 mm | E275: =E272 -> 1024.496
A276: Subtotal Aço CA-50 6,3 mm | E276: =E273 -> 159.104
A277: Total | E277: =SUM(E272:E274) -> 1183.6 | F277: =SUM(E275:E276) -> 1183.6 | G277: =SUM(466+720) -> 1186
A278: Cálculo Montagem e desmontagem de fôrmas reforço dos pilares - m²
A279: FIGURA INDICATIVA (SEM ESCALA)
A292: Cálculo Montagem e desmontagem de fôrmas reforço dos pilares - m²
A293: Cálculo | E293: Área - m²
A294: especificações no projeto estrutural | E294: 93.52
A295: Subtotal | E295: =SUM(E293:E294) -> 93.52
A296: Total | E296: =E295 -> 93.52
A297: Concretagem reforço pilares 25 MPA - m³
A298: FIGURA INDICATIVA (SEM ESCALA)
A313: Concretagem reforço pilares 25 MPA - m³
A314: Cálculo | E314: Volume - m³
A315: especificações no projeto estrutural | E315: 5.91
A316: Subtotal | E316: =SUM(E314:E315) -> 5.91
A317: Total | E317: =E316 -> 5.91
A318: Cálculo peso Vigas e Pilares Metálicos - Kg
A319: FIGURA INDICATIVA (SEM ESCALA)
A342: Cálculo peso Vigas e Pilares Metálicos - Kg
A343: Cálculo | E343: Kg
A344: especificações no projeto estrutural | E344: 5135
A345: Subtotal | E345: =SUM(E343:E344) -> 5135
A346: Total | E346: =E345 -> 5135

Sheet MC ARRIMO
A1: MEMÓRIA DE CÁLCULO
A3: TÍTULO: ESTRUTURAL MURO DE ARRIMO | E3: PÁGINA
A4: REFORMA E AMPLIAÇÃO MERCADO MUNICIPAL MUNICÍPIO DE SERRO - MG
E6: REV.
A9: Cálculo Montagem e desmontagem de fôrmas sapatas do muro de arrimo - m²
A10: FIGURA INDICATIVA (SEM ESCALA)
A31: Cálculo Montagem e desmontagem de fôrmas sapatas do muro de arrimo - m²
A32: Cálculo | E32: Área - m²
A33: especificações no projeto estrutural | E33: 19.74
A34: Subtotal | E34: =E33 -> 19.74
A35: Total | E35: =SUM(E33:E33) -> 19.74
A36: Cálculo armação utilizando aço das sapatas do muro de arrimo - Kg
A37: FIGURA INDICATIVA (SEM ESCALA)
A60: Cálculo armação utilizando aço das sapatas do muro de arrimo - Kg
A61: Aço | C61: Cálculo | E61: Kg
A62: CA-50 12,5 mm | C62: especificações no projeto | E62: 148.59
A64: Subtotal Aço CA-50 12,5 mm | E64: =E62 -> 148.59
A65: Total | E65: =SUM(E62:E63) -> 148.59
A66: Cálculo concretagem das sapatas - m³
A67: FIGURA INDICATIVA (SEM ESCALA)
A87: Cálculo concretagem das sapatas do muro de arrimo - m³
A88: Cálculo | E88: Volume - m³
A89: especificações no projeto estrutural | E89: 9.87
A90: Subtotal | E90: =E89 -> 9.87
A91: Total | E91: =SUM(E89:E89) -> 9.87
A92: Cálculo Montagem e desmontagem formas blocos do muro - m²
A93: FIGURA INDICATIVA (SEM ESCALA)
A114: Cálculo Montagem e desmontagem formas blocos do muro - m²
A115: Cálculo | E115: Área - m²
A116: especificações no projeto estrutural | E116: 29.63
A117: Subtotal | E117: =E116 -> 29.63
A118: Total | E118: =SUM(E116:E116) -> 29.63
A119: Cálculo armação utilizando aço do muro de arrimo (blocos) - Kg
A120: FIGURA INDICATIVA (SEM ESCALA)
A143: Cálculo armação utilizando aço do muro de arrimo (blocos) - Kg
A144: Aço | C144: Cálculo | E144: Kg
A145: CA-25 6,3 mm | C145: especificações no projeto | E145: 80
A147: Subtotal Aço CA-25 6,3 mm | E147: =E145 -> 80
A148: Total | E148: =SUM(E145:E146) -> 80
A149: Cálculo concretagem bloco cheio do muro de arrimo - m³
A150: FIGURA INDICATIVA (SEM ESCALA)
A169: Cálculo concretagem bloco cheio do muro de arrimo - m³
A170: Cálculo | E170: Volume - m³
A171: especificações no projeto estrutural | E171: 2.07
A172: Subtotal | E172: =E171 -> 2.07
A173: Total | E173: =SUM(E171:E171) -> 2.07
A174: Cálculo área dos blocos - m²
A175: FIGURA INDICATIVA (SEM ESCALA)
A194: Cálculo área dos blocos - m²
A195: Cálculo | E195: ÁREA - m²
A196: 19,74*3.05 | E196: =19.74*3.05 -> 60.207
A197: Subtotal | E197: =SUM(E195:E196) -> 60.207
A198: Total | E198: =E197 -> 60.207
A199: MEMÓRIA DE CÁLCULO
A201: TÍTULO | E201: PÁGINA
A202: MERCADO MUNICIPAL MUNICÍPIO DE SERRO - MG
E204: REV.
A207: Cálculo Montagem e desmontagem de fôrmas sapatas muro de arrimo (fundo) - m²
A208: FIGURA INDICATIVA (SEM ESCALA)
A229: Cálculo Montagem e desmontagem de fôrmas sapatas muro de arrimo (fundo) - m²
A230: Cálculo | E230: Área - m²
A231: especificações no projeto estrutural | E231: 24.67
A232: Subtotal | E232: =E231 -> 24.67
A233: Total | E233: =SUM(E231:E231) -> 24.67
A234: Cálculo escavação das sapatas muro de arrimo (fundo) - m³
A235: FIGURA INDICATIVA (SEM ESCALA)
F238: ((3,57+3+3+3+3+3+3)*(2,3))+((2,68*2)*(1,40))
A242: Cálculo escavação das sapatas muro de arrimo (fundo) - m³
A243: Sapata | B243: Cálculo | E243: Volume - m³
A244: S1 | B244: (3,57+3+3+3+3+3+3)*(2,3)*(6,90-5,64) | E244: =(3.57+3+3+3+3+3+3)*(2.3)*(6.9-5.64) -> 62.50986
A245: S2 | B245: (2,68*2)*(1,40)*(6,90-5,64) | E245: =(2.68*2)*(1.4)*(6.9-5.64) -> 9.45504
A246: Subtotal | E246: =E245 -> 9.45504
A247: Total | E247: =SUM(E244:E245) -> 71.9649
A248: Cálculo armação utilizando aço das sapatas do muro de arrimo (fundo)- Kg
A249: FIGURA INDICATIVA (SEM ESCALA)
A270: Cálculo armação utilizando aço das sapatas do muro de arrimo (fundo)- Kg
A271: Aço | C271: Cálculo | E271: Kg
A272: CA-50 6,3 mm | C272: 4+1 | E272: 5
A273: CA-50 12,5 mm | C273: 145+56 | E273: =145+56 -> 201
A274: CA-50 16 mm | C274: 2671+315 | E274: =2671+315 -> 2986
A276: Subtotal Aço CA-50 6,3 mm | E276: =E272 -> 5
A277: Subtotal Aço CA-50 12,5 mm | E277: =E273 -> 201
A278: Subtotal Aço CA-50 16 mm | E278: =E274 -> 2986
A279: Total | E279: =SUM(E276:E278) -> 3192 | F279: =SUM(E272:E274) -> 3192
A280: Cálculo concretagem fundação muro de arrimo (fundo) - m³
A281: FIGURA INDICATIVA (SEM ESCALA)
A302: Cálculo concretagem fundação de arrimo (fundo) - m³
A303: Cálculo | E303: Área - m²
A304: especificações no projeto estrutural | E304: 23.03
A305: Subtotal | E305: =E304 -> 23.03
A306: Total | E306: =SUM(E304:E304) -> 23.03
A307: Cálculo Montagem e desmontagem de fôrmas pilares do muro de arrimo (fundo) - m²
A308: FIGURA INDICATIVA (SEM ESCALA)
A329: Cálculo Montagem e desmontagem de fôrmas pilares do muro de arrimo (fundo) - m²
A330: Cálculo | E330: Área - m²
A331: especificações no projeto estrutural | E331: 28.22
A332: Subtotal | E332: =E331 -> 28.22
A333: Total | E333: =SUM(E331:E331) -> 28.22
A334: Cálculo armação utilizando aço dos pilares do muro de arrimo (fundo)- Kg
A335: FIGURA INDICATIVA (SEM ESCALA)
...

Sheet MC ELÉTRICO
A1: MEMÓRIA DE CÁLCULO
A3: TÍTULO: ELÉTRICO | E3: PÁGINA
A4: REFORMA E AMPLIAÇÃO MERCADO MUNICIPAL MUNICÍPIO DE SERRO - MG
E6: REV.
A9: Material Elétrico
A10: Levantamento - Iluminação
A11: DESCRIÇÃO | D11: QTD. | E11: UN.
A12: REFLETOR LED 30W COM GRADE NO PISO | D12: 6 | E12: PÇ
A13: LUMINÁRIA P/ 4 LÂMPADAS TUBULARES DE 18W | D13: 37 | E13: PÇ
A14: LÂMPADAS TUBULARES DE 18W | D14: 148 | E14: PÇ
A15: PENDENTE PARA LÂMPADA FRIA | D15: 20 | E15: PÇ
A16: LUMINÁRIA DE EMBUTIR NO PISO BLINDADA C/ LÂMPADA PAR 20/30 | D16: 6 | E16: PÇ
A17: POSTE DECORATIVO | D17: 4 | E17: PÇ
A18: BLOCO AUTÔNOMO DE ILUMINAÇÃO DE EMERGÊNCIA A 2,10m do PISO 60W | D18: 14 | E18: PÇ
A19: ARANDELA LÂMPADA LED 12W H=2,80M | D19: 17 | E19: PÇ
A20: LÂMPADA PARA ARANDELA LED 12W | D20: 17 | E20: PÇ
A21: SPOT DIRECIONAL 1 LÂMPADA | D21: 2 | E21: PÇ
A22: LUMINÁRIA DE SOBREPOR C/2 LÂMPADAS LED 12W | D22: 4 | E22: PÇ
A23: LÂMPADAS LED 12W PARA LUMINÁRIA | D23: 8 | E23: PÇ
A24: Levantamento - Material Geral
A25: DESCRIÇÃO | D25: QTD. | E25: UN.
A26: CAIXA DE PASSAGEM PISO EM ALVENARIA 40X40MM | D26: 3 | E26: PÇ
A27: CAIXA DE DISTRIBUIÇÃO P/TELEFONIA | D27: 2 | E27: PÇ
A28: CAIXA DE MEDIÇÃO EMBUTIR - 1,50M DO PISO | D28: 2 | E28: PÇ
A29: QUADRO DE DISTRIBUIÇÃO SOBREPOR - 1,50 DO PISO | D29: 2 | E29: PÇ
A30: CONDULETE C/02 TOMADAS RJ45 - 0,30M DO PISO | D30: 27 | E30: PÇ
A31: TOMADA HEGAGONAL EM CONDULETE - 2P+T 20A A 0,30 DO PISO | D31: 1 | E31: PÇ
A32: CAIXA DE PASSAGEM PISO EM ALVENARIA 30X30MM | D32: 1 | E32: PÇ
A33: RACK PADRÃO | D33: 1 | E33: PÇ
A34: INTERRUPTOR SIMPLES EM CONDULETE - TIPO C 1 - 1 TECLA - 1,10M DO PISO | D34: 7 | E34: PÇ
A35: CONDULETE TIPO T 1" | D35: 16 | E35: PÇ
A36: CONDULETE TIPO LR 1" | D36: 9 | E36: PÇ
A37: CONDULETE TIPO LR 1" 1/2" | D37: 2 | E37: PÇ
... A86: ELETROCALHA METÁLICA 100X75MM | D86: 45 | E86: M
A87: FIAÇÃO TÉRREO 2,5mm
A88: RETORNO | B88: FASE | D88: TERRA | E88: NEUTRO
A89: 5.44 | B89: 3.22 | D89: 3.22 | E89: 5.44
A90: 5.44 | B90: 5.12 | D90: 5.12 | E90: 5.44
A91: 3.22 | B91: 2.5 | D91: 5.12 | E91: 3.22
A92: 2 | B92: 2.5 | D92: 2.5 | E92: 3.22
A93: 2.06 | B93: 2.5 | D93: 2.5 | E93: 3.22
A94: 2 | B94: 4.5 | D94: 2.5 | E94: 2
A95: 2.06 | B95: 3.25 | D95: 4.5 | E95: 2.06
A96: 5.12 | B96: 3.05 | D96: 3.25 | E96: 2
A97: 5.12 | B97: 3.05 | D97: 3.05 | E97: 2.06
A98: 3.44 | B98: 2 | D98: 3.05 | E98: 5.12
A99: 4.33 | B99: 3.5 | D99: 2 | E99: 5.12
A100: 4 | B100: 4.5 | D100: 3.5 | E100: 5.12
... A138: 9 | B138: 57 | D138: 48 | E138: 5
B139: 0 | D139: 113.52 | E139: 113.52
A140: 15.5 | B140: 50 | D140: 40 | E140: 2.5
A141: 12 | E141: 8
A142: 8 | E142: 5
A143: 4.5 | E143: 6
A144: 5 | E144: 4.5
E145: 7
E146: 3
E147: 19
E148: 5.2
E149: 4.4
E150: 9.5
E151: 5
E152: 4.5
E153: 7.5
E154: 9.6
E155: 10
E156: 13.5
... E168: 40
A169: TOTAL FIAÇÃO TÉRREO 2,5mm
A170: 473.88 | B170: 741.09 | D170: 750.68 | E170: 1090.16
A171: FIAÇÃO TÉRREO 10mm
A172: RETORNO | B172: FASE | D172: TERRA | E172: NEUTRO
A173: 0 | B173: 63 | D173: 21 | E173: 21
A174: FIAÇÃO TÉRREO 25mm
A175: RETORNO | B175: FASE | D175: TERRA | E175: NEUTRO
A176: 0 | B176: 12 | D176: 4 | E176: 4
A177: FIAÇÃO TÉRREO 50mm
A178: RETORNO | B178: FASE | D178: TERRA | E178: NEUTRO
A179: 0 | B179: 70 | D179: 24 | E179: 24
A180: FIAÇÃO SUBSOLO - 2,5mm
A181: RETORNO | B181: FASE | D181: TERRA | E181: NEUTRO
A182: 180 | B182: 25 | D182: 23 | E182: 26
A183: 45 | B183: 18.5 | D183: 18.5 | E183: 18.5
A184: 18.6 | B184: 7 | D184: 4.4 | E184: 3.5
A185: 10 | B185: 2.2 | D185: 2.2 | E185: 2.2
A186: 7 | B186: 7 | D186: 3.5 | E186: 6.2
A187: 3.8 | B187: 3.5 | D187: 3.5 | E187: 3.5
A188: 3.2 | B188: 6.2 | D188: 11 | E188: 11
A189: 15 | B189: 11 | D189: 4.6 | E189: 4.4
A190: 6 | B190: 7 | D190: 2.2 | E190: 4.6
A191: 8 | B191: 4.4 | D191: 13.2 | E191: 4.4
A192: 15 | B192: 4.6 | D192: 2.8 | E192: 13.2
A193: 45 | B193: 4.4 | D193: 6.5 | E193: 2.8
... A196: 14 | B196: 6.5 | D196: 15 | E196: 2.7
B197: 3.8 | D197: 7.5 | E197: 3.2
B198: 2.7 | D198: 2 | E198: 2
B199: 2 | D199: 60 | E199: 13
B200: 13 | D200: 90 | E200: 15
B201: 15 | D201: 90 | E201: 15
B202: 2 | D202: 45 | E202: 7.5
...

Sheet MC HIDRO
A1: MEMÓRIA DE CÁLCULO
A3: TÍTULO: HIDROSSANITÁRIA | E3: PÁGINA
A4: REFORMA E AMPLIAÇÃO MERCADO MUNICIPAL MUNICÍPIO DE SERRO - MG
E6: REV.
A9: Materiais Hidrossanitário
A10: Legenda:
A12: AF - Água Fria
A13: TQ - Tubo de Queda
A14: CV - Coluna de Ventilação
A15: CE - Caixa de Esgoto
A17: FIGURA INDICATIVA (SEM ESCALA)
A40: Levantamento - Subsolo
A41: Descrição | C41: Cálculo | E41: Unidade
A42: Registro bruto gaveta europa c/PVC soldável | C42: PRJ-HDS F. 1/10 | E42: 1
A43: Registro de gaveta c/canopla cromada c/PVC soldável | C43: PRJ-HDS F. 1/10 | E43: 7
A44: Valvula de descarga c/PVC soldável | C44: PRJ-HDS F. 1/10 | E44: 6
A47: Subtotal | E47: =SUM(E42:E46) -> 14
A48: Total | E48: =E47 -> 14
A49: FIGURA INDICATIVA (SEM ESCALA)
A72: Levantamento - Subsolo
A73: Descrição | C73: Cálculo | E73: Metros
A74: TUBULAÇÃO DE ÁGUA FRIA E PLUVIAL D = 60 mm | C74: PRJ-HDS F. 4/10 | E74: =(8.5+1.3+11.6+0.4+7.7+1.3+2.6+4+3.3+62.7)+6 -> 109.4
A75: TUBULAÇÃO DE ÁGUA FRIA E PLUVIAL D = 50 mm | C75: PRJ-HDS F. 4/10 | E75: =(4.6+0.4+3.75+1.95*2+0.4+2.05*4+1.95*2+2.05*2+3+56)+6 -> 94.25
A76: TUBULAÇÃO DE ÁGUA FRIA E PLUVIAL D = 32 mm | C76: PRJ-HDS F. 4/10 | E76: =(1+4.8+1.5+35.4)+6 -> 48.7
A77: TUBULAÇÃO DE ÁGUA FRIA E PLUVIAL D = 25 mm | C77: PRJ-HDS F. 4/10 | E77: =(3.7+2.75+3.9+4.65+26.4+27.8+141.25)+6 -> 216.45
A78: TUBULAÇÃO DE ÁGUA FRIA E PLUVIAL D = 20 mm | C78: PRJ-HDS F. 4/10 | E78: =(3.3+1.95*2+0.7+0.4*2+3.2+5.45*3.2+1.95+4.35+1.15+2+11.35+1.95+4.3+5.65+6.35+1.45+2.2+2.05+2.7+2.1+1.6+2.4+2.1+3.7)+6.51 -> 95.2
A82: Subtotal | E82: =SUM(E74:E81) -> 564
A83: Total | E83: =E82 -> 564
A84: FIGURA INDICATIVA (SEM ESCALA)
A107: Levantamento - Subsolo
A108: Descrição | C108: Cálculo | E108: Unidade
A109: JOELHO 90º SOLDÁVEL E C/ BUCHA DE LATÃO Ø 25 mm | C109: PRJ-HDS F. 10/10 | E109: =2 -> 2
A110: VÁLVULA PARA MICTÓRIO INDIVIDUAL Ø 25 mm | C110: PRJ-HDS F. 10/10 | E110: =2 -> 2
A111: MICTÓRIO INDIVIDUAL | C111: PRJ-HDS F. 10/10 | E111: =2 -> 2
A112: JOELHO 90º ESGOTO C/ ANEL Ø 40 mm | C112: PRJ-HDS F. 10/10 | E112: =2 -> 2
A113: CURVA 90º ESGOTO C/ ANEL Ø 40 mm | C113: PRJ-HDS F. 10/10 | E113: =2 -> 2
A114: Subtotal | E114: =SUM(E109:E113) -> 10
A115: Total | E115: =E114 -> 10
A116: FIGURA INDICATIVA (SEM ESCALA)
A139: Levantamento - Subsolo
A140: Descrição | C140: Cálculo | E140: Unidade
A141: ADAPTADOR SOLDÁVEL CURTO C/ BOLSA E ROSCA P/ REGISTRO Ø 50 mm | C141: PRJ-HDS F. 10/10 | E141: 2
A142: ADAPTADOR SOLDÁVEL CURTO C/ BOLSA E ROSCA P/ REGISTRO Ø 60 mm | C142: PRJ-HDS F. 10/10 | E142: 2
A143: REGISTRO DE GAVETA Ø 50 mm | C143: PRJ-HDS F. 10/10 | E143: 1
A144: REGISTRO DE GAVETA Ø 60 mm | C144: PRJ-HDS F. 10/10 | E144: 1
A145: VÁLVULA DE DESCARGA DE BAIXA PRESSÃO Ø 50 mm | C145: PRJ-HDS F. 10/10 | E145: 6
A146: JOELHO 90º AZUL C/ ANEL DE VEDAÇÃO (38MM X 38MM) | C146: PRJ-HDS F. 10/10 | E146: 6
A147: CURVA CURTA 90º C/ ANEL DE VEDAÇÃO (∅100MM) | C147: PRJ-HDS F. 10/10 | E147: 6
A150: Subtotal | E150: =SUM(E141:E149) -> 24
A151: Total | E151: =E150 -> 24
A152: FIGURA INDICATIVA (SEM ESCALA)
A175: Levantamento - Subsolo
A176: Descrição | C176: Cálculo | E176: Unidade
A177: TORNEIRA P/ LAVATÓRIO Ø CONFORME PROJETO | C177: PRJ-HDS F. 10/10 | E177: 7
A178: JOELHO 90º SOLDÁVEL E C/ BUCHA DE LATÃO Ø 20 mm | C178: PRJ-HDS F. 10/10 | E178: 7
A179: ENGATE FLEXÍVEL P/ LAVATÓRIO (30CM) C/ NIPLE Ø 20 mm | C179: PRJ-HDS F. 10/10 | E179: 7
A180: VÁLVULA P/ LAVATÓRIO SEM LADRÃO | C180: PRJ-HDS F. 10/10 | E180: 7
A181: SIFÃO METÁLICO P/ LAVATÓRIO | C181: PRJ-HDS F. 10/10 | E181: 7
A182: JOELHO 90º ESGOTO C/ ANEL Ø 40 mm | C182: PRJ-HDS F. 10/10 | E182: 7
A183: CURVA 90º ESGOTO C/ ANEL Ø 40 mm | C183: PRJ-HDS F. 10/10 | E183: 7
A186: Subtotal | E186: =SUM(E177:E185) -> 49
A187: Total | E187: =E186 -> 49
A188: FIGURA INDICATIVA (SEM ESCALA)
A211: Levantamento - Subsolo
A212: Descrição | C212: Cálculo | E212: Unidade
A213: TORNEIRA BANCADA P/ PIA C/ BICA MÓVEL | C213: PRJ-HDS F. 10/10 | E213: 2
A214: JOELHO 90º SOLDÁVEL E C/ BUCHA DE LATÃO Ø 20 mm | C214: PRJ-HDS F. 10/10 | E214: 2
A215: JOELHO 90º ESGOTO C/ ANEL Ø 50MM | C215: PRJ-HDS F. 10/10 | E215: 2
A216: VÁLVULA p/ PIA | C216: PRJ-HDS F. 10/10 | E216: 2
A217: SIFÃO METÁLICO P/ PIA | C217: PRJ-HDS F. 10/10 | E217: 2
A218: ENGATE FLEXÍVEL P/ LAVATÓRIO (30CM) C/ NIPLE ∅1/2" | C218: PRJ-HDS F. 10/10 | E218: 2
A219: CURVA 90º ESGOTO C/ ANEL Ø 50 mm | C219: PRJ-HDS F. 10/10 | E219: 2
A222: Subtotal | E222: =SUM(E213:E221) -> 14
A223: Total | E223: =E222 -> 14
A224: FIGURA INDICATIVA (SEM ESCALA)
A247: Levantamento - Subsolo
A248: Descrição | C248: Cálculo | E248: Unidade
A249: ADAPTADOR SOLDÁVEL CURTO C/ BOLSA E ROSCA P/ REGISTRO Ø 25 mm | C249: PRJ-HDS F. 10/10 | E249: 4
A250: REGISTRO DE GAVETA Ø 25 mm | C250: PRJ-HDS F. 10/10 | E250: 2
A251: JOELHO 90º SOLDÁVEL E C/ BUCHA DE LATÃO Ø 25 mm | C251: PRJ-HDS F. 10/10 | E251: 4
A252: ENGATE FLEXÍVEL P/ BEBEDOURO (30CM) C/ NIPLE DE Ø 25 mm | C252: PRJ-HDS F. 10/10 | E252: 4
A253: JOELHO 90º - ESGOTO C/ANEL Ø 40MM | C253: PRJ-HDS F. 10/10 | E253: 4
A254: BUCHA DE REDUÇÃO PVC 40X25mm | C254: PRJ-HDS F. 10/10 | E254: 4
A257: Subtotal | E257: =SUM(E249:E256) -> 22
A258: Total | E258: =E257 -> 22
A259: FIGURA INDICATIVA (SEM ESCALA)
A363: Levantamento - Subsolo
A364: Descrição | C364: Cálculo | E364: Unidade
A365: Bebedouro kit | C365: PRJ-HDS F. 2/10 | E365: 2
A366: Pia de Cozinha Residencial | C366: PRJ-HDS F. 2/10 | E366: 1
A367: Lavatório Residencial | C367: PRJ-HDS F. 2/10 | E367: 6
A368: Lavatório Residencial PNE | C368: PRJ-HDS F. 2/10 | E368: 1
A369: Vaso Sanitário | C369: PRJ-HDS F. 2/10 | E369: 5
A370: Vaso Sanitário PNE | C370: PRJ-HDS F. 2/10 | E370: 1
A371: Mictório de Descarga Automática | C371: PRJ-HDS F. 2/10 | E371: 2
A372: Sifão | C372: PRJ-HDS F. 2/10 | E372: 9
A373: Caixa Sifonada Ø 40 x 50 MM - Esgoto | C373: PRJ-HDS F. 2/10 | E373: 5
A374: Joelho 45 Ø 40 MM - Esgoto | C374: PRJ-HDS F. 2/10 | E374: 2
A375: Joelho 90 Ø 40 MM - Esgoto | C375: PRJ-HDS F. 2/10 | E375: 24
A376: Junção simples Ø 40 x 40 MM | C376: PRJ-HDS F. 2/10 | E376: 2
...

Sheet MC LIMPO
A1: MEMÓRIA DE CÁLCULO
A3: TÍTULO | E3: PÁGINA
A4: MERCADO MUNICIPAL MUNICÍPIO DE SERRO - MG
E6: REV.
A9: Revestimento de alvenaria - Esteira de bambu em trama simples - m²
A10: FIGURA INDICATIVA (SEM ESCALA)
A33: Cálculo Montagem e desmontagem de fôrmas das escadas - m²
A34: Escada | B34: Tipo de Escada | C34: Cálculo | E34: Área - m²
A35: Escada 01 | B35: Reta | C35: especificações no projeto estrutural | E35: 10.54
A36: Escada 02 | B36: Reta | C36: especificações no projeto estrutural | E36: 18.56
A37: Escada 03 | B37: Em L | C37: especificações no projeto estrutural | E37: 10.01
A38: Escada 04 | B38: Reta | C38: especificações no projeto estrutural | E38: 9.75
A39: Subtotal | E39: =E37 -> 10.01
